Workbook
Name end_year: '[1]1.Setup'!$D$12
Name Rd: '[1]1.Setup'!$C$16
Name Re: '[1]1.Setup'!$C$17

Sheet Index
B2: FINANCIAL MODEL: TABLE OF CONTENTS
B3: VIETNAM DIAGNOSTIC SERVICE PROJECT
B5: Table of Contents | E5: Status
B7: 1 | C7: Key Assumptions | E7: Reviewed
B8: 2 | C8: 5-Year Projected Financial Performance | E8: Reviewed
B9: 3 | C9: Balance Sheets | E9: Reviewed
B10: 4 | C10: Investment Size and Capital Structure | E10: Reviewed
B11: 5 | C11: 5-Year Cashflow Forecast | E11: Reviewed
B13: APPENDICES TO THE MODEL
B14: 1 | C14: 5-Year Revenue Analysis | E14: Reviewed
B15: =B14+1 -> 2 | C15: 12 Month Revenue Analysis | E15: Reviewed
B16: =B15+1 -> 3 | C16: Market Service Fee Reference | E16: Reviewed
B17: =B16+1 -> 4 | C17: 12 Month Cash Flow Forecast | E17: Reviewed
B18: =B17+1 -> 5 | C18: 5-Year Capital Expenditure Forecast | E18: Reviewed
B19: =B18+1 -> 6 | C19: 12 Month Capital Expenditure Forecast | E19: Reviewed
B20: =B19+1 -> 7 | C20: Analysis of Pre-Operational Costs | E20: Reviewed
B21: =B20+1 -> 8 | C21: 5-Year Headcout Forecast | E21: Reviewed
B22: =B21+1 -> 9 | C22: 12 Month Headcount Forecast | E22: Reviewed
B23: =B22+1 -> 10 | C23: 5-Year Operating Expenses | E23: Reviewed
B24: =B23+1 -> 11 | C24: 12 Month Operating Expenses | E24: Reviewed
B26: This Model is prepared by StoxPlus Corporation for ABC. This Model is an integral part of and should be reviewed in conjunction with the Business Plan. Please email thuan.nguyen@stoxplus.com for any queries.

Sheet 1.Key Assumptions
B3: KEY ASSUMPTIONS
B4: VIETNAM DIAGNOSTIC SERVICE PROJECT
B6: Key Dates
B8: Pre-operational period: | E8: Jan - June 2013
B9: Full Operational Period | E9: 41456
B11: Project Specifications
B12: Mode of entry | F12: Greenfield
B13: Business model | F13: Polyclinic with 3 specialties: Internal Medicine, Surgery, Obstetrics/Gyneacology
B14: Focus | F14: Advanced Laboratory Services
F15: Advanced Imaging Diagnosis Services
B16: Location | F16: District 1
B18: FINANCIAL MANAGEMENT AND OTHER ASSUMPTIONS
B19: Require cash | D19: 0.025 | F19: Annual sales
B20: Debtors Days | D20: 15 | F20: Days
B21: Creditors Days | D21: 15 | F21: Days
B22: Prepayment | D22: 0.1 | F22: of Annual Operarating Expenses
B23: Cash reserve | D23: 1.5 | F23: Months of staff costs and operating expenses
B24: Target current ratio | D24: 1.5 | F24: Current assets/ current liabilities
B25: Leverage | D25: 1 | F25: Debt / Equity
B26: Effective Tax Rate | D26: 0.1 | F26: Per Annum
B28: Target Launch | D28: 41456

Sheet 2. 5-Yr Profit & Loss
B2: 5-YEAR PROFIT AND LOSS ACCOUNTS
B3: VIETNAM DIAGNOSTIC SERVICE PROJECT
I5: Unit: US$
E6: Year 1 | F6: Year 2 | G6: Year 3 | H6: Year 4 | I6: Year 5
E7: 41791 | F7: 42156 | G7: 42522 | H7: 42887 | I7: 43252
B9: I | C9: REVENUE
C10: Consultation | E10: ='App 1_5Yr Revenue'!E9 -> 554950.06 | F10: ='App 1_5Yr Revenue'!F9 -> 840749.33 | G10: ='App 1_5Yr Revenue'!G9 -> 1188819.6 | H10: ='App 1_5Yr Revenue'!H9 -> 1560920.1 | I10: ='App 1_5Yr Revenue'!I9 -> 2049488.1
C11: Laboratory Service | E11: ='App 1_5Yr Revenue'!E10 -> 3213328.6 | F11: ='App 1_5Yr Revenue'!F10 -> 6357868.5 | G11: ='App 1_5Yr Revenue'!G10 -> 8990026.1 | H11: ='App 1_5Yr Revenue'!H10 -> 11803904 | I11: ='App 1_5Yr Revenue'!I10 -> 15498526
C12: Diagnostic Imaging | E12: ='App 1_5Yr Revenue'!E11 -> 1180122.6 | F12: ='App 1_5Yr Revenue'!F11 -> 1787885.7 | G12: ='App 1_5Yr Revenue'!G11 -> 2528070.4 | H12: ='App 1_5Yr Revenue'!H11 -> 3319356.5 | I12: ='App 1_5Yr Revenue'!I11 -> 4358315
E14: =SUM(E10:E13) -> 4948401.2 | F14: =SUM(F10:F13) -> 8986503.6 | G14: =SUM(G10:G13) -> 12706916 | H14: =SUM(H10:H13) -> 16684181 | I14: =SUM(I10:I13) -> 21906329
B15: II | C15: KEY PATIENT DATA
C16: # Patients per Annum | E16: ='App 1_5Yr Revenue'!E37 -> 83540.869 | F16: ='App 1_5Yr Revenue'!F37 -> 125311.3 | G16: ='App 1_5Yr Revenue'!G37 -> 175435.82 | H16: ='App 1_5Yr Revenue'!H37 -> 228066.57 | I16: ='App 1_5Yr Revenue'!I37 -> 296486.54
C17: # Patients per Day | E17: =E16/300 -> 278.46956 | F17: =F16/300 -> 417.70434 | G17: =G16/300 -> 584.78608 | H17: =H16/300 -> 760.2219 | I17: =I16/300 -> 988.28848
C18: # of lab tests per patient | E18: ='App 1_5Yr Revenue'!E41 -> 7.1134973 | F18: ='App 1_5Yr Revenue'!F41 -> 9 | G18: ='App 1_5Yr Revenue'!G41 -> 9 | H18: ='App 1_5Yr Revenue'!H41 -> 9 | I18: ='App 1_5Yr Revenue'!I41 -> 9
C19: # of diagnostic tests per patient | E19: ='App 1_5Yr Revenue'!E42 -> 1.0390693 | F19: ='App 1_5Yr Revenue'!F42 -> 1.5 | G19: ='App 1_5Yr Revenue'!G42 -> 1.5 | H19: ='App 1_5Yr Revenue'!H42 -> 1.5 | I19: ='App 1_5Yr Revenue'!I42 -> 1.5
C20: Consultation Rate (USD) | E20: ='App 1_5Yr Revenue'!E43 -> 6.6428571 | F20: ='App 1_5Yr Revenue'!F43 -> 6.7092857 | G20: ='App 1_5Yr Revenue'!G43 -> 6.7763786 | H20: ='App 1_5Yr Revenue'!H43 -> 6.8441424 | I20: ='App 1_5Yr Revenue'!I43 -> 6.9125838
C21: Laboratory Testing Rate (USD) | E21: ='App 1_5Yr Revenue'!E44 -> 5.5815833 | F21: ='App 1_5Yr Revenue'!F44 -> 5.6373992 | G21: ='App 1_5Yr Revenue'!G44 -> 5.6937732 | H21: ='App 1_5Yr Revenue'!H44 -> 5.7507109 | I21: ='App 1_5Yr Revenue'!I44 -> 5.808218
C22: Diagnostic Imaging Rate (USD) | E22: ='App 1_5Yr Revenue'!E45 -> 13.595138 | F22: ='App 1_5Yr Revenue'!F45 -> 13.731089 | G22: ='App 1_5Yr Revenue'!G45 -> 13.8684 | H22: ='App 1_5Yr Revenue'!H45 -> 14.007084 | I22: ='App 1_5Yr Revenue'!I45 -> 14.147155
B24: III | C24: COST OF SALES
C25: Consultation | E25: =-E10*(1-E31) -> -194232.52 | F25: =-F10*(1-F31) -> -294262.27 | G25: =-G10*(1-G31) -> -416086.85 | H25: =-H10*(1-H31) -> -546322.03 | I25: =-I10*(1-I31) -> -717320.82
C26: Laboratory Service | E26: =-E11*(1-E32) -> -1124665 | F26: =-F11*(1-F32) -> -2225254 | G26: =-G11*(1-G32) -> -3146509.1 | H26: =-H11*(1-H32) -> -4131366.5 | I26: =-I11*(1-I32) -> -5424484.2
C27: Diagnostic Imaging | E27: =-E12*(1-E33) -> -413042.91 | F27: =-F12*(1-F33) -> -625760 | G27: =-G12*(1-G33) -> -884824.65 | H27: =-H12*(1-H33) -> -1161774.8 | I27: =-I12*(1-I33) -> -1525410.3
E29: =SUM(E25:E28) -> -1731940.4 | F29: =SUM(F25:F28) -> -3145276.2 | G29: =SUM(G25:G28) -> -4447420.6 | H29: =SUM(H25:H28) -> -5839463.3 | I29: =SUM(I25:I28) -> -7667215.3
C30: Gross margin :
C31: Consultation | E31: =1-COGS!$C$10 -> 0.65 | F31: =1-COGS!$C$10 -> 0.65 | G31: =1-COGS!$C$10 -> 0.65 | H31: =1-COGS!$C$10 -> 0.65 | I31: =1-COGS!$C$10 -> 0.65
C32: Laboratory Service | E32: =1-COGS!$C$10 -> 0.65 | F32: =1-COGS!$C$10 -> 0.65 | G32: =1-COGS!$C$10 -> 0.65 | H32: =1-COGS!$C$10 -> 0.65 | I32: =1-COGS!$C$10 -> 0.65
C33: Diagnostic Imaging | E33: =1-COGS!$C$10 -> 0.65 | F33: =1-COGS!$C$10 -> 0.65 | G33: =1-COGS!$C$10 -> 0.65 | H33: =1-COGS!$C$10 -> 0.65 | I33: =1-COGS!$C$10 -> 0.65
B35: IV | C35: GROSS PROFIT | E35: =E14+E29 -> 3216460.8 | F35: =F14+F29 -> 5841227.3 | G35: =G14+G29 -> 8259495.4 | H35: =H14+H29 -> 10844718 | I35: =I14+I29 -> 14239114
B37: V | C37: OPERATING EXPENSES
C38: Salary and staff benefits | E38: =-'App 8_5Yr Headcount'!L22 -> -928372.5 | F38: =-'App 8_5Yr Headcount'!M22 -> -999769.5 | G38: =-'App 8_5Yr Headcount'!N22 -> -1547938 | H38: =-'App 8_5Yr Headcount'!O22 -> -1647777.7 | I38: =-'App 8_5Yr Headcount'!P22 -> -1750391.3
C39: ='App 10_5Yr Op Exp'!B8 -> Administration | E39: =-'App 10_5Yr Op Exp'!E8 -> -73402.006 | F39: =-'App 10_5Yr Op Exp'!F8 -> -111316.52 | G39: =-'App 10_5Yr Op Exp'!G8 -> -144038.45 | H39: =-'App 10_5Yr Op Exp'!H8 -> -167379.17 | I39: =-'App 10_5Yr Op Exp'!I8 -> -196273.59
C40: ='App 10_5Yr Op Exp'!B9 -> Office Rent, Utilities& Supplies | E40: =-'App 10_5Yr Op Exp'!E9 -> -327414.01 | F40: =-'App 10_5Yr Op Exp'!F9 -> -374961.04 | G40: =-'App 10_5Yr Op Exp'!G9 -> -705043.54 | H40: =-'App 10_5Yr Op Exp'!H9 -> -757203.18 | I40: =-'App 10_5Yr Op Exp'!I9 -> -821683.17
C41: ='App 10_5Yr Op Exp'!B10 -> Marketing & Advertising | E41: =-'App 10_5Yr Op Exp'!E10 -> -97500 | F41: =-'App 10_5Yr Op Exp'!F10 -> -179730.07 | G41: =-'App 10_5Yr Op Exp'!G10 -> -254138.32 | H41: =-'App 10_5Yr Op Exp'!H10 -> -333683.62 | I41: =-'App 10_5Yr Op Exp'!I10 -> -438126.59
C42: ='App 10_5Yr Op Exp'!B11 -> Education & Training | E42: =-'App 10_5Yr Op Exp'!E11 -> -6850 | F42: =-'App 10_5Yr Op Exp'!F11 -> -7923.6 | G42: =-'App 10_5Yr Op Exp'!G11 -> -13633.404 | H42: =-'App 10_5Yr Op Exp'!H11 -> -14492.608 | I42: =-'App 10_5Yr Op Exp'!I11 -> -15381.229
C43: ='App 10_5Yr Op Exp'!B12 -> Maintenance | E43: =-'App 10_5Yr Op Exp'!E12 -> -362185.1 | F43: =-'App 10_5Yr Op Exp'!F12 -> -362185.1 | G43: =-'App 10_5Yr Op Exp'!G12 -> -342056.73 | H43: =-'App 10_5Yr Op Exp'!H12 -> -373202.93 | I43: =-'App 10_5Yr Op Exp'!I12 -> -299006.02
C44: ='App 10_5Yr Op Exp'!B13 -> Commission & Others | E44: =-'App 10_5Yr Op Exp'!E13 -> -117468.02 | F44: =-'App 10_5Yr Op Exp'!F13 -> -990780.94 | G44: =-'App 10_5Yr Op Exp'!G13 -> -1240626 | H44: =-'App 10_5Yr Op Exp'!H13 -> -1523655.1 | I44: =-'App 10_5Yr Op Exp'!I13 -> -1837646.1
E46: =SUM(E38:E45) -> -1913191.6 | F46: =SUM(F38:F45) -> -3026666.8 | G46: =SUM(G38:G45) -> -4247474.4 | H46: =SUM(H38:H45) -> -4817394.2 | I46: =SUM(I38:I45) -> -5358508
B48: VI | C48: EBITDA | E48: =E35+E46 -> 1303269.1 | F48: =F35+F46 -> 2814560.6 | G48: =G35+G46 -> 4012021 | H48: =H35+H46 -> 6027323.3 | I48: =I35+I46 -> 8880606
C50: Less: Depreciation | E50: ='App 5_5-Yr Capex'!D14 -> -1441955.8 | F50: ='App 5_5-Yr Capex'!E14 -> -1728132.5 | G50: ='App 5_5-Yr Capex'!F14 -> -2287958.4 | H50: ='App 5_5-Yr Capex'!G14 -> -2569102.5 | I50: ='App 5_5-Yr Capex'!H14 -> -2848058.3
B52: VII | C52: EBIT | E52: =E48+E50 -> -138686.67 | F52: =F48+F50 -> 1086428 | G52: =G48+G50 -> 1724062.6 | H52: =H48+H50 -> 3458220.8 | I52: =I48+I50 -> 6032547.7
C54: Less: Interest Expenses | E54: =-'4. Initial Inv''t Size'!H27 -> -149164.31 | F54: =-'4. Initial Inv''t Size'!I27 -> -134247.88 | G54: =-'4. Initial Inv''t Size'!J27 -> -119331.45 | H54: =-'4. Initial Inv''t Size'!K27 -> -104415.02 | I54: =-'4. Initial Inv''t Size'!L27 -> -89498.585
B56: VIII | C56: PROFIT BEFORE TAX | E56: =E52+E54 -> -287850.97 | F56: =F52+F54 -> 952180.16 | G56: =G52+G54 -> 1604731.1 | H56: =H52+H54 -> 3353805.8 | I56: =I52+I54 -> 5943049.1
C58: Less: Business income tax | E58: =E76 -> 0 | F58: =F76 -> 0 | G58: =G76 -> 0 | H58: =H76 -> 0 | I58: =I76 -> 594304.91
B60: IX | C60: NET PROFIT | E60: =E56+E58 -> -287850.97 | F60: =F56+F58 -> 952180.16 | G60: =G56+G58 -> 1604731.1 | H60: =H56+H58 -> 3353805.8 | I60: =I56+I58 -> 6537354.1
C62: Net margin % | E62: =E60/E14 -> -0.0581705 | F62: =F60/F14 -> 0.10595669 | G62: =G60/G14 -> 0.12628801 | H62: =H60/H14 -> 0.20101711 | I62: =I60/I14 -> 0.29842307
C64: Pay-out ratio | E64: 0 | F64: 0 | G64: 0 | H64: 0 | I64: 0
C66: Pay-out to shareholder | E66: =IF(E60<0,0,E60*E64) -> 0 | F66: =IF(F60<0,0,F60*F64) -> 0 | G66: =IF(G60<0,0,G60*G64) -> 0 | H66: =IF(H60<0,0,H60*H64) -> 0 | I66: =IF(I60<0,0,I60*I64) -> 0
C68: TAX COMPUTATION
C70: =C56 -> PROFIT BEFORE TAX | E70: =E56 -> -287850.97 | F70: =F56 -> 952180.16 | G70: =G56 -> 1604731.1 | H70: =H56 -> 3353805.8 | I70: =I56 -> 5943049.1
C72: TAXABLE INCOME | E72: =IF(E70<0,0,E70) -> 0 | F72: =IF(F70<0,0,F70) -> 952180.16 | G72: =IF(G70<0,0,G70) -> 1604731.1 | H72: =IF(H70<0,0,H70) -> 3353805.8 | I72: =IF(I70<0,0,I70) -> 5943049.1
C74: Tax Policy | E74: 0 | F74: 0 | G74: 0 | H74: 0 | I74: 0.1 | J74: By law, the business is exempted for the first 4 years and then 10%.
C76: Tax Expenses | E76: =E72*E74 -> 0 | F76: =F72*F74 -> 0 | G76: =G72*G74 -> 0 | H76: =H72*H74 -> 0 | I76: =I72*I74 -> 594304.91

Sheet 3. Balance sheets
B2: BALANCE SHEETS
B3: VIETNAM DIAGNOSTIC SERVICE PROJECT
I5: Unit: US$
E6: Year 1 | F6: Year 2 | G6: Year 3 | H6: Year 4 | I6: Year 5
E7: 41791 | F7: 42156 | G7: 42522 | H7: 42887 | I7: 43252
B9: Cash on hand | E9: ='1.Key Assumptions'!$D19*'2. 5-Yr Profit & Loss'!E14 -> 123710.03 | F9: ='1.Key Assumptions'!$D19*'2. 5-Yr Profit & Loss'!F14 -> 224662.59 | G9: ='1.Key Assumptions'!$D19*'2. 5-Yr Profit & Loss'!G14 -> 317672.9 | H9: ='1.Key Assumptions'!$D19*'2. 5-Yr Profit & Loss'!H14 -> 417104.52 | I9: ='1.Key Assumptions'!$D19*'2. 5-Yr Profit & Loss'!I14 -> 547658.23
B10: Excess cash | E10: =IF('5. 5-Yr Cashflow'!E37<0,0,'5. 5-Yr Cashflow'!E37) -> 0 | F10: =IF('5. 5-Yr Cashflow'!F37<0,0,'5. 5-Yr Cashflow'!F37) -> 0 | G10: =IF('5. 5-Yr Cashflow'!G37<0,0,'5. 5-Yr Cashflow'!G37) -> 214203.85 | H10: =IF('5. 5-Yr Cashflow'!H37<0,0,'5. 5-Yr Cashflow'!H37) -> 3961457.5 | I10: =IF('5. 5-Yr Cashflow'!I37<0,0,'5. 5-Yr Cashflow'!I37) -> 11019405
B11: Trade Debtors | E11: ='2. 5-Yr Profit & Loss'!E14/365*'1.Key Assumptions'!$D$20 -> 203358.95 | F11: ='2. 5-Yr Profit & Loss'!F14/365*'1.Key Assumptions'!$D$20 -> 369308.37 | G11: ='2. 5-Yr Profit & Loss'!G14/365*'1.Key Assumptions'!$D$20 -> 522202.03 | H11: ='2. 5-Yr Profit & Loss'!H14/365*'1.Key Assumptions'!$D$20 -> 685651.26 | I11: ='2. 5-Yr Profit & Loss'!I14/365*'1.Key Assumptions'!$D$20 -> 900260.11
B12: Prepayment and others | E12: =-'2. 5-Yr Profit & Loss'!E$40*6/12 -> 163707.01 | F12: =-'2. 5-Yr Profit & Loss'!F$40*6/12 -> 187480.52 | G12: =-'2. 5-Yr Profit & Loss'!G$40*6/12 -> 352521.77 | H12: =-'2. 5-Yr Profit & Loss'!H$40*6/12 -> 378601.59 | I12: =-'2. 5-Yr Profit & Loss'!I$40*6/12 -> 410841.58
B13: Inventory | E13: ='2. 5-Yr Profit & Loss'!E14*5% -> 247420.06 | F13: ='2. 5-Yr Profit & Loss'!F14*5% -> 449325.18 | G13: ='2. 5-Yr Profit & Loss'!G14*5% -> 635345.8 | H13: ='2. 5-Yr Profit & Loss'!H14*5% -> 834209.04 | I13: ='2. 5-Yr Profit & Loss'!I14*5% -> 1095316.5
B15: CURRENT ASSETS | E15: =SUM(E9:E13) -> 738196.05 | F15: =SUM(F9:F13) -> 1230776.7 | G15: =SUM(G9:G13) -> 2041946.4 | H15: =SUM(H9:H13) -> 6277023.9 | I15: =SUM(I9:I13) -> 13973481
B17: Fixed assets | E17: ='App 5_5-Yr Capex'!D12 -> 7075302 | F17: ='App 5_5-Yr Capex'!E12 -> 8490362.4 | G17: ='App 5_5-Yr Capex'!F12 -> 11262762 | H17: ='App 5_5-Yr Capex'!G12 -> 12677822 | I17: ='App 5_5-Yr Capex'!H12 -> 14092883
B18: Accumulated Depreciation | E18: ='App 5_5-Yr Capex'!D15 -> -1441955.8 | F18: ='App 5_5-Yr Capex'!E15 -> -3170088.3 | G18: ='App 5_5-Yr Capex'!F15 -> -5458046.8 | H18: ='App 5_5-Yr Capex'!G15 -> -8027149.2 | I18: ='App 5_5-Yr Capex'!H15 -> -10875208
B20: NON CURRENT ASSETS | E20: =SUM(E17:E18) -> 5633346.2 | F20: =SUM(F17:F18) -> 5320274.1 | G20: =SUM(G17:G18) -> 5804715 | H20: =SUM(H17:H18) -> 4650673 | I20: =SUM(I17:I18) -> 3217675
B22: TOTAL ASSETS | E22: =E20+E15 -> 6371542.2 | F22: =F20+F15 -> 6551050.7 | G22: =G20+G15 -> 7846661.4 | H22: =H20+H15 -> 10927697 | I22: =I20+I15 -> 17191156
B24: Revolving | E24: =IF('5. 5-Yr Cashflow'!E37>0,0,-'5. 5-Yr Cashflow'!E37) -> 594325.59 | F24: =IF('5. 5-Yr Cashflow'!F37>0,0,-'5. 5-Yr Cashflow'!F37) -> 72695.089 | G24: =IF('5. 5-Yr Cashflow'!G37>0,0,-'5. 5-Yr Cashflow'!G37) -> 0 | H24: =IF('5. 5-Yr Cashflow'!H37>0,0,-'5. 5-Yr Cashflow'!H37) -> 0 | I24: =IF('5. 5-Yr Cashflow'!I37>0,0,-'5. 5-Yr Cashflow'!I37) -> 0
B25: Trade Creditors and Accruals | E25: =-SUM('2. 5-Yr Profit & Loss'!E$39:E$44)/365*'1.Key Assumptions'!$D$21 -> 40472.02 | F25: =-SUM('2. 5-Yr Profit & Loss'!F$39:F$44)/365*'1.Key Assumptions'!$D$21 -> 83297.148 | G25: =-SUM('2. 5-Yr Profit & Loss'!G$39:G$44)/365*'1.Key Assumptions'!$D$21 -> 110939.85 | H25: =-SUM('2. 5-Yr Profit & Loss'!H$39:H$44)/365*'1.Key Assumptions'!$D$21 -> 130258.21 | I25: =-SUM('2. 5-Yr Profit & Loss'!I$39:I$44)/365*'1.Key Assumptions'!$D$21 -> 148278.77
B26: Personal Tax Social Insurance Payable | E26: ='App 8_5Yr Headcount'!L22*'App 9_Yr1 Headcount'!$F$53/12*3 -> 58023.281 | F26: ='App 8_5Yr Headcount'!M22*'App 9_Yr1 Headcount'!$F$53/12*3 -> 62485.594 | G26: ='App 8_5Yr Headcount'!N22*'App 9_Yr1 Headcount'!$F$53/12*3 -> 96746.123 | H26: ='App 8_5Yr Headcount'!O22*'App 9_Yr1 Headcount'!$F$53/12*3 -> 102986.1 | I26: ='App 8_5Yr Headcount'!P22*'App 9_Yr1 Headcount'!$F$53/12*3 -> 109399.46
B27: CURRENT LIABILITIES | E27: =SUM(E24:E26) -> 692820.89 | F27: =SUM(F24:F26) -> 218477.83 | G27: =SUM(G24:G26) -> 207685.98 | H27: =SUM(H24:H26) -> 233244.32 | I27: =SUM(I24:I26) -> 257678.23
B29: Long term Bank Loan | E29: ='4. Initial Inv''t Size'!H23 -> 2983286.2 | F29: ='4. Initial Inv''t Size'!I23 -> 2684957.5 | G29: ='4. Initial Inv''t Size'!J23 -> 2386628.9 | H29: ='4. Initial Inv''t Size'!K23 -> 2088300.3 | I29: ='4. Initial Inv''t Size'!L23 -> 1789971.7
B31: LONG TERM LIABILITIES | E31: =SUM(E29:E30) -> 2983286.2 | F31: =SUM(F29:F30) -> 2684957.5 | G31: =SUM(G29:G30) -> 2386628.9 | H31: =SUM(H29:H30) -> 2088300.3 | I31: =SUM(I29:I30) -> 1789971.7
B33: Common Shares | E33: ='4. Initial Inv''t Size'!H13 -> 2983286.2 | F33: ='4. Initial Inv''t Size'!I13 -> 2983286.2 | G33: ='4. Initial Inv''t Size'!J13 -> 2983286.2 | H33: ='4. Initial Inv''t Size'!K13 -> 2983286.2 | I33: ='4. Initial Inv''t Size'!L13 -> 2983286.2
B34: Retained Earnings | E34: =D34+'2. 5-Yr Profit & Loss'!E60-'2. 5-Yr Profit & Loss'!E66 -> -287850.97 | F34: =E34+'2. 5-Yr Profit & Loss'!F60-'2. 5-Yr Profit & Loss'!F66 -> 664329.18 | G34: =F34+'2. 5-Yr Profit & Loss'!G60-'2. 5-Yr Profit & Loss'!G66 -> 2269060.3 | H34: =G34+'2. 5-Yr Profit & Loss'!H60-'2. 5-Yr Profit & Loss'!H66 -> 5622866.1 | I34: =H34+'2. 5-Yr Profit & Loss'!I60-'2. 5-Yr Profit & Loss'!I66 -> 12160220
B35: SHAREHOLDERS FUND | E35: =SUM(E33:E34) -> 2695435.2 | F35: =SUM(F33:F34) -> 3647615.3 | G35: =SUM(G33:G34) -> 5252346.5 | H35: =SUM(H33:H34) -> 8606152.2 | I35: =SUM(I33:I34) -> 15143506
B37: TOTAL LIABILITIES AND SHAREHOLDERS FUND | E37: =E27+E31+E35 -> 6371542.2 | F37: =F27+F31+F35 -> 6551050.7 | G37: =G27+G31+G35 -> 7846661.4 | H37: =H27+H31+H35 -> 10927697 | I37: =I27+I31+I35 -> 17191156
B39: Checked | E39: =E37-E22 -> 0 | F39: =F37-F22 -> 0 | G39: =G37-G22 -> 0 | H39: =H37-H22 -> 0 | I39: =I37-I22 -> 0

Sheet 5. 5-Yr Cashflow
B1: 5 Year Capex & Cash flow forecast
B2: VIETNAM DIAGNOSTIC SERVICE PROJECT
B5: Cashflow
E6: Year 1 | F6: Year 2 | G6: Year 3 | H6: Year 4 | I6: Year 5
E7: 41821 | F7: 42186 | G7: 42552 | H7: 42917 | I7: 43282
B8: Operating Activities
B9: Net Profit | E9: ='2. 5-Yr Profit & Loss'!E60 -> -287850.97 | F9: ='2. 5-Yr Profit & Loss'!F60 -> 952180.16 | G9: ='2. 5-Yr Profit & Loss'!G60 -> 1604731.1 | H9: ='2. 5-Yr Profit & Loss'!H60 -> 3353805.8 | I9: ='2. 5-Yr Profit & Loss'!I60 -> 6537354.1
B10: Add: Interest Charges | E10: =-'2. 5-Yr Profit & Loss'!E54 -> 149164.31 | F10: =-'2. 5-Yr Profit & Loss'!F54 -> 134247.88 | G10: =-'2. 5-Yr Profit & Loss'!G54 -> 119331.45 | H10: =-'2. 5-Yr Profit & Loss'!H54 -> 104415.02 | I10: =-'2. 5-Yr Profit & Loss'!I54 -> 89498.585
B11: Add back: Depreciation and Amortisation | E11: =-('3. Balance sheets'!E18-'3. Balance sheets'!D18) -> 1441955.8 | F11: =-('3. Balance sheets'!F18-'3. Balance sheets'!E18) -> 1728132.5 | G11: =-('3. Balance sheets'!G18-'3. Balance sheets'!F18) -> 2287958.4 | H11: =-('3. Balance sheets'!H18-'3. Balance sheets'!G18) -> 2569102.5 | I11: =-('3. Balance sheets'!I18-'3. Balance sheets'!H18) -> 2848058.3
B12: Cash before working capital adjustments | E12: =SUM(E9:E11) -> 1303269.1 | F12: =SUM(F9:F11) -> 2814560.6 | G12: =SUM(G9:G11) -> 4012021 | H12: =SUM(H9:H11) -> 6027323.3 | I12: =SUM(I9:I11) -> 9474910.9
B14: Increase in inventory | E14: =-('3. Balance sheets'!E13-'3. Balance sheets'!D13) -> -247420.06 | F14: =-('3. Balance sheets'!F13-'3. Balance sheets'!E13) -> -201905.12 | G14: =-('3. Balance sheets'!G13-'3. Balance sheets'!F13) -> -186020.62 | H14: =-('3. Balance sheets'!H13-'3. Balance sheets'!G13) -> -198863.24 | I14: =-('3. Balance sheets'!I13-'3. Balance sheets'!H13) -> -261107.43
B15: Increase in Trade Creditors | E15: ='3. Balance sheets'!E25-'3. Balance sheets'!D25 -> 40472.02 | F15: ='3. Balance sheets'!F25-'3. Balance sheets'!E25 -> 42825.128 | G15: ='3. Balance sheets'!G25-'3. Balance sheets'!F25 -> 27642.706 | H15: ='3. Balance sheets'!H25-'3. Balance sheets'!G25 -> 19318.361 | I15: ='3. Balance sheets'!I25-'3. Balance sheets'!H25 -> 18020.556
B16: Increase in Trade Debtors & Prepayments | E16: =-(SUM('3. Balance sheets'!E11:E12)-SUM('3. Balance sheets'!D11:D12)) -> -367065.96 | F16: =-(SUM('3. Balance sheets'!F11:F12)-SUM('3. Balance sheets'!E11:E12)) -> -189722.92 | G16: =-(SUM('3. Balance sheets'!G11:G12)-SUM('3. Balance sheets'!F11:F12)) -> -317934.92 | H16: =-(SUM('3. Balance sheets'!H11:H12)-SUM('3. Balance sheets'!G11:G12)) -> -189529.06 | I16: =-(SUM('3. Balance sheets'!I11:I12)-SUM('3. Balance sheets'!H11:H12)) -> -246848.84
B17: Increase in Social Insurance | E17: =('3. Balance sheets'!E26-'3. Balance sheets'!D26) -> 58023.281 | F17: =('3. Balance sheets'!F26-'3. Balance sheets'!E26) -> 4462.3125 | G17: =('3. Balance sheets'!G26-'3. Balance sheets'!F26) -> 34260.53 | H17: =('3. Balance sheets'!H26-'3. Balance sheets'!G26) -> 6239.9817 | I17: =('3. Balance sheets'!I26-'3. Balance sheets'!H26) -> 6413.3514
B18: NET CASH FROM OPERATION | E18: =SUM(E12:E17) -> 787278.42 | F18: =SUM(F12:F17) -> 2470220 | G18: =SUM(G12:G17) -> 3569968.7 | H18: =SUM(H12:H17) -> 5664489.3 | I18: =SUM(I12:I17) -> 8991388.6
B20: Investing Activities
B21: Fixed asset investment | E21: =-'App 5_5-Yr Capex'!D10 -> -7075302 | F21: =-'App 5_5-Yr Capex'!E10 -> -1415060.4 | G21: =-'App 5_5-Yr Capex'!F10 -> -2772399.4 | H21: =-'App 5_5-Yr Capex'!G10 -> -1415060.4 | I21: =-'App 5_5-Yr Capex'!H10 -> -1415060.4
B22: NET CASH USED IN INVESTING | E22: =SUM(E21:E21) -> -7075302 | F22: =SUM(F21:F21) -> -1415060.4 | G22: =SUM(G21:G21) -> -2772399.4 | H22: =SUM(H21:H21) -> -1415060.4 | I22: =SUM(I21:I21) -> -1415060.4
B24: Financing Activities
B25: Interest payment | E25: ='2. 5-Yr Profit & Loss'!E54 -> -149164.31 | F25: ='2. 5-Yr Profit & Loss'!F54 -> -134247.88 | G25: ='2. 5-Yr Profit & Loss'!G54 -> -119331.45 | H25: ='2. 5-Yr Profit & Loss'!H54 -> -104415.02 | I25: ='2. 5-Yr Profit & Loss'!I54 -> -89498.585
B26: Issue of new LT loan | E26: ='4. Initial Inv''t Size'!H11 -> 2983286.2 | F26: ='4. Initial Inv''t Size'!I11 -> 0 | G26: ='4. Initial Inv''t Size'!J11 -> 0 | H26: ='4. Initial Inv''t Size'!K11 -> 0 | I26: ='4. Initial Inv''t Size'!L11 -> 0
B27: Repayment of LT Bank loan | D27: 0 | E27: ='4. Initial Inv''t Size'!H22 -> 0 | F27: ='4. Initial Inv''t Size'!I22 -> -298328.62 | G27: ='4. Initial Inv''t Size'!J22 -> -298328.62 | H27: ='4. Initial Inv''t Size'!K22 -> -298328.62 | I27: ='4. Initial Inv''t Size'!L22 -> -298328.62
B28: Issue of Common Stock | D28: 0 | E28: ='4. Initial Inv''t Size'!H11 -> 2983286.2 | F28: ='4. Initial Inv''t Size'!I11 -> 0 | G28: ='4. Initial Inv''t Size'!J11 -> 0 | H28: ='4. Initial Inv''t Size'!K11 -> 0 | I28: ='4. Initial Inv''t Size'!L11 -> 0
B29: Payout to shareholder | E29: ='2. 5-Yr Profit & Loss'!E66 -> 0 | F29: ='2. 5-Yr Profit & Loss'!F66 -> 0 | G29: ='2. 5-Yr Profit & Loss'!G66 -> 0 | H29: ='2. 5-Yr Profit & Loss'!H66 -> 0 | I29: ='2. 5-Yr Profit & Loss'!I66 -> 0
B30: NET CASH RAISED FROM FINANCING | E30: =SUM(E25:E28) -> 5817408 | F30: =SUM(F25:F28) -> -432576.49 | G30: =SUM(G25:G28) -> -417660.06 | H30: =SUM(H25:H28) -> -402743.63 | I30: =SUM(I25:I28) -> -387827.2
B32: NET CASH | E32: =SUM(E30,E22,E18) -> -470615.56 | F32: =SUM(F30,F22,F18) -> 622583.06 | G32: =SUM(G30,G22,G18) -> 379909.25 | H32: =SUM(H30,H22,H18) -> 3846685.3 | I32: =SUM(I30,I22,I18) -> 7188501
B33: OPENING BALANCE | E33: =C34 -> 0 | F33: =E34 -> -470615.56 | G33: =F34 -> 151967.5 | H33: =G34 -> 531876.75 | I33: =H34 -> 4378562
B34: CLOSING BALANCE BEFORE SHORT TERM REVOLVING | E34: =E32+E33 -> -470615.56 | F34: =F32+F33 -> 151967.5 | G34: =G32+G33 -> 531876.75 | H34: =H32+H33 -> 4378562 | I34: =I32+I33 -> 11567063
B36: Requires cash | E36: ='1.Key Assumptions'!$D19*'2. 5-Yr Profit & Loss'!E14 -> 123710.03 | F36: ='1.Key Assumptions'!$D19*'2. 5-Yr Profit & Loss'!F14 -> 224662.59 | G36: ='1.Key Assumptions'!$D19*'2. 5-Yr Profit & Loss'!G14 -> 317672.9 | H36: ='1.Key Assumptions'!$D19*'2. 5-Yr Profit & Loss'!H14 -> 417104.52 | I36: ='1.Key Assumptions'!$D19*'2. 5-Yr Profit & Loss'!I14 -> 547658.23
B37: Cash revolving/Excess | E37: =E34-E36 -> -594325.59 | F37: =F34-F36 -> -72695.089 | G37: =G34-G36 -> 214203.85 | H37: =H34-H36 -> 3961457.5 | I37: =I34-I36 -> 11019405

Sheet 4. Initial Inv't Size
B2: INVESTMENT SIZE
B3: VIETNAM DIAGNOSTIC SERVICE PROJECT
G6: Equity
D7: US$ | H7: Year 1 | I7: Year 2 | J7: Year 3 | K7: Year 4 | L7: Year 5
H8: 41821 | I8: 42186 | J8: 42552 | K8: 42917 | L8: 43282
B10: CAPITAL EXPENDITURES | D10: ='App 6_Yr 1 Capex'!E21 -> 7243702 | E10: Year 1 Capex only | G10: Opening balance | H10: 0 | I10: =H13 -> 2983286.2 | J10: =I13 -> 2983286.2 | K10: =J13 -> 2983286.2 | L10: =K13 -> 2983286.2
B11: OPERATING EXPENSES | D11: ='App 11_Yr1 Op Exp'!D14 -> 984819.14 | E11: for the first 12 months | G11: New issuance | H11: =D19 -> 2983286.2 | I11: 0 | J11: 0 | K11: 0 | L11: 0
B12: PAYROLL | D12: ='App 8_5Yr Headcount'!L22 -> 928372.5 | E12: for the first 12 months | G12: Withdral | I12: 0 | J12: 0 | K12: 0 | L12: 0
B13: SALES (30 DAYS COLLECTION) | D13: =-SUM('App 2_12M Revenue'!F12:P12) -> -3509186.6 | G13: Closing balance | H13: =H10+H11+H12 -> 2983286.2 | I13: =I10+I11+I12 -> 2983286.2 | J13: =J10+J11+J12 -> 2983286.2 | K13: =K10+K11+K12 -> 2983286.2 | L13: =L10+L11+L12 -> 2983286.2
B14: CASH RESERVES FOR TWO MONTH EXPENSES | D14: =(D11+D12)/12*2 -> 318865.27
D15: =SUM(D10:D14) -> 5966572.3
B17: FINANCING | G17: LONG TERM LOAN
B18: Target Debt/Total Investment | D18: 0.5 | H18: Year 1 | I18: Year 2 | J18: Year 3 | K18: Year 4 | L18: Year 5
B19: Owner's equity | D19: =D15*D18 -> 2983286.2 | H19: 41821 | I19: 42186 | J19: 42552 | K19: 42917 | L19: 43282
B20: Borrowings | D20: =D15-D19 -> 2983286.2 | E20: equipment finance leased | G20: Opening balance | H20: 0 | I20: =H23 -> 2983286.2 | J20: =I23 -> 2684957.5 | K20: =J23 -> 2386628.9 | L20: =K23 -> 2088300.3
D21: =SUM(D19:D20) -> 5966572.3 | G21: New borrowings | H21: =D20 -> 2983286.2
G22: Repayments | H22: 0 | I22: =-$H$34 -> -298328.62 | J22: =-$H$34 -> -298328.62 | K22: =-$H$34 -> -298328.62 | L22: =-$H$34 -> -298328.62
G23: Closing balance | H23: =SUM(H20:H22) -> 2983286.2 | I23: =SUM(I20:I22) -> 2684957.5 | J23: =SUM(J20:J22) -> 2386628.9 | K23: =SUM(K20:K22) -> 2088300.3 | L23: =SUM(L20:L22) -> 1789971.7
G25: Average interest rate | H25: 0.05 | I25: 0.05 | J25: 0.05 | K25: 0.05 | L25: 0.05 | M25: LIBOR + 2%
G27: Interest expenses | H27: =H23*H25 -> 149164.31 | I27: =I23*I25 -> 134247.88 | J27: =J23*J25 -> 119331.45 | K27: =K23*K25 -> 104415.02 | L27: =L23*L25 -> 89498.585
G31: Initial Amount: | H31: =D20 -> 2983286.2
G32: Period in years | H32: 10
G33: Annual interest | H33: 0.05
G34: PMT | H34: =H31/H32 -> 298328.62

Sheet App 1_5Yr Revenue
B2: APPENDIX 1: KEY ASSUMPTIONS
B3: VIETNAM DIAGNOSTIC SERVICE PROJECT
B5: YEAR 1 REVENUE PROJECTION | H5: Unit: US$
E6: Year 1 | F6: Year 2 | G6: Year 3 | H6: Year 4 | I6: Year 5
E7: 41821 | F7: 42186 | G7: 42552 | H7: 42917 | I7: 43282
B9: Consultation | E9: ='App 2_12M Revenue'!R8 -> 554950.06 | F9: =F28*F43 -> 840749.33 | G9: =G28*G43 -> 1188819.6 | H9: =H28*H43 -> 1560920.1 | I9: =I28*I43 -> 2049488.1
B10: Laboratory Service | E10: ='App 2_12M Revenue'!R9 -> 3213328.6 | F10: =F29*F44 -> 6357868.5 | G10: =G29*G44 -> 8990026.1 | H10: =H29*H44 -> 11803904 | I10: =I29*I44 -> 15498526
B11: Diagnostic Imaging | E11: ='App 2_12M Revenue'!R10 -> 1180122.6 | F11: =F30*F45 -> 1787885.7 | G11: =G30*G45 -> 2528070.4 | H11: =H30*H45 -> 3319356.5 | I11: =I30*I45 -> 4358315
E13: =SUM(E9:E11) -> 4948401.2 | F13: =SUM(F9:F11) -> 8986503.6 | G13: =SUM(G9:G11) -> 12706916 | H13: =SUM(H9:H11) -> 16684181 | I13: =SUM(I9:I11) -> 21906329 | J13: In Year 5, the business will be the same size with Medic in NOW!.
B14: Revenue Growth % | F14: =F13/E13-1 -> 0.81604183 | G14: =G13/F13-1 -> 0.414 | H14: =H13/G13-1 -> 0.313 | I14: =I13/H13-1 -> 0.313
B16: ASSUMPTION OF REVENUE FROM REFERRAL | I16: Unit: US$
E17: Year 1 | F17: Year 2 | G17: Year 3 | H17: Year 4 | I17: Year 5
E18: 41821 | F18: 42186 | G18: 42552 | H18: 42917 | I18: 43282
B20: % referred patients | E20: 0.05 | F20: =E20+0.05 -> 0.1 | G20: =F20+0.05 -> 0.15 | H20: =G20+0.05 -> 0.2 | I20: =H20+0.05 -> 0.25
B21: # referred patients | E21: =E28*E20 -> 4177.0434 | F21: =F28*F20 -> 12531.13 | G21: =G28*G20 -> 26315.374 | H21: =H28*H20 -> 45613.314 | I21: =I28*I20 -> 74121.636
B22: Revenue from referred patients | E22: =E21*E46 -> 247420.06 | F22: =F21*F46 -> 898650.36 | G22: =G21*G46 -> 1906037.4 | H22: =H21*H46 -> 3336836.2 | I22: =I21*I46 -> 5476582.3
B24: PATIENT DATA INPUTS
D25: Unit | E25: Year 1 | F25: Year 2 | G25: Year 3 | H25: Year 4 | I25: Year 5
E26: 41821 | F26: 42186 | G26: 42552 | H26: 42917 | I26: 43282
B28: Consultation | D28: Patient | E28: ='App 2_12M Revenue'!R43 -> 83540.869 | F28: =E28*(1+F40) -> 125311.3 | G28: =F28*(1+G40) -> 175435.82 | H28: =G28*(1+H40) -> 228066.57 | I28: =H28*(1+I40) -> 296486.54
B29: Laboratory Service | D29: Test | E29: ='App 2_12M Revenue'!R96 -> 575701.98 | F29: =F28*F41 -> 1127801.7 | G29: =G28*G41 -> 1578922.4 | H29: =H28*H41 -> 2052599.1 | I29: =I28*I41 -> 2668378.9
B30: Diagnostic Imaging | D30: Test | E30: ='App 2_12M Revenue'!R135 -> 86804.753 | F30: =F28*$E$42 -> 130207.13 | G30: =G28*$E$42 -> 182289.98 | H30: =H28*$E$42 -> 236976.97 | I30: =I28*$E$42 -> 308070.07
B33: Patient growth
D34: Unit | E34: Year 1 | F34: Year 2 | G34: Year 3 | H34: Year 4 | I34: Year 5
E35: 41821 | F35: 42186 | G35: 42552 | H35: 42917 | I35: 43282
B37: Total patients | D37: Patient | E37: ='App 2_12M Revenue'!R32 -> 83540.869 | F37: =E37*(1+F40) -> 125311.3 | G37: =F37*(1+G40) -> 175435.82 | H37: =G37*(1+H40) -> 228066.57 | I37: =H37*(1+I40) -> 296486.54 | J37: In Year 5, the business will be the same size with Medic in 2002.
B38: Business days per year | D38: Day | E38: =52*6-12 -> 300 | F38: =52*6-12 -> 300 | G38: =52*6-12 -> 300 | H38: =52*6-12 -> 300 | I38: =52*6-12 -> 300
B39: # Patients per Annum | D39: Patient | E39: =E37/E38 -> 278.46956 | F39: =F37/F38 -> 417.70434 | G39: =G37/G38 -> 584.78608 | H39: =H37/H38 -> 760.2219 | I39: =I37/I38 -> 988.28848
B40: Patient Growth | D40: % | F40: 0.5 | G40: =F40-0.1 -> 0.4 | H40: 0.3 | I40: 0.3
B41: Average # of lab tests per patient | D41: Test | E41: ='App 2_12M Revenue'!F37 -> 7.1134973 | F41: 9 | G41: =F41 -> 9 | H41: =G41 -> 9 | I41: =H41 -> 9
B42: Average # of diagnostic tests per patient | D42: Test | E42: =E30/E28 -> 1.0390693 | F42: 1.5 | G42: =F42 -> 1.5 | H42: =G42 -> 1.5 | I42: =H42 -> 1.5
B43: Consultation Rate | D43: US$ | E43: =E9/E28 -> 6.6428571 | F43: =E43*(1+F$48) -> 6.7092857 | G43: =F43*(1+G$48) -> 6.7763786 | H43: =G43*(1+H$48) -> 6.8441424 | I43: =H43*(1+I$48) -> 6.9125838
B44: Laboratory Testing Rate | D44: US$ | E44: =E10/E29 -> 5.5815833 | F44: =E44*(1+F$48) -> 5.6373992 | G44: =F44*(1+G$48) -> 5.6937732 | H44: =G44*(1+H$48) -> 5.7507109 | I44: =H44*(1+I$48) -> 5.808218
B45: Diagnostic Imaging Rate | D45: US$ | E45: =E11/E30 -> 13.595138 | F45: =E45*(1+F$48) -> 13.731089 | G45: =F45*(1+G$48) -> 13.8684 | H45: =G45*(1+H$48) -> 14.007084 | I45: =H45*(1+I$48) -> 14.147155
B46: Average Revenue per patient | D46: US$ | E46: =E13/E28 -> 59.233299 | F46: =F13/F28 -> 71.713432 | G46: =G13/G28 -> 72.430566 | H46: =H13/H28 -> 73.154872 | I46: =I13/I28 -> 73.88642
B48: Annual Price Increase (USD term) | F48: 0.01 | G48: =F48 -> 0.01 | H48: =G48 -> 0.01 | I48: =H48 -> 0.01 | J48: Price Inflation rate!

Sheet App 2_12M Revenue
B2: APPENDIX 2: KEY ASSUMPTIONS
B3: VIETNAM DIAGNOSTIC SERVICE PROJECT
B5: YEAR 1 REVENUE PROJECTION | Q5: Unit: US$
F6: 41456 | G6: 41487 | H6: 41518 | I6: 41548 | J6: 41579 | K6: 41609 | L6: 41640 | M6: 41671 | N6: 41699 | O6: 41730 | P6: 41760 | Q6: 41791 | R6: Total Yr 1
B8: Consultation | F8: =F46 -> 3985.7143 | G8: =G46 -> 5580 | H8: =H46 -> 7812 | I8: =I46 -> 10936.8 | J8: =J46 -> 15311.52 | K8: =K46 -> 21436.128 | L8: =L46 -> 30010.579 | M8: =M46 -> 42014.811 | ... Q8: =Q46 -> 161404.1 | R8: =SUM(F8:Q8) -> 554950.06
B9: Laboratory Testing | F9: =F63 -> 23078.49 | G9: =G63 -> 32309.887 | H9: =H63 -> 45233.841 | I9: =I63 -> 63327.378 | J9: =J63 -> 88658.329 | K9: =K63 -> 124121.66 | L9: =L63 -> 173770.32 | M9: =M63 -> 243278.45 | ... Q9: =Q63 -> 934578.51 | R9: =SUM(F9:Q9) -> 3213328.6
B10: Diagnostic Imaging | F10: =F110 -> 8475.7744 | G10: =G110 -> 11866.084 | H10: =H110 -> 16612.518 | I10: =I110 -> 23257.525 | J10: =J110 -> 32560.535 | K10: =K110 -> 45584.749 | L10: =L110 -> 63818.649 | M10: =M110 -> 89346.108 | ... Q10: =Q110 -> 343232.01 | R10: =SUM(F10:Q10) -> 1180122.6
F12: =SUM(F8:F10) -> 35539.979 | G12: =SUM(G8:G10) -> 49755.971 | H12: =SUM(H8:H10) -> 69658.359 | I12: =SUM(I8:I10) -> 97521.703 | J12: =SUM(J8:J10) -> 136530.38 | K12: =SUM(K8:K10) -> 191142.54 | L12: =SUM(L8:L10) -> 267599.55 | M12: =SUM(M8:M10) -> 374639.37 | ... R12: =SUM(R8:R10) -> 4948401.2
B14: BREAKDOWN IN INDIVIDUAL AND CORPORATE CLIENTS | Q14: Unit: US$
F15: 41456 | G15: 41487 | H15: 41518 | I15: 41548 | J15: 41579 | K15: 41609 | L15: 41640 | M15: 41671 | N15: 41699 | O15: 41730 | P15: 41760 | Q15: 41791 | R15: Total Yr 1
B17: Indiviual Clients | F17: =F12*F22 -> 35539.979 | G17: =G12*G22 -> 49755.971 | H17: =H12*H22 -> 69658.359 | I17: =I12*I22 -> 97521.703 | J17: =J12*J22 -> 136530.38 | K17: =K12*K22 -> 191142.54 | L17: =L12*L22 -> 254219.57 | M17: =M12*M22 -> 337175.44 | ... Q17: =Q12*Q22 -> 1007450.2 | R17: =SUM(F17:Q17) -> 3983257.4
B18: Corporate Clients | F18: =F12*F23 -> 0 | G18: =G12*G23 -> 0 | H18: =H12*H23 -> 0 | I18: =I12*I23 -> 0 | J18: =J12*J23 -> 0 | K18: =K12*K23 -> 0 | L18: =L12*L23 -> 13379.978 | M18: =M12*M23 -> 37463.937 | ... Q18: =Q12*Q23 -> 431764.38 | R18: =SUM(F18:Q18) -> 965143.81
F20: =SUM(F17:F18) -> 35539.979 | G20: =SUM(G17:G18) -> 49755.971 | H20: =SUM(H17:H18) -> 69658.359 | I20: =SUM(I17:I18) -> 97521.703 | J20: =SUM(J17:J18) -> 136530.38 | K20: =SUM(K17:K18) -> 191142.54 | L20: =SUM(L17:L18) -> 267599.55 | M20: =SUM(M17:M18) -> 374639.37 | ... R20: =SUM(R17:R18) -> 4948401.2
B22: % individual clients | F22: 1 | G22: 1 | H22: 1 | I22: 1 | J22: 1 | K22: 1 | L22: =K22-5% -> 0.95 | M22: =L22-5% -> 0.9 | N22: =M22-5% -> 0.85 | O22: =N22-5% -> 0.8 | P22: =O22-5% -> 0.75 | Q22: =P22-5% -> 0.7
B23: % Corporate Clients | F23: =1-F22 -> 0 | G23: =1-G22 -> 0 | H23: =1-H22 -> 0 | I23: =1-I22 -> 0 | J23: =1-J22 -> 0 | K23: =1-K22 -> 0 | L23: =1-L22 -> 0.05 | M23: =1-M22 -> 0.1 | ... Q23: =1-Q22 -> 0.3
B26: Patient Acquisition Assumptions
D27: Level | F27: 41456 | G27: 41487 | H27: 41518 | I27: 41548 | J27: 41579 | K27: 41609 | L27: 41640 | M27: 41671 | N27: 41699 | O27: 41730 | P27: 41760 | Q27: 41791 | R27: Total Yr 1
B29: General consultation patients | F29: 200 | G29: =F29*1.4 -> 280 | H29: =G29*1.4 -> 392 | I29: =H29*1.4 -> 548.8 | J29: =I29*1.4 -> 768.32 | K29: =J29*1.4 -> 1075.648 | L29: =K29*1.4 -> 1505.9072 | M29: =L29*1.4 -> 2108.2701 | N29: =M29*1.4 -> 2951.5781 | ... Q29: =P29*1.4 -> 8099.1303 | R29: =SUM(F29:Q29) -> 27846.956
B30: Specialised Consultation Patients | F30: 400 | G30: =F30*1.4 -> 560 | H30: =G30*1.4 -> 784 | I30: =H30*1.4 -> 1097.6 | J30: =I30*1.4 -> 1536.64 | K30: =J30*1.4 -> 2151.296 | L30: =K30*1.4 -> 3011.8144 | M30: =L30*1.4 -> 4216.5402 | N30: =M30*1.4 -> 5903.1562 | ... Q30: =P30*1.4 -> 16198.261 | R30: =SUM(F30:Q30) -> 55693.912
F32: =SUM(F29:F31) -> 600 | G32: =SUM(G29:G31) -> 840 | H32: =SUM(H29:H31) -> 1176 | I32: =SUM(I29:I31) -> 1646.4 | J32: =SUM(J29:J31) -> 2304.96 | K32: =SUM(K29:K31) -> 3226.944 | L32: =SUM(L29:L31) -> 4517.7216 | M32: =SUM(M29:M31) -> 6324.8102 | ... Q32: =SUM(Q29:Q31) -> 24297.391 | R32: =SUM(F32:Q32) -> 83540.869
B33: Total Patient Growth | G33: =G32/F32-1 -> 0.4 | H33: =H32/G32-1 -> 0.4 | I33: =I32/H32-1 -> 0.4 | J33: =J32/I32-1 -> 0.4 | K33: =K32/J32-1 -> 0.4 | L33: =L32/K32-1 -> 0.4 | M33: =M32/L32-1 -> 0.4 | N33: =N32/M32-1 -> 0.4 | ... Q33: =Q32/P32-1 -> 0.4
B34: Of which:
B35: % patients subject to testing | E35: Medic | F35: ='Medic Data'!F18 -> 0.96875858 | G35: =F35 -> 0.96875858 | H35: =G35 -> 0.96875858 | I35: =H35 -> 0.96875858 | J35: =I35 -> 0.96875858 | K35: =J35 -> 0.96875858 | L35: =K35 -> 0.96875858 | M35: =L35 -> 0.96875858 | N35: =M35 -> 0.96875858 | ... Q35: =P35 -> 0.96875858
B36: Patients subject to lab testing | F36: =F32*F35 -> 581.25515 | G36: =G32*G35 -> 813.75721 | H36: =H32*H35 -> 1139.2601 | I36: =I32*I35 -> 1594.9641 | J36: =J32*J35 -> 2232.9498 | K36: =K32*K35 -> 3126.1297 | L36: =L32*L35 -> 4376.5816 | M36: =M32*M35 -> 6127.2142 | ... Q36: =Q32*Q35 -> 23538.306 | R36: =SUM(F36:Q36) -> 80930.933
B37: Average number of tests per patient | E37: Medic | F37: ='Medic Data'!F17 -> 7.1134973 | G37: =F37 -> 7.1134973 | H37: =G37 -> 7.1134973 | I37: =H37 -> 7.1134973 | J37: =I37 -> 7.1134973 | K37: =J37 -> 7.1134973 | L37: =K37 -> 7.1134973 | M37: =L37 -> 7.1134973 | N37: =M37 -> 7.1134973 | ... Q37: =P37 -> 7.1134973
B38: Total Tests | F38: =F36*F37 -> 4134.7569 | G38: =G36*G37 -> 5788.6597 | H38: =H36*H37 -> 8104.1236 | I38: =I36*I37 -> 11345.773 | J38: =J36*J37 -> 15884.082 | K38: =K36*K37 -> 22237.715 | L38: =L36*L37 -> 31132.801 | M38: =M36*M37 -> 43585.922 | ... Q38: =Q36*Q37 -> 167439.68 | R38: =SUM(F38:Q38) -> 575701.98
B40: Consultation Revenue Estimation | Q40: Unit: US$
F41: 41456 | G41: 41487 | H41: 41518 | I41: 41548 | J41: 41579 | K41: 41609 | L41: 41640 | M41: 41671 | N41: 41699 | O41: 41730 | P41: 41760 | Q41: 41791 | R41: Total Yr 1
B43: Number of Patients | F43: =F32 -> 600 | G43: =G32 -> 840 | H43: =H32 -> 1176 | I43: =I32 -> 1646.4 | J43: =J32 -> 2304.96 | K43: =K32 -> 3226.944 | L43: =L32 -> 4517.7216 | M43: =M32 -> 6324.8102 | ... Q43: =Q32 -> 24297.391 | R43: =SUM(F43:Q43) -> 83540.869
B44: Average Consultation Fee (USD) | F44: ='App 3_Service Fee Ref.'!N10 -> 6.6428571 | G44: =F44 -> 6.6428571 | H44: =G44 -> 6.6428571 | I44: =H44 -> 6.6428571 | J44: =I44 -> 6.6428571 | K44: =J44 -> 6.6428571 | L44: =K44 -> 6.6428571 | M44: =L44 -> 6.6428571 | N44: =M44 -> 6.6428571 | ... Q44: =P44 -> 6.6428571
B46: TOTAL LAB TEST | F46: =F43*F44 -> 3985.7143 | G46: =G43*G44 -> 5580 | H46: =H43*H44 -> 7812 | I46: =I43*I44 -> 10936.8 | J46: =J43*J44 -> 15311.52 | K46: =K43*K44 -> 21436.128 | L46: =L43*L44 -> 30010.579 | M46: =M43*M44 -> 42014.811 | ... Q46: =Q43*Q44 -> 161404.1 | R46: =SUM(F46:Q46) -> 554950.06
B48: Laboratory Testing Revenue | Q48: Unit: US$
D49: Level | F49: 41456 | G49: 41487 | H49: 41518 | I49: 41548 | J49: 41579 | K49: 41609 | L49: 41640 | M49: 41671 | N49: 41699 | O49: 41730 | P49: 41760 | Q49: 41791 | R49: Total Yr 1
B51: Biochemical | D51: Basic | F51: =F68*F84 -> 3928.0191 | G51: =G68*G84 -> 5499.2267 | H51: =H68*H84 -> 7698.9174 | I51: =I68*I84 -> 10778.484 | J51: =J68*J84 -> 15089.878 | K51: =K68*K84 -> 21125.829 | L51: =L68*L84 -> 29576.161 | M51: =M68*M84 -> 41406.626 | ... Q51: =Q68*Q84 -> 159067.69 | R51: =SUM(F51:Q51) -> 546916.88
B52: Hematological | D52: Basic | F52: =F69*F85 -> 7228.9334 | G52: =G69*G85 -> 10120.507 | H52: =H69*H85 -> 14168.709 | I52: =I69*I85 -> 19836.193 | J52: =J69*J85 -> 27770.67 | K52: =K69*K85 -> 38878.939 | L52: =L69*L85 -> 54430.514 | M52: =M69*M85 -> 76202.72 | ... Q52: =Q69*Q85 -> 292740.37 | R52: =SUM(F52:Q52) -> 1006519
B53: Immunological | D53: Intermdiate | F53: =F70*F86 -> 1786.215 | G53: =G70*G86 -> 2500.701 | H53: =H70*H86 -> 3500.9814 | I53: =I70*I86 -> 4901.374 | J53: =J70*J86 -> 6861.9235 | K53: =K70*K86 -> 9606.693 | L53: =L70*L86 -> 13449.37 | M53: =M70*M86 -> 18829.118 | ... Q53: =Q70*Q86 -> 72333.94 | R53: =SUM(F53:Q53) -> 248703.25
B54: Microbiological | D54: Intermdiate | F54: =F71*F87 -> 930.32031 | G54: =G71*G87 -> 1302.4484 | H54: =H71*H87 -> 1823.4278 | I54: =I71*I87 -> 2552.7989 | J54: =J71*J87 -> 3573.9185 | K54: =K71*K87 -> 5003.4859 | L54: =L71*L87 -> 7004.8803 | M54: =M71*M87 -> 9806.8324 | ... Q54: =Q71*Q87 -> 37673.927 | R54: =SUM(F54:Q54) -> 129532.94
B55: Parasitological | D55: Intermdiate | F55: =F72*F88 -> 801.10916 | G55: =G72*G88 -> 1121.5528 | H55: =H72*H88 -> 1570.1739 | I55: =I72*I88 -> 2198.2435 | J55: =J72*J88 -> 3077.5409 | K55: =K72*K88 -> 4308.5573 | L55: =L72*L88 -> 6031.9802 | M55: =M72*M88 -> 8444.7723 | ... Q55: =Q72*Q88 -> 32441.437 | R55: =SUM(F55:Q55) -> 111542.26
B56: Pathological | D56: Intermdiate | F56: =F73*F89 -> 1292.1115 | G56: =G73*G89 -> 1808.9562 | H56: =H73*H89 -> 2532.5386 | I56: =I73*I89 -> 3545.5541 | J56: =J73*J89 -> 4963.7757 | K56: =K73*K89 -> 6949.286 | L56: =L73*L89 -> 9729.0004 | M56: =M73*M89 -> 13620.601 | ... Q56: =Q73*Q89 -> 52324.899 | R56: =SUM(F56:Q56) -> 179906.87
B57: Molecular Biology | D57: Advanced | F57: =F74*F90 -> 2032.9222 | G57: =G74*G90 -> 2846.091 | H57: =H74*H90 -> 3984.5274 | I57: =I74*I90 -> 5578.3384 | J57: =J74*J90 -> 7809.6738 | K57: =K74*K90 -> 10933.543 | L57: =L74*L90 -> 15306.961 | M57: =M74*M90 -> 21429.745 | ... Q57: =Q74*Q90 -> 82324.508 | R57: =SUM(F57:Q57) -> 283053.47
B58: Genetic | D58: Advanced | F58: =F75*F91 -> 2618.6794 | G58: =G75*G91 -> 3666.1512 | H58: =H75*H91 -> 5132.6116 | I58: =I75*I91 -> 7185.6563 | J58: =J75*J91 -> 10059.919 | K58: =K75*K91 -> 14083.886 | L58: =L75*L91 -> 19717.441 | M58: =M75*M91 -> 27604.417 | ... Q58: =Q75*Q91 -> 106045.13 | R58: =SUM(F58:Q58) -> 364611.25
B59: Toxicological | D59: Advanced | F59: =F76*F92 -> 289.43299 | G59: =G76*G92 -> 405.20618 | H59: =H76*H92 -> 567.28865 | I59: =I76*I92 -> 794.20411 | J59: =J76*J92 -> 1111.8858 | K59: =K76*K92 -> 1556.6401 | L59: =L76*L92 -> 2179.2961 | M59: =M76*M92 -> 3051.0145 | ... Q59: =Q76*Q92 -> 11720.777 | R59: =SUM(F59:Q59) -> 40299.138
B60: Virus Quantification | D60: Advanced | F60: =F77*F93 -> 2170.7474 | G60: =G77*G93 -> 3039.0464 | H60: =H77*H93 -> 4254.6649 | I60: =I77*I93 -> 5956.5309 | J60: =J77*J93 -> 8339.1432 | K60: =K77*K93 -> 11674.8 | L60: =L77*L93 -> 16344.721 | M60: =M77*M93 -> 22882.609 | ... Q60: =Q77*Q93 -> 87905.83 | R60: =SUM(F60:Q60) -> 302243.54
B61: Other | F61: =F78*F94 -> 0 | G61: =G78*G94 -> 0 | H61: =H78*H94 -> 0 | I61: =I78*I94 -> 0 | J61: =J78*J94 -> 0 | K61: =K78*K94 -> 0 | L61: =L78*L94 -> 0 | M61: =M78*M94 -> 0 | ... Q61: =Q78*Q94 -> 0 | R61: =SUM(F61:Q61) -> 0
B63: TOTAL LAB TEST | F63: =SUM(F51:F61) -> 23078.49 | G63: =SUM(G51:G61) -> 32309.887 | H63: =SUM(H51:H61) -> 45233.841 | I63: =SUM(I51:I61) -> 63327.378 | J63: =SUM(J51:J61) -> 88658.329 | K63: =SUM(K51:K61) -> 124121.66 | L63: =SUM(L51:L61) -> 173770.32 | M63: =SUM(M51:M61) -> 243278.45 | ... R63: =SUM(R51:R61) -> 3213328.6
B65: Lab Service Fee Rates | Q65: Unit: US$
F66: 41456 | G66: 41487 | H66: 41518 | I66: 41548 | J66: 41579 | K66: 41609 | L66: 41640 | M66: 41671 | N66: 41699 | O66: 41730 | P66: 41760 | Q66: 41791
B68: Biochemical | D68: Basic | F68: ='App 3_Service Fee Ref.'!N15 -> 3.1666667 | G68: =F68 -> 3.1666667 | H68: =G68 -> 3.1666667 | I68: =H68 -> 3.1666667 | J68: =I68 -> 3.1666667 | K68: =J68 -> 3.1666667 | L68: =K68 -> 3.1666667 | M68: =L68 -> 3.1666667 | N68: =M68 -> 3.1666667 | ... Q68: =P68 -> 3.1666667
B69: Hermatological | D69: Basic | F69: ='App 3_Service Fee Ref.'!N16 -> 4.3708333 | G69: =F69 -> 4.3708333 | H69: =G69 -> 4.3708333 | I69: =H69 -> 4.3708333 | J69: =I69 -> 4.3708333 | K69: =J69 -> 4.3708333 | L69: =K69 -> 4.3708333 | M69: =L69 -> 4.3708333 | N69: =M69 -> 4.3708333 | ... Q69: =P69 -> 4.3708333
B70: Immunological | D70: Intermdiate | F70: ='App 3_Service Fee Ref.'!N17 -> 7.2 | G70: =F70 -> 7.2 | H70: =G70 -> 7.2 | I70: =H70 -> 7.2 | J70: =I70 -> 7.2 | K70: =J70 -> 7.2 | L70: =K70 -> 7.2 | M70: =L70 -> 7.2 | N70: =M70 -> 7.2 | ... Q70: =P70 -> 7.2
B71: Microbiological | D71: Intermdiate | F71: ='App 3_Service Fee Ref.'!N18 -> 4.5 | G71: =F71 -> 4.5 | H71: =G71 -> 4.5 | I71: =H71 -> 4.5 | J71: =I71 -> 4.5 | K71: =J71 -> 4.5 | L71: =K71 -> 4.5 | M71: =L71 -> 4.5 | N71: =M71 -> 4.5 | ... Q71: =P71 -> 4.5
B72: Parasitological | D72: Intermdiate | F72: ='App 3_Service Fee Ref.'!N19 -> 3.875 | G72: =F72 -> 3.875 | H72: =G72 -> 3.875 | I72: =H72 -> 3.875 | J72: =I72 -> 3.875 | K72: =J72 -> 3.875 | L72: =K72 -> 3.875 | M72: =L72 -> 3.875 | N72: =M72 -> 3.875 | ... Q72: =P72 -> 3.875
B73: Pathological | D73: Intermdiate | F73: ='App 3_Service Fee Ref.'!N20 -> 6.25 | G73: =F73 -> 6.25 | H73: =G73 -> 6.25 | I73: =H73 -> 6.25 | J73: =I73 -> 6.25 | K73: =J73 -> 6.25 | L73: =K73 -> 6.25 | M73: =L73 -> 6.25 | N73: =M73 -> 6.25 | ... Q73: =P73 -> 6.25
B74: Molecular Biology | D74: Advanced | F74: ='App 3_Service Fee Ref.'!N21 -> 49.166667 | G74: =F74 -> 49.166667 | H74: =G74 -> 49.166667 | I74: =H74 -> 49.166667 | J74: =I74 -> 49.166667 | K74: =J74 -> 49.166667 | L74: =K74 -> 49.166667 | M74: =L74 -> 49.166667 | N74: =M74 -> 49.166667 | ... Q74: =P74 -> 49.166667
B75: Genetic | D75: Advanced | F75: ='App 3_Service Fee Ref.'!N22 -> 63.333333 | G75: =F75 -> 63.333333 | H75: =G75 -> 63.333333 | I75: =H75 -> 63.333333 | J75: =I75 -> 63.333333 | K75: =J75 -> 63.333333 | L75: =K75 -> 63.333333 | M75: =L75 -> 63.333333 | N75: =M75 -> 63.333333 | ... Q75: =P75 -> 63.333333
B76: Toxicological | D76: Advanced | F76: ='App 3_Service Fee Ref.'!N23 -> 7 | G76: =F76 -> 7 | H76: =G76 -> 7 | I76: =H76 -> 7 | J76: =I76 -> 7 | K76: =J76 -> 7 | L76: =K76 -> 7 | M76: =L76 -> 7 | N76: =M76 -> 7 | ... Q76: =P76 -> 7
B77: Virus Quantification | D77: Advanced | F77: ='App 3_Service Fee Ref.'!N24 -> 52.5 | G77: =F77 -> 52.5 | H77: =G77 -> 52.5 | I77: =H77 -> 52.5 | J77: =I77 -> 52.5 | K77: =J77 -> 52.5 | L77: =K77 -> 52.5 | M77: =L77 -> 52.5 | N77: =M77 -> 52.5 | ... Q77: =P77 -> 52.5
B78: Other | F78: ='App 3_Service Fee Ref.'!N25 -> 0 | G78: =F78 -> 0 | H78: =G78 -> 0 | I78: =H78 -> 0 | J78: =I78 -> 0 | K78: =J78 -> 0 | L78: =K78 -> 0 | M78: =L78 -> 0 | N78: =M78 -> 0 | ... Q78: =P78 -> 0
B81: Lab Service Usage/Vol | Q81: Unit: Test
F82: 41456 | G82: 41487 | H82: 41518 | I82: 41548 | J82: 41579 | K82: 41609 | L82: 41640 | M82: 41671 | N82: 41699 | O82: 41730 | P82: 41760 | Q82: 41791 | R82: Total Yr 1
B84: Biochemical | D84: Basic | E84: 0.3 | F84: =F$38*$E84 -> 1240.4271 | G84: =G$38*$E84 -> 1736.5979 | H84: =H$38*$E84 -> 2431.2371 | I84: =I$38*$E84 -> 3403.7319 | J84: =J$38*$E84 -> 4765.2247 | K84: =K$38*$E84 -> 6671.3146 | L84: =L$38*$E84 -> 9339.8404 | M84: =M$38*$E84 -> 13075.777 | ... Q84: =Q$38*$E84 -> 50231.903 | R84: =SUM(F84:Q84) -> 172710.59
B85: Hermatological | D85: Basic | E85: 0.4 | F85: =F$38*$E85 -> 1653.9028 | G85: =G$38*$E85 -> 2315.4639 | H85: =H$38*$E85 -> 3241.6494 | I85: =I$38*$E85 -> 4538.3092 | J85: =J$38*$E85 -> 6353.6329 | K85: =K$38*$E85 -> 8895.0861 | L85: =L$38*$E85 -> 12453.12 | M85: =M$38*$E85 -> 17434.369 | ... Q85: =Q$38*$E85 -> 66975.871 | R85: =SUM(F85:Q85) -> 230280.79
B86: Immunological | D86: Intermdiate | E86: 0.06 | F86: =F$38*$E86 -> 248.08542 | G86: =G$38*$E86 -> 347.31958 | H86: =H$38*$E86 -> 486.24742 | I86: =I$38*$E86 -> 680.74638 | J86: =J$38*$E86 -> 953.04494 | K86: =K$38*$E86 -> 1334.2629 | L86: =L$38*$E86 -> 1867.9681 | M86: =M$38*$E86 -> 2615.1553 | ... Q86: =Q$38*$E86 -> 10046.381 | R86: =SUM(F86:Q86) -> 34542.119
B87: Microbiological | D87: Intermdiate | E87: 0.05 | F87: =F$38*$E87 -> 206.73785 | G87: =G$38*$E87 -> 289.43299 | H87: =H$38*$E87 -> 405.20618 | I87: =I$38*$E87 -> 567.28865 | J87: =J$38*$E87 -> 794.20411 | K87: =K$38*$E87 -> 1111.8858 | L87: =L$38*$E87 -> 1556.6401 | M87: =M$38*$E87 -> 2179.2961 | ... Q87: =Q$38*$E87 -> 8371.9838 | R87: =SUM(F87:Q87) -> 28785.099
B88: Parasitological | D88: Intermdiate | E88: 0.05 | F88: =F$38*$E88 -> 206.73785 | G88: =G$38*$E88 -> 289.43299 | H88: =H$38*$E88 -> 405.20618 | I88: =I$38*$E88 -> 567.28865 | J88: =J$38*$E88 -> 794.20411 | K88: =K$38*$E88 -> 1111.8858 | L88: =L$38*$E88 -> 1556.6401 | M88: =M$38*$E88 -> 2179.2961 | ... Q88: =Q$38*$E88 -> 8371.9838 | R88: =SUM(F88:Q88) -> 28785.099
B89: Pathological | D89: Intermdiate | E89: 0.05 | F89: =F$38*$E89 -> 206.73785 | G89: =G$38*$E89 -> 289.43299 | H89: =H$38*$E89 -> 405.20618 | I89: =I$38*$E89 -> 567.28865 | J89: =J$38*$E89 -> 794.20411 | K89: =K$38*$E89 -> 1111.8858 | L89: =L$38*$E89 -> 1556.6401 | M89: =M$38*$E89 -> 2179.2961 | ... Q89: =Q$38*$E89 -> 8371.9838 | R89: =SUM(F89:Q89) -> 28785.099
B90: Molecular Biology | D90: Advanced | E90: 0.01 | F90: =F$38*$E90 -> 41.347569 | G90: =G$38*$E90 -> 57.886597 | H90: =H$38*$E90 -> 81.041236 | I90: =I$38*$E90 -> 113.45773 | J90: =J$38*$E90 -> 158.84082 | K90: =K$38*$E90 -> 222.37715 | L90: =L$38*$E90 -> 311.32801 | M90: =M$38*$E90 -> 435.85922 | ... Q90: =Q$38*$E90 -> 1674.3968 | R90: =SUM(F90:Q90) -> 5757.0198
B91: Genetic | D91: Advanced | E91: 0.01 | F91: =F$38*$E91 -> 41.347569 | G91: =G$38*$E91 -> 57.886597 | H91: =H$38*$E91 -> 81.041236 | I91: =I$38*$E91 -> 113.45773 | J91: =J$38*$E91 -> 158.84082 | K91: =K$38*$E91 -> 222.37715 | L91: =L$38*$E91 -> 311.32801 | M91: =M$38*$E91 -> 435.85922 | ... Q91: =Q$38*$E91 -> 1674.3968 | R91: =SUM(F91:Q91) -> 5757.0198
B92: Toxicological | D92: Advanced | E92: 0.01 | F92: =F$38*$E92 -> 41.347569 | G92: =G$38*$E92 -> 57.886597 | H92: =H$38*$E92 -> 81.041236 | I92: =I$38*$E92 -> 113.45773 | J92: =J$38*$E92 -> 158.84082 | K92: =K$38*$E92 -> 222.37715 | L92: =L$38*$E92 -> 311.32801 | M92: =M$38*$E92 -> 435.85922 | ... Q92: =Q$38*$E92 -> 1674.3968 | R92: =SUM(F92:Q92) -> 5757.0198
B93: Virus Quantification | D93: Advanced | E93: 0.01 | F93: =F$38*$E93 -> 41.347569 | G93: =G$38*$E93 -> 57.886597 | H93: =H$38*$E93 -> 81.041236 | I93: =I$38*$E93 -> 113.45773 | J93: =J$38*$E93 -> 158.84082 | K93: =K$38*$E93 -> 222.37715 | L93: =L$38*$E93 -> 311.32801 | M93: =M$38*$E93 -> 435.85922 | ... Q93: =Q$38*$E93 -> 1674.3968 | R93: =SUM(F93:Q93) -> 5757.0198
B94: Other | E94: 0.05 | F94: =F$38*$E94 -> 206.73785 | G94: =G$38*$E94 -> 289.43299 | H94: =H$38*$E94 -> 405.20618 | I94: =I$38*$E94 -> 567.28865 | J94: =J$38*$E94 -> 794.20411 | K94: =K$38*$E94 -> 1111.8858 | L94: =L$38*$E94 -> 1556.6401 | M94: =M$38*$E94 -> 2179.2961 | ... Q94: =Q$38*$E94 -> 8371.9838 | R94: =SUM(F94:Q94) -> 28785.099
E96: =SUM(E84:E95) -> 1 | F96: =SUM(F84:F94) -> 4134.7569 | G96: =SUM(G84:G94) -> 5788.6597 | H96: =SUM(H84:H94) -> 8104.1236 | I96: =SUM(I84:I94) -> 11345.773 | J96: =SUM(J84:J94) -> 15884.082 | K96: =SUM(K84:K94) -> 22237.715 | L96: =SUM(L84:L94) -> 31132.801 | M96: =SUM(M84:M94) -> 43585.922 | ... R96: =SUM(R84:R94) -> 575701.98
B99: Diagnostic Imaging Revenue | Q99: Unit: US$
F100: 41456 | G100: 41487 | H100: 41518 | I100: 41548 | J100: 41579 | K100: 41609 | L100: 41640 | M100: 41671 | N100: 41699 | O100: 41730 | P100: 41760 | Q100: 41791 | R100: Total Yr 1
B102: X-ray | D102: Basic | F102: =F116*F127 -> 934.15524 | G102: =G116*G127 -> 1307.8173 | H102: =H116*H127 -> 1830.9443 | I102: =I116*I127 -> 2563.322 | J102: =J116*J127 -> 3588.6508 | K102: =K116*K127 -> 5024.1111 | L102: =L116*L127 -> 7033.7555 | M102: =M116*M127 -> 9847.2577 | ... Q102: =Q116*Q127 -> 37829.225 | R102: =SUM(F102:Q102) -> 130066.9
B103: Ultrasound | D103: Basic | F103: =F117*F128 -> 1978.6192 | G103: =G117*G128 -> 2770.0668 | H103: =H117*H128 -> 3878.0936 | I103: =I117*I128 -> 5429.331 | J103: =J117*J128 -> 7601.0634 | K103: =K117*K128 -> 10641.489 | L103: =L117*L128 -> 14898.084 | M103: =M117*M128 -> 20857.318 | ... Q103: =Q117*Q128 -> 80125.473 | R103: =SUM(F103:Q103) -> 275492.61
B104: Endoscopy | D104: Intermediate | F104: =F118*F129 -> 595 | G104: =G118*G129 -> 833 | H104: =H118*H129 -> 1166.2 | I104: =I118*I129 -> 1632.68 | J104: =J118*J129 -> 2285.752 | K104: =K118*K129 -> 3200.0528 | L104: =L118*L129 -> 4480.0739 | M104: =M118*M129 -> 6272.1035 | ... Q104: =Q118*Q129 -> 24094.913 | R104: =SUM(F104:Q104) -> 82844.695
B105: CT scanner | D105: Intermediate | F105: =F119*F130 -> 588 | G105: =G119*G130 -> 823.2 | H105: =H119*H130 -> 1152.48 | I105: =I119*I130 -> 1613.472 | J105: =J119*J130 -> 2258.8608 | K105: =K119*K130 -> 3162.4051 | L105: =L119*L130 -> 4427.3672 | M105: =M119*M130 -> 6198.314 | ... Q105: =Q119*Q130 -> 23811.443 | R105: =SUM(F105:Q105) -> 81870.051
B106: MRI | D106: Advanced | F106: =F120*F131 -> 570 | G106: =G120*G131 -> 798 | H106: =H120*H131 -> 1117.2 | I106: =I120*I131 -> 1564.08 | J106: =J120*J131 -> 2189.712 | K106: =K120*K131 -> 3065.5968 | L106: =L120*L131 -> 4291.8355 | M106: =M120*M131 -> 6008.5697 | ... Q106: =Q120*Q131 -> 23082.521 | R106: =SUM(F106:Q106) -> 79363.825
B107: PET scanner | D107: Advanced | F107: =F121*F132 -> 3810 | G107: =G121*G132 -> 5334 | H107: =H121*H132 -> 7467.6 | I107: =I121*I132 -> 10454.64 | J107: =J121*J132 -> 14636.496 | K107: =K121*K132 -> 20491.094 | L107: =L121*L132 -> 28687.532 | M107: =M121*M132 -> 40162.545 | ... Q107: =Q121*Q132 -> 154288.43 | R107: =SUM(F107:Q107) -> 530484.52
B110: TOTAL LAB TEST | F110: =SUM(F102:F108) -> 8475.7744 | G110: =SUM(G102:G108) -> 11866.084 | H110: =SUM(H102:H108) -> 16612.518 | I110: =SUM(I102:I108) -> 23257.525 | J110: =SUM(J102:J108) -> 32560.535 | K110: =SUM(K102:K108) -> 45584.749 | L110: =SUM(L102:L108) -> 63818.649 | M110: =SUM(M102:M108) -> 89346.108 | ... R110: =SUM(R102:R108) -> 1180122.6
B113: Diagnostic Imaging Service Fee Rates | Q113: Unit: US$
F114: 41456 | G114: 41487 | H114: 41518 | I114: 41548 | J114: 41579 | K114: 41609 | L114: 41640 | M114: 41671 | N114: 41699 | O114: 41730 | P114: 41760 | Q114: 41791
B116: X-ray | D116: Basic | F116: ='App 3_Service Fee Ref.'!N31 -> 4.8333333 | G116: =F116 -> 4.8333333 | H116: =G116 -> 4.8333333 | I116: =H116 -> 4.8333333 | J116: =I116 -> 4.8333333 | K116: =J116 -> 4.8333333 | L116: =K116 -> 4.8333333 | M116: =L116 -> 4.8333333 | N116: =M116 -> 4.8333333 | ... Q116: =P116 -> 4.8333333
B117: Ultrasound | D117: Basic | F117: ='App 3_Service Fee Ref.'!N32 -> 5.6666667 | G117: =F117 -> 5.6666667 | H117: =G117 -> 5.6666667 | I117: =H117 -> 5.6666667 | J117: =I117 -> 5.6666667 | K117: =J117 -> 5.6666667 | L117: =K117 -> 5.6666667 | M117: =L117 -> 5.6666667 | N117: =M117 -> 5.6666667 | ... Q117: =P117 -> 5.6666667
B118: Endoscopy | D118: Intermediate | F118: ='App 3_Service Fee Ref.'!N33 -> 9.9166667 | G118: =F118 -> 9.9166667 | H118: =G118 -> 9.9166667 | I118: =H118 -> 9.9166667 | J118: =I118 -> 9.9166667 | K118: =J118 -> 9.9166667 | L118: =K118 -> 9.9166667 | M118: =L118 -> 9.9166667 | N118: =M118 -> 9.9166667 | ... Q118: =P118 -> 9.9166667
B119: CT scanner | D119: Intermediate | F119: ='App 3_Service Fee Ref.'!N34 -> 49 | G119: =F119 -> 49 | H119: =G119 -> 49 | I119: =H119 -> 49 | J119: =I119 -> 49 | K119: =J119 -> 49 | L119: =K119 -> 49 | M119: =L119 -> 49 | N119: =M119 -> 49 | ... Q119: =P119 -> 49
B120: MRI | D120: Advanced | F120: ='App 3_Service Fee Ref.'!N35 -> 95 | G120: =F120 -> 95 | H120: =G120 -> 95 | I120: =H120 -> 95 | J120: =I120 -> 95 | K120: =J120 -> 95 | L120: =K120 -> 95 | M120: =L120 -> 95 | N120: =M120 -> 95 | ... Q120: =P120 -> 95
B121: PET scanner | D121: Advanced | F121: ='App 3_Service Fee Ref.'!N36 -> 1270 | G121: =F121 -> 1270 | H121: =G121 -> 1270 | I121: =H121 -> 1270 | J121: =I121 -> 1270 | K121: =J121 -> 1270 | L121: =K121 -> 1270 | M121: =L121 -> 1270 | N121: =M121 -> 1270 | ... Q121: =P121 -> 1270
B124: Diagnostic Imaging Usage/Vol | Q124: Unit: Test
F125: 41456 | G125: 41487 | H125: 41518 | I125: 41548 | J125: 41579 | K125: 41609 | L125: 41640 | M125: 41671 | N125: 41699 | O125: 41730 | P125: 41760 | Q125: 41791 | R125: Total Yr 1
B127: X-ray | D127: Basic | E127: ='Medic Data'!G23 -> 0.3221225 | F127: =$E127*F$32 -> 193.2735 | G127: =$E127*G$32 -> 270.5829 | H127: =$E127*H$32 -> 378.81606 | I127: =$E127*I$32 -> 530.34248 | J127: =$E127*J$32 -> 742.47947 | K127: =$E127*K$32 -> 1039.4713 | L127: =$E127*L$32 -> 1455.2598 | M127: =$E127*M$32 -> 2037.3637 | ... Q127: =$E127*Q$32 -> 7826.7362 | R127: =SUM(F127:Q127) -> 26910.393
B128: Ultrasound | D128: Basic | E128: ='Medic Data'!G24 -> 0.58194681 | F128: =$E128*F$32 -> 349.16809 | G128: =$E128*G$32 -> 488.83532 | H128: =$E128*H$32 -> 684.36945 | I128: =$E128*I$32 -> 958.11724 | J128: =$E128*J$32 -> 1341.3641 | K128: =$E128*K$32 -> 1877.9098 | L128: =$E128*L$32 -> 2629.0737 | M128: =$E128*M$32 -> 3680.7032 | ... Q128: =$E128*Q$32 -> 14139.789 | R128: =SUM(F128:Q128) -> 48616.342
B129: Endoscopy | D129: Intermediate | E129: 0.1 | F129: =$E129*F$32 -> 60 | G129: =$E129*G$32 -> 84 | H129: =$E129*H$32 -> 117.6 | I129: =$E129*I$32 -> 164.64 | J129: =$E129*J$32 -> 230.496 | K129: =$E129*K$32 -> 322.6944 | L129: =$E129*L$32 -> 451.77216 | M129: =$E129*M$32 -> 632.48102 | ... Q129: =$E129*Q$32 -> 2429.7391 | R129: =SUM(F129:Q129) -> 8354.0869
B130: CT scanner | D130: Intermediate | E130: 0.02 | F130: =$E130*F$32 -> 12 | G130: =$E130*G$32 -> 16.8 | H130: =$E130*H$32 -> 23.52 | I130: =$E130*I$32 -> 32.928 | J130: =$E130*J$32 -> 46.0992 | K130: =$E130*K$32 -> 64.53888 | L130: =$E130*L$32 -> 90.354432 | M130: =$E130*M$32 -> 126.4962 | ... Q130: =$E130*Q$32 -> 485.94782 | R130: =SUM(F130:Q130) -> 1670.8174
B131: MRI | D131: Advanced | E131: 0.01 | F131: =$E131*F$32 -> 6 | G131: =$E131*G$32 -> 8.4 | H131: =$E131*H$32 -> 11.76 | I131: =$E131*I$32 -> 16.464 | J131: =$E131*J$32 -> 23.0496 | K131: =$E131*K$32 -> 32.26944 | L131: =$E131*L$32 -> 45.177216 | M131: =$E131*M$32 -> 63.248102 | ... Q131: =$E131*Q$32 -> 242.97391 | R131: =SUM(F131:Q131) -> 835.40869
B132: PET scanner | D132: Advanced | E132: 0.005 | F132: =$E132*F$32 -> 3 | G132: =$E132*G$32 -> 4.2 | H132: =$E132*H$32 -> 5.88 | I132: =$E132*I$32 -> 8.232 | J132: =$E132*J$32 -> 11.5248 | K132: =$E132*K$32 -> 16.13472 | L132: =$E132*L$32 -> 22.588608 | M132: =$E132*M$32 -> 31.624051 | ... Q132: =$E132*Q$32 -> 121.48696 | R132: =SUM(F132:Q132) -> 417.70434
F135: =SUM(F127:F133) -> 623.44159 | G135: =SUM(G127:G133) -> 872.81822 | H135: =SUM(H127:H133) -> 1221.9455 | I135: =SUM(I127:I133) -> 1710.7237 | J135: =SUM(J127:J133) -> 2395.0132 | K135: =SUM(K127:K133) -> 3353.0185 | L135: =SUM(L127:L133) -> 4694.2259 | M135: =SUM(M127:M133) -> 6571.9162 | ... R135: =SUM(R127:R133) -> 86804.753

Sheet App 3_Service Fee Ref.
B3: APPENDIX 2: MARKET SERVICE FEE RATES
B4: VIETNAM DIAGNOSTIC SERVICE PROJECT
B7: Laboratory Revenue
D8: Level | E8: [1] Medic | F8: [2] Medlatec | G8: [3] Diag | H8: [4] VietSing | I8: [5] Bach Mai | J8: [6] UMC | K8: [7] Cho Ray | L8: Average | M8: Premium Adj. | N8: SKT Biz
B10: Consultation fee | D10: Basic | E10: 3 | F10: 5 | G10: 10 | H10: 10 | I10: 1 | J10: 1 | K10: 1 | L10: =AVERAGE(E10:K10) -> 4.4285714 | M10: 1.5 | N10: =L10*M10 -> 6.6428571
B12: Laboratory Revenue
D13: Level | E13: =E8 -> [1] Medic | F13: =F8 -> [2] Medlatec | G13: =G8 -> [3] Diag | H13: =H8 -> [4] VietSing | I13: =I8 -> [5] Bach Mai | J13: =J8 -> [6] UMC | K13: =K8 -> [7] Cho Ray | L13: Average | M13: Adj. | N13: SKT
B15: Biochemical | D15: Basic | E15: 1.5 | F15: 5 | G15: 2.5 | H15: 7 | I15: 2 | J15: 1 | L15: =AVERAGE(E15:K15) -> 3.1666667 | M15: 1 | N15: =L15*M15 -> 3.1666667
B16: Hermatological | D16: Basic | E16: 2.5 | F16: =125500/20000 -> 6.275 | G16: =64000/20000 -> 3.2 | H16: =175000/20000 -> 8.75 | I16: 3 | J16: 2.5 | L16: =AVERAGE(E16:K16) -> 4.3708333 | M16: =M15 -> 1 | N16: =L16*M16 -> 4.3708333
B17: Immunological | D17: Intermdiate | E17: 5 | F17: 10 | G17: 6 | H17: 10 | I17: / | J17: 5 | L17: =AVERAGE(E17:K17) -> 7.2 | M17: =M16 -> 1 | N17: =L17*M17 -> 7.2
B18: Microbiological | D18: Intermdiate | E18: 3 | F18: 5 | G18: 4 | H18: 7 | I18: 5 | J18: 3 | L18: =AVERAGE(E18:K18) -> 4.5 | M18: =M17 -> 1 | N18: =L18*M18 -> 4.5
B19: Parasitological | D19: Intermdiate | E19: 4 | F19: 5 | H19: 6 | I19: / | J19: 0.5 | L19: =AVERAGE(E19:K19) -> 3.875 | M19: =M18 -> 1 | N19: =L19*M19 -> 3.875
B20: Pathological | D20: Intermdiate | E20: 5 | F20: 7.5 | G20: x | H20: x | L20: =AVERAGE(E20:K20) -> 6.25 | M20: =M19 -> 1 | N20: =L20*M20 -> 6.25
B21: Molecular Biology | D21: Advanced | E21: 50 | F21: =750000/20000 -> 37.5 | G21: =1200000/20000 -> 60 | H21: x | L21: =AVERAGE(E21:K21) -> 49.166667 | M21: =M20 -> 1 | N21: =L21*M21 -> 49.166667
B22: Genetic | D22: Advanced | E22: 60 | F22: 70 | G22: 60 | H22: x | L22: =AVERAGE(E22:K22) -> 63.333333 | M22: =M21 -> 1 | N22: =L22*M22 -> 63.333333
B23: Toxicological | D23: Advanced | G23: 7 | H23: x | L23: =AVERAGE(E23:K23) -> 7 | M23: =M22 -> 1 | N23: =L23*M23 -> 7
B24: Virus Quantification | D24: Advanced | F24: 55 | G24: x | H24: 50 | L24: =AVERAGE(E24:K24) -> 52.5 | M24: =M23 -> 1 | N24: =L24*M24 -> 52.5
B28: Diagnostic Imaging Revenue
E29: =E8 -> [1] Medic | F29: =F8 -> [2] Medlatec | G29: =G8 -> [3] Diag | H29: =H8 -> [4] VietSing | I29: =I8 -> [5] Bach Mai | J29: =J8 -> [6] UMC | K29: =K8 -> [7] Cho Ray | L29: Average | M29: Adj. | N29: SKT
B31: X-ray | D31: Basic | E31: 3 | F31: 6.5 | H31: 10 | I31: 3 | J31: 3.5 | K31: 3 | L31: =AVERAGE(E31:K31) -> 4.8333333 | M31: 1 | N31: =L31*M31 -> 4.8333333
B32: Ultrasound | D32: Basic | E32: 3 | F32: 6 | H32: 10 | I32: 3 | J32: 2 | K32: 10 | L32: =AVERAGE(E32:K32) -> 5.6666667 | M32: 1 | N32: =L32*M32 -> 5.6666667
B33: Endoscopy | D33: Intermediate | E33: 8.5 | F33: 10 | G33: x | H33: 15 | I33: 9 | J33: 8 | K33: 9 | L33: =AVERAGE(E33:K33) -> 9.9166667 | M33: 1 | N33: =L33*M33 -> 9.9166667
B34: CT scanner | D34: Intermediate | E34: 50 | F34: =900000/20000 -> 45 | G34: x | H34: x | I34: 50 | J34: 50 | K34: 50 | L34: =AVERAGE(E34:K34) -> 49 | M34: 1 | N34: =L34*M34 -> 49
B35: MRI | D35: Advanced | E35: 100 | F35: x | G35: x | H35: x | I35: 80 | J35: 100 | K35: 100 | L35: =AVERAGE(E35:K35) -> 95 | M35: 1 | N35: =L35*M35 -> 95
B36: PET scanner | D36: Advanced | E36: 1000 | F36: x | G36: x | H36: 1500 | I36: =28000/20 -> 1400 | J36: 1200 | K36: =25000/20 -> 1250 | L36: =AVERAGE(E36:K36) -> 1270 | M36: 1 | N36: =L36*M36 -> 1270

Sheet App 4_Yr1 Cashflow
B2: APPENDIX 4: YEAR 1 CASHFLOW FORECAST
B3: VIETNAM DIAGNOSTIC SERVICE PROJECT
B5: YEAR 1 CASHFLOW FORECAST
D6: 41275 | E6: 41306 | F6: 41334 | G6: 41365 | H6: 41395 | I6: 41426 | M6: 41456 | N6: 41487 | O6: 41518 | P6: 41548 | Q6: 41579 | R6: 41609 | S6: 41640 | T6: 41671 | U6: 41699 | V6: 41730 | W6: 41760 | X6: 41791 | Y6: Total Yr 1
B8: CAPITAL EXPENDITURES | Z8: check
B9: ='App 6_Yr 1 Capex'!C35 -> Fixtures & Fittings | D9: ='App 6_Yr 1 Capex'!H39 -> 0 | E9: ='App 6_Yr 1 Capex'!I39 -> 0 | F9: ='App 6_Yr 1 Capex'!J39 -> 151100 | G9: ='App 6_Yr 1 Capex'!K39 -> 0 | H9: ='App 6_Yr 1 Capex'!L39 -> 0 | I9: ='App 6_Yr 1 Capex'!M39 -> 0 | M9: ='App 6_Yr 1 Capex'!Q39 -> 0 | N9: ='App 6_Yr 1 Capex'!R39 -> 0 | O9: ='App 6_Yr 1 Capex'!S39 -> 0 | P9: ='App 6_Yr 1 Capex'!T39 -> 0 | Q9: ='App 6_Yr 1 Capex'!U39 -> 0 | R9: ='App 6_Yr 1 Capex'!V39 -> 0 | S9: ='App 6_Yr 1 Capex'!W39 -> 0 | T9: ='App 6_Yr 1 Capex'!X39 -> 0 | ... X9: ='App 6_Yr 1 Capex'!AB39 -> 0 | Y9: =SUM(D9:X9) -> 151100 | Z9: =SUM('App 6_Yr 1 Capex'!E10:E11)-'App 4_Yr1 Cashflow'!Y9 -> 0
B10: ='App 6_Yr 1 Capex'!C41 -> Emergency Room | D10: ='App 6_Yr 1 Capex'!H52 -> 0 | E10: ='App 6_Yr 1 Capex'!I52 -> 0 | F10: ='App 6_Yr 1 Capex'!J52 -> 16050 | G10: ='App 6_Yr 1 Capex'!K52 -> 0 | H10: ='App 6_Yr 1 Capex'!L52 -> 0 | I10: ='App 6_Yr 1 Capex'!M52 -> 0 | M10: ='App 6_Yr 1 Capex'!Q52 -> 0 | N10: ='App 6_Yr 1 Capex'!R52 -> 0 | O10: ='App 6_Yr 1 Capex'!S52 -> 0 | P10: ='App 6_Yr 1 Capex'!T52 -> 0 | Q10: ='App 6_Yr 1 Capex'!U52 -> 0 | R10: ='App 6_Yr 1 Capex'!V52 -> 0 | S10: ='App 6_Yr 1 Capex'!W52 -> 0 | T10: ='App 6_Yr 1 Capex'!X52 -> 0 | ... X10: ='App 6_Yr 1 Capex'!AB52 -> 0 | Y10: =SUM(D10:X10) -> 16050 | Z10: ='App 6_Yr 1 Capex'!E12-'App 4_Yr1 Cashflow'!Y10 -> 0
B11: ='App 6_Yr 1 Capex'!C54 -> Patient Room | D11: ='App 6_Yr 1 Capex'!H58 -> 0 | E11: ='App 6_Yr 1 Capex'!I58 -> 0 | F11: ='App 6_Yr 1 Capex'!J58 -> 1250 | G11: ='App 6_Yr 1 Capex'!K58 -> 0 | H11: ='App 6_Yr 1 Capex'!L58 -> 0 | I11: ='App 6_Yr 1 Capex'!M58 -> 0 | M11: ='App 6_Yr 1 Capex'!Q58 -> 0 | N11: ='App 6_Yr 1 Capex'!R58 -> 0 | O11: ='App 6_Yr 1 Capex'!S58 -> 0 | P11: ='App 6_Yr 1 Capex'!T58 -> 0 | Q11: ='App 6_Yr 1 Capex'!U58 -> 0 | R11: ='App 6_Yr 1 Capex'!V58 -> 0 | S11: ='App 6_Yr 1 Capex'!W58 -> 0 | T11: ='App 6_Yr 1 Capex'!X58 -> 0 | ... X11: ='App 6_Yr 1 Capex'!AB58 -> 0 | Y11: =SUM(D11:X11) -> 1250 | Z11: ='App 6_Yr 1 Capex'!E13-'App 4_Yr1 Cashflow'!Y11 -> 0
B12: ='App 6_Yr 1 Capex'!C60 -> Check-up | D12: ='App 6_Yr 1 Capex'!H96 -> 0 | E12: ='App 6_Yr 1 Capex'!I96 -> 0 | F12: ='App 6_Yr 1 Capex'!J96 -> 47730 | G12: ='App 6_Yr 1 Capex'!K96 -> 12000 | H12: ='App 6_Yr 1 Capex'!L96 -> 0 | I12: ='App 6_Yr 1 Capex'!M96 -> 0 | M12: ='App 6_Yr 1 Capex'!Q96 -> 0 | N12: ='App 6_Yr 1 Capex'!R96 -> 0 | O12: ='App 6_Yr 1 Capex'!S96 -> 0 | P12: ='App 6_Yr 1 Capex'!T96 -> 0 | Q12: ='App 6_Yr 1 Capex'!U96 -> 0 | R12: ='App 6_Yr 1 Capex'!V96 -> 0 | S12: ='App 6_Yr 1 Capex'!W96 -> 0 | T12: ='App 6_Yr 1 Capex'!X96 -> 0 | ... X12: ='App 6_Yr 1 Capex'!AB96 -> 0 | Y12: =SUM(D12:X12) -> 59730 | Z12: ='App 6_Yr 1 Capex'!E14-'App 4_Yr1 Cashflow'!Y12 -> 0
B13: ='App 6_Yr 1 Capex'!C98 -> Laboratory Services | D13: ='App 6_Yr 1 Capex'!H146 -> 0 | E13: ='App 6_Yr 1 Capex'!I146 -> 0 | F13: ='App 6_Yr 1 Capex'!J146 -> 1568819 | G13: ='App 6_Yr 1 Capex'!K146 -> 0 | H13: ='App 6_Yr 1 Capex'!L146 -> 0 | I13: ='App 6_Yr 1 Capex'!M146 -> 0 | M13: ='App 6_Yr 1 Capex'!Q146 -> 312695 | N13: ='App 6_Yr 1 Capex'!R146 -> 73799 | O13: ='App 6_Yr 1 Capex'!S146 -> 621250 | P13: ='App 6_Yr 1 Capex'!T146 -> 0 | Q13: ='App 6_Yr 1 Capex'!U146 -> 3500 | R13: ='App 6_Yr 1 Capex'!V146 -> 767050 | S13: ='App 6_Yr 1 Capex'!W146 -> 0 | T13: ='App 6_Yr 1 Capex'!X146 -> 0 | ... X13: ='App 6_Yr 1 Capex'!AB146 -> 666250 | Y13: =SUM(D13:X13) -> 4013363 | Z13: ='App 6_Yr 1 Capex'!E15-'App 4_Yr1 Cashflow'!Y13 -> 0
B14: ='App 6_Yr 1 Capex'!C148 -> Imaging Diagnosis | D14: ='App 6_Yr 1 Capex'!H165 -> 0 | E14: ='App 6_Yr 1 Capex'!I165 -> 0 | F14: ='App 6_Yr 1 Capex'!J165 -> 2138306 | G14: ='App 6_Yr 1 Capex'!K165 -> 0 | H14: ='App 6_Yr 1 Capex'!L165 -> 0 | I14: ='App 6_Yr 1 Capex'!M165 -> 0 | M14: ='App 6_Yr 1 Capex'!Q165 -> 0 | N14: ='App 6_Yr 1 Capex'!R165 -> 0 | O14: ='App 6_Yr 1 Capex'!S165 -> 529676 | P14: ='App 6_Yr 1 Capex'!T165 -> 0 | Q14: ='App 6_Yr 1 Capex'!U165 -> 0 | R14: ='App 6_Yr 1 Capex'!V165 -> 0 | S14: ='App 6_Yr 1 Capex'!W165 -> 0 | T14: ='App 6_Yr 1 Capex'!X165 -> 0 | ... X14: ='App 6_Yr 1 Capex'!AB165 -> 45620 | Y14: =SUM(D14:X14) -> 2713602 | Z14: ='App 6_Yr 1 Capex'!E16-'App 4_Yr1 Cashflow'!Y14 -> 0
B15: ='App 6_Yr 1 Capex'!C167 -> Computer & Software | D15: ='App 6_Yr 1 Capex'!H183 -> 0 | E15: ='App 6_Yr 1 Capex'!I183 -> 0 | F15: ='App 6_Yr 1 Capex'!J183 -> 32000 | G15: ='App 6_Yr 1 Capex'!K183 -> 0 | H15: ='App 6_Yr 1 Capex'!L183 -> 15000 | I15: ='App 6_Yr 1 Capex'!M183 -> 13961 | M15: ='App 6_Yr 1 Capex'!Q183 -> 5000 | N15: ='App 6_Yr 1 Capex'!R183 -> 0 | O15: ='App 6_Yr 1 Capex'!S183 -> 37126 | P15: ='App 6_Yr 1 Capex'!T183 -> 0 | Q15: ='App 6_Yr 1 Capex'!U183 -> 0 | R15: ='App 6_Yr 1 Capex'!V183 -> 0 | S15: ='App 6_Yr 1 Capex'!W183 -> 0 | T15: ='App 6_Yr 1 Capex'!X183 -> 0 | ... X15: ='App 6_Yr 1 Capex'!AB183 -> 0 | Y15: =SUM(D15:X15) -> 103087 | Z15: =SUM('App 6_Yr 1 Capex'!E17-Y15) -> 0
B16: Furniture | D16: ='App 6_Yr 1 Capex'!H195 -> 0 | E16: ='App 6_Yr 1 Capex'!I195 -> 0 | F16: ='App 6_Yr 1 Capex'!J195 -> 0 | G16: ='App 6_Yr 1 Capex'!K195 -> 0 | H16: ='App 6_Yr 1 Capex'!L195 -> 8000 | I16: ='App 6_Yr 1 Capex'!M195 -> 3140 | M16: ='App 6_Yr 1 Capex'!Q195 -> 4500 | N16: ='App 6_Yr 1 Capex'!R195 -> 0 | O16: ='App 6_Yr 1 Capex'!S195 -> 880 | P16: ='App 6_Yr 1 Capex'!T195 -> 0 | Q16: ='App 6_Yr 1 Capex'!U195 -> 0 | R16: ='App 6_Yr 1 Capex'!V195 -> 5000 | S16: ='App 6_Yr 1 Capex'!W195 -> 0 | T16: ='App 6_Yr 1 Capex'!X195 -> 0 | ... X16: ='App 6_Yr 1 Capex'!AB195 -> 0 | Y16: =SUM(D16:X16) -> 21520 | Z16: =SUM('App 6_Yr 1 Capex'!E18-Y16) -> 0
B17: ='App 6_Yr 1 Capex'!C197 -> Vehicles | D17: ='App 6_Yr 1 Capex'!H202 -> 0 | E17: ='App 6_Yr 1 Capex'!I202 -> 0 | F17: ='App 6_Yr 1 Capex'!J202 -> 0 | G17: ='App 6_Yr 1 Capex'!K202 -> 0 | H17: ='App 6_Yr 1 Capex'!L202 -> 0 | I17: ='App 6_Yr 1 Capex'!M202 -> 0 | M17: ='App 6_Yr 1 Capex'!Q202 -> 1000 | N17: ='App 6_Yr 1 Capex'!R202 -> 0 | O17: ='App 6_Yr 1 Capex'!S202 -> 101000 | P17: ='App 6_Yr 1 Capex'!T202 -> 0 | Q17: ='App 6_Yr 1 Capex'!U202 -> 0 | R17: ='App 6_Yr 1 Capex'!V202 -> 1000 | S17: ='App 6_Yr 1 Capex'!W202 -> 0 | T17: ='App 6_Yr 1 Capex'!X202 -> 0 | ... X17: ='App 6_Yr 1 Capex'!AB202 -> 61000 | Y17: =SUM(D17:X17) -> 164000 | Z17: =SUM('App 6_Yr 1 Capex'!E19-Y17) -> 0
B19: Total Capital Expenditures | D19: =SUM(D9:D18) -> 0 | E19: =SUM(E9:E18) -> 0 | F19: =SUM(F9:F18) -> 3955255 | G19: =SUM(G9:G18) -> 12000 | H19: =SUM(H9:H18) -> 23000 | I19: =SUM(I9:I18) -> 17101 | M19: =SUM(M9:M18) -> 323195 | N19: =SUM(N9:N18) -> 73799 | O19: =SUM(O9:O18) -> 1289932 | P19: =SUM(P9:P18) -> 0 | Q19: =SUM(Q9:Q18) -> 3500 | R19: =SUM(R9:R18) -> 773050 | S19: =SUM(S9:S18) -> 0 | T19: =SUM(T9:T18) -> 0 | ... Y19: =SUM(Y9:Y18) -> 7243702
Y20: ='App 6_Yr 1 Capex'!E21-Y19 -> 0
B21: OPERATING
B22: Payroll | D22: ='App 9_Yr1 Headcount'!J63 -> 4000 | E22: ='App 9_Yr1 Headcount'!K63 -> 4000 | F22: ='App 9_Yr1 Headcount'!L63 -> 5000 | G22: ='App 9_Yr1 Headcount'!M63 -> 5500 | H22: ='App 9_Yr1 Headcount'!N63 -> 5500 | I22: ='App 9_Yr1 Headcount'!O63 -> 5500 | M22: ='App 9_Yr1 Headcount'!K158 -> 65562.5 | N22: ='App 9_Yr1 Headcount'!L158 -> 65562.5 | O22: ='App 9_Yr1 Headcount'!M158 -> 66916.667 | P22: ='App 9_Yr1 Headcount'!N158 -> 67604.167 | Q22: ='App 9_Yr1 Headcount'!O158 -> 68041.667 | R22: ='App 9_Yr1 Headcount'!P158 -> 68666.667 | S22: ='App 9_Yr1 Headcount'!Q158 -> 70687.5 | T22: ='App 9_Yr1 Headcount'!R158 -> 71062.5 | ... X22: ='App 9_Yr1 Headcount'!V158 -> 71500 | Y22: =SUM(D22:X22) -> 859604.17
B23: ='App 11_Yr1 Op Exp'!B8 -> Administration | M23: ='App 11_Yr1 Op Exp'!H60 -> 7041.8338 | N23: ='App 11_Yr1 Op Exp'!I60 -> 5041.8338 | O23: ='App 11_Yr1 Op Exp'!J60 -> 7081.8338 | P23: ='App 11_Yr1 Op Exp'!K60 -> 5161.8338 | Q23: ='App 11_Yr1 Op Exp'!L60 -> 5201.8338 | R23: ='App 11_Yr1 Op Exp'!M60 -> 7241.8338 | S23: ='App 11_Yr1 Op Exp'!N60 -> 5361.8338 | T23: ='App 11_Yr1 Op Exp'!O60 -> 5421.8338 | ... X23: ='App 11_Yr1 Op Exp'!S60 -> 7461.8338 | Y23: =SUM(M23:X23) -> 73402.006
B24: ='App 11_Yr1 Op Exp'!B9 -> Office Rent, Utilities& Supplies | M24: ='App 11_Yr1 Op Exp'!H67 -> 27163.668 | N24: ='App 11_Yr1 Op Exp'!I67 -> 27163.668 | O24: ='App 11_Yr1 Op Exp'!J67 -> 27183.668 | P24: ='App 11_Yr1 Op Exp'!K67 -> 27223.668 | Q24: ='App 11_Yr1 Op Exp'!L67 -> 27243.668 | R24: ='App 11_Yr1 Op Exp'!M67 -> 27263.668 | S24: ='App 11_Yr1 Op Exp'!N67 -> 27323.668 | T24: ='App 11_Yr1 Op Exp'!O67 -> 27353.668 | ... X24: ='App 11_Yr1 Op Exp'!S67 -> 27373.668 | Y24: =SUM(M24:X24) -> 327414.01
B25: ='App 11_Yr1 Op Exp'!B10 -> Marketing & Advertising | M25: ='App 11_Yr1 Op Exp'!H76 -> 9250 | N25: ='App 11_Yr1 Op Exp'!I76 -> 7750 | O25: ='App 11_Yr1 Op Exp'!J76 -> 7750 | P25: ='App 11_Yr1 Op Exp'!K76 -> 8250 | Q25: ='App 11_Yr1 Op Exp'!L76 -> 7750 | R25: ='App 11_Yr1 Op Exp'!M76 -> 7750 | S25: ='App 11_Yr1 Op Exp'!N76 -> 9250 | T25: ='App 11_Yr1 Op Exp'!O76 -> 8250 | ... X25: ='App 11_Yr1 Op Exp'!S76 -> 8250 | Y25: =SUM(M25:X25) -> 97500
B26: ='App 11_Yr1 Op Exp'!B11 -> Education & Training | M26: ='App 11_Yr1 Op Exp'!H83 -> 500 | N26: ='App 11_Yr1 Op Exp'!I83 -> 500 | O26: ='App 11_Yr1 Op Exp'!J83 -> 520 | P26: ='App 11_Yr1 Op Exp'!K83 -> 530 | Q26: ='App 11_Yr1 Op Exp'!L83 -> 540 | R26: ='App 11_Yr1 Op Exp'!M83 -> 560 | S26: ='App 11_Yr1 Op Exp'!N83 -> 610 | T26: ='App 11_Yr1 Op Exp'!O83 -> 610 | ... X26: ='App 11_Yr1 Op Exp'!S83 -> 620 | Y26: =SUM(M26:X26) -> 6850
B27: ='App 11_Yr1 Op Exp'!B12 -> Maintenance | M27: ='App 11_Yr1 Op Exp'!H92 -> 30182.092 | N27: ='App 11_Yr1 Op Exp'!I92 -> 30182.092 | O27: ='App 11_Yr1 Op Exp'!J92 -> 30182.092 | P27: ='App 11_Yr1 Op Exp'!K92 -> 30182.092 | Q27: ='App 11_Yr1 Op Exp'!L92 -> 30182.092 | R27: ='App 11_Yr1 Op Exp'!M92 -> 30182.092 | S27: ='App 11_Yr1 Op Exp'!N92 -> 30182.092 | T27: ='App 11_Yr1 Op Exp'!O92 -> 30182.092 | ... X27: ='App 11_Yr1 Op Exp'!S92 -> 30182.092 | Y27: =SUM(M27:X27) -> 362185.1
B28: ='App 11_Yr1 Op Exp'!B13 -> Others | M28: ='App 11_Yr1 Op Exp'!H101 -> 9747.3353 | N28: ='App 11_Yr1 Op Exp'!I101 -> 9747.3353 | O28: ='App 11_Yr1 Op Exp'!J101 -> 9747.3353 | P28: ='App 11_Yr1 Op Exp'!K101 -> 9747.3353 | Q28: ='App 11_Yr1 Op Exp'!L101 -> 10247.335 | R28: ='App 11_Yr1 Op Exp'!M101 -> 9747.3353 | S28: ='App 11_Yr1 Op Exp'!N101 -> 9747.3353 | T28: ='App 11_Yr1 Op Exp'!O101 -> 9747.3353 | ... X28: ='App 11_Yr1 Op Exp'!S101 -> 9747.3353 | Y28: =SUM(M28:X28) -> 117468.02
B30: Total Operating | D30: =SUM(D22:D28) -> 4000 | E30: =SUM(E22:E28) -> 4000 | F30: =SUM(F22:F28) -> 5000 | G30: =SUM(G22:G28) -> 5500 | H30: =SUM(H22:H28) -> 5500 | I30: =SUM(I22:I28) -> 5500 | M30: =SUM(M22:M28) -> 149447.43 | N30: =SUM(N22:N28) -> 145947.43 | O30: =SUM(O22:O28) -> 149381.6 | P30: =SUM(P22:P28) -> 148699.1 | Q30: =SUM(Q22:Q28) -> 149206.6 | R30: =SUM(R22:R28) -> 151411.6 | S30: =SUM(S22:S28) -> 153162.43 | T30: =SUM(T22:T28) -> 152627.43 | ... Y30: =SUM(Y22:Y28) -> 1844423.3
B32: SALES (30 days lag) | E32: 0 | F32: ='App 2_12M Revenue'!A12 -> 0 | G32: ='App 2_12M Revenue'!B12 -> 0 | H32: ='App 2_12M Revenue'!C12 -> 0 | I32: ='App 2_12M Revenue'!D12 -> 0 | N32: ='App 2_12M Revenue'!F12 -> 35539.979 | O32: ='App 2_12M Revenue'!G12 -> 49755.971 | P32: ='App 2_12M Revenue'!H12 -> 69658.359 | Q32: ='App 2_12M Revenue'!I12 -> 97521.703 | R32: ='App 2_12M Revenue'!J12 -> 136530.38 | S32: ='App 2_12M Revenue'!K12 -> 191142.54 | T32: ='App 2_12M Revenue'!L12 -> 267599.55 | U32: ='App 2_12M Revenue'!M12 -> 374639.37 | ... X32: ='App 2_12M Revenue'!P12 -> 1028010.4 | Y32: =SUM(Y24:Y30) -> 2755840.4
B35: CASH TO BE INJECTED | D35: =-D19-D30+D32 -> -4000 | E35: =-E19-E30+E32 -> -4000 | F35: =-F19-F30+F32 -> -3960255 | G35: =-G19-G30+G32 -> -17500 | H35: =-H19-H30+H32 -> -28500 | I35: =-I19-I30+I32 -> -22601 | J35: =-J19-J30+J32 -> 0 | K35: =-K19-K30+K32 -> 0 | ... Y35: =-Y19-Y30+Y32 -> -6332284.9

Sheet App 5_5-Yr Capex
B2: APPENDIX 5: YEAR 1 CAPEX
B3: VIETNAM DIAGNOSTIC SERVICE PROJECT
B6: SUMMARY | H6: Unit: US $
B8: SUMMARY OF FIXED ASSETS | D8: Year 1 | E8: Year 2 | F8: Year 3 | G8: Year 4 | H8: Year 5
B9: Beginning of Year | D9: =D107+D118+D128+D138+D148+D158 -> 0 | E9: =E107+E118+E128+E138+E148+E158 -> 7075302 | F9: =F107+F118+F128+F138+F148+F158 -> 8490362.4 | G9: =G107+G118+G128+G138+G148+G158 -> 11262762 | H9: =H107+H118+H128+H138+H148+H158 -> 12677822
B10: Addition | D10: =D108+D119+D129+D139+D149+D159 -> 7075302 | E10: =E108+E119+E129+E139+E149+E159 -> 1415060.4 | F10: =F108+F119+F129+F139+F149+F159 -> 2772399.4 | G10: =G108+G119+G129+G139+G149+G159 -> 1415060.4 | H10: =H108+H119+H129+H139+H149+H159 -> 1415060.4
B11: Disposal | D11: =D109+D120+D130+D140+D150+D160 -> 0 | E11: =E109+E120+E130+E140+E150+E160 -> 0 | F11: =F109+F120+F130+F140+F150+F160 -> 0 | G11: =G109+G120+G130+G140+G150+G160 -> 0 | H11: =H109+H120+H130+H140+H150+H160 -> 0
B12: Gross fixed assets | D12: =SUM(D9:D11) -> 7075302 | E12: =SUM(E9:E11) -> 8490362.4 | F12: =SUM(F9:F11) -> 11262762 | G12: =SUM(G9:G11) -> 12677822 | H12: =SUM(H9:H11) -> 14092883
B14: Depreciation charge | D14: =SUMIF($B$62:$B$166,$B$68,D$62:D$166) -> -1441955.8 | E14: =SUMIF($B$62:$B$166,$B$68,E$62:E$166) -> -1728132.5 | F14: =SUMIF($B$62:$B$166,$B$68,F$62:F$166) -> -2287958.4 | G14: =SUMIF($B$62:$B$166,$B$68,G$62:G$166) -> -2569102.5 | H14: =SUMIF($B$62:$B$166,$B$68,H$62:H$166) -> -2848058.3
B15: Accumulated depreciation | D15: =D14 -> -1441955.8 | E15: =E14+D15 -> -3170088.3 | F15: =F14+E15 -> -5458046.8 | G15: =G14+F15 -> -8027149.2 | H15: =H14+G15 -> -10875208
B16: End of Year | D16: =D12+D15 -> 5633346.2 | E16: =E12+E15 -> 5320274.1 | F16: =F12+F15 -> 5804715 | G16: =G12+G15 -> 4650673 | H16: =H12+H15 -> 3217675
B19: FIXED ASSET ADDITIONS | C19: Total | D19: Year 1 | E19: Year 2 | F19: Year 3 | G19: Year 4 | H19: Year 5
B21: ='App 6_Yr 1 Capex'!C10 -> Fixture & Fitting out | C21: =SUM(D21:H21) -> 315000 | D21: ='App 6_Yr 1 Capex'!E10 -> 150000 | E21: =$D21*E39 -> 30000 | F21: =$D21*F39 -> 75000 | G21: =$D21*G39 -> 30000 | H21: =$D21*H39 -> 30000
B22: ='App 6_Yr 1 Capex'!C11 -> Waste management & fire safety system | C22: =SUM(D22:H22) -> 2310 | D22: ='App 6_Yr 1 Capex'!E11 -> 1100 | E22: =$D22*E40 -> 220 | F22: =$D22*F40 -> 550 | G22: =$D22*G40 -> 220 | H22: =$D22*H40 -> 220
B23: ='App 6_Yr 1 Capex'!C12 -> Emergency room | C23: =SUM(D23:H23) -> 28890 | D23: ='App 6_Yr 1 Capex'!E12 -> 16050 | E23: =$D23*E41 -> 3210 | F23: =$D23*F41 -> 3210 | G23: =$D23*G41 -> 3210 | H23: =$D23*H41 -> 3210
A24: ok | B24: ='App 6_Yr 1 Capex'!C13 -> Patient room | C24: =SUM(D24:H24) -> 2250 | D24: ='App 6_Yr 1 Capex'!E13 -> 1250 | E24: =$D24*E42 -> 250 | F24: =$D24*F42 -> 250 | G24: =$D24*G42 -> 250 | H24: =$D24*H42 -> 250
A25: ok | B25: ='App 6_Yr 1 Capex'!C14 -> Check-up | C25: =SUM(D25:H25) -> 119460 | D25: ='App 6_Yr 1 Capex'!E14 -> 59730 | E25: =$D25*E43 -> 11946 | F25: =$D25*F43 -> 23892 | G25: =$D25*G43 -> 11946 | H25: =$D25*H43 -> 11946
A26: ok | B26: ='App 6_Yr 1 Capex'!C15 -> Laboratory | C26: =SUM(D26:H26) -> 8026726 | D26: ='App 6_Yr 1 Capex'!E15 -> 4013363 | E26: =$D26*E44 -> 802672.6 | F26: =$D26*F44 -> 1605345.2 | G26: =$D26*G44 -> 802672.6 | H26: =$D26*H44 -> 802672.6
A27: ok | B27: ='App 6_Yr 1 Capex'!C16 -> Imaging Diagnosis | C27: =SUM(D27:H27) -> 5427204 | D27: ='App 6_Yr 1 Capex'!E16 -> 2713602 | E27: =$D27*E45 -> 542720.4 | F27: =$D27*F45 -> 1085440.8 | G27: =$D27*G45 -> 542720.4 | H27: =$D27*H45 -> 542720.4
A28: ok | B28: ='App 6_Yr 1 Capex'!C17 -> Computers and softwares | C28: =SUM(D28:H28) -> 185556.6 | D28: ='App 6_Yr 1 Capex'!E17 -> 103087 | E28: =$D28*E46 -> 20617.4 | F28: =$D28*F46 -> 20617.4 | G28: =$D28*G46 -> 20617.4 | H28: =$D28*H46 -> 20617.4
A29: ok | B29: ='App 6_Yr 1 Capex'!C18 -> Furnitures | C29: =SUM(D29:H29) -> 38736 | D29: ='App 6_Yr 1 Capex'!E18 -> 21520 | E29: =$D29*E47 -> 4304 | F29: =$D29*F47 -> 4304 | G29: =$D29*G47 -> 4304 | H29: =$D29*H47 -> 4304
A30: ok | B30: ='App 6_Yr 1 Capex'!C19 -> Vehicles | C30: =SUM(D30:H30) -> 295200 | D30: ='App 6_Yr 1 Capex'!E19 -> 164000 | E30: =$D30*E48 -> 32800 | F30: =$D30*F48 -> 32800 | G30: =$D30*G48 -> 32800 | H30: =$D30*H48 -> 32800
B32: TOTAL | C32: =SUM(D32:H32) -> 14261283 | D32: =SUM(D21:D30) -> 7243702 | E32: =SUM(E25:E30) -> 1415060.4 | F32: =SUM(F25:F30) -> 2772399.4 | G32: =SUM(G25:G30) -> 1415060.4 | H32: =SUM(H25:H30) -> 1415060.4
B34: Land Rental Area | D34: ='App 10_5Yr Op Exp'!E20 -> 1500 | E34: ='App 10_5Yr Op Exp'!F20 -> 1500 | F34: ='App 10_5Yr Op Exp'!G20 -> 3000 | G34: ='App 10_5Yr Op Exp'!H20 -> 3000 | H34: ='App 10_5Yr Op Exp'!I20 -> 3000
B35: Growth rate | E35: =E34/D34-1 -> 0 | F35: =F34/E34-1 -> 1 | G35: =G34/F34-1 -> 0 | H35: =H34/G34-1 -> 0
B37: ANNUAL GROWTH RATE | D37: Year 1 | E37: Year 2 | F37: Year 3 | G37: Year 4 | H37: Year 5
B39: =B21 -> Fixture & Fitting out | E39: 0.2 | F39: 0.5 | G39: 0.2 | H39: 0.2
B40: =B22 -> Waste management & fire safety system | E40: 0.2 | F40: 0.5 | G40: 0.2 | H40: 0.2
B41: =B23 -> Emergency room | E41: 0.2 | F41: 0.2 | G41: 0.2 | H41: 0.2
B42: =B24 -> Patient room | E42: 0.2 | F42: 0.2 | G42: 0.2 | H42: 0.2
B43: =B25 -> Check-up | D43: 0 | E43: 0.2 | F43: 0.4 | G43: 0.2 | H43: 0.2
B44: =B26 -> Laboratory | D44: 0 | E44: 0.2 | F44: 0.4 | G44: 0.2 | H44: 0.2
B45: =B27 -> Imaging Diagnosis | E45: 0.2 | F45: 0.4 | G45: 0.2 | H45: 0.2
B46: =B28 -> Computers and softwares | E46: 0.2 | F46: 0.2 | G46: 0.2 | H46: 0.2
B47: =B29 -> Furnitures | E47: 0.2 | F47: 0.2 | G47: 0.2 | H47: 0.2
B48: =B30 -> Vehicles | D48: 0 | E48: 0.2 | F48: 0.2 | G48: 0.2 | H48: 0.2
B50: DEPRECIATION RATE | C50: Yrs of asset
B51: =B21 -> Fixture & Fitting out | C51: 10 | D51: =1/C51 -> 0.1 | E51: =D51 -> 0.1 | F51: =E51 -> 0.1 | G51: =F51 -> 0.1 | H51: =G51 -> 0.1
B52: =B22 -> Waste management & fire safety system | C52: 7 | D52: =1/C52 -> 0.14285714 | E52: =D52 -> 0.14285714 | F52: =E52 -> 0.14285714 | G52: =F52 -> 0.14285714 | H52: =G52 -> 0.14285714
B53: =B23 -> Emergency room | C53: 5 | D53: =1/C53 -> 0.2 | E53: =D53 -> 0.2 | F53: =E53 -> 0.2 | G53: =F53 -> 0.2 | H53: =G53 -> 0.2
B54: =B24 -> Patient room | C54: 5 | D54: =1/C54 -> 0.2 | E54: =D54 -> 0.2 | F54: =E54 -> 0.2 | G54: =F54 -> 0.2 | H54: =G54 -> 0.2
B55: =B25 -> Check-up | C55: 5 | D55: =1/C55 -> 0.2 | E55: =D55 -> 0.2 | F55: =E55 -> 0.2 | G55: =F55 -> 0.2 | H55: =G55 -> 0.2
B56: =B26 -> Laboratory | C56: 5 | D56: =1/C56 -> 0.2 | E56: =D56 -> 0.2 | F56: =E56 -> 0.2 | G56: =F56 -> 0.2 | H56: =G56 -> 0.2
B57: =B27 -> Imaging Diagnosis | C57: 5 | D57: =1/C57 -> 0.2 | E57: =D57 -> 0.2 | F57: =E57 -> 0.2 | G57: =F57 -> 0.2 | H57: =G57 -> 0.2
B58: =B28 -> Computers and softwares | C58: 3 | D58: =1/C58 -> 0.33333333 | E58: =D58 -> 0.33333333 | F58: =E58 -> 0.33333333 | G58: =F58 -> 0.33333333 | H58: =G58 -> 0.33333333
B59: =B29 -> Furnitures | C59: 5 | D59: =1/C59 -> 0.2 | E59: =D59 -> 0.2 | F59: =E59 -> 0.2 | G59: =F59 -> 0.2 | H59: =G59 -> 0.2
B60: =B30 -> Vehicles | C60: 6 | D60: =1/C60 -> 0.16666667 | E60: =D60 -> 0.16666667 | F60: =E60 -> 0.16666667 | G60: =F60 -> 0.16666667 | H60: =G60 -> 0.16666667
B62: FIXTURE & FITTING OUT
B63: Beginning of Year | D63: 0 | E63: =D71 -> 135000 | F63: =E71 -> 133500 | G63: =F71 -> 156150 | H63: =G71 -> 115185
B64: Additions | D64: =D21 -> 150000 | E64: =E21 -> 30000 | F64: =F21 -> 75000 | G64: =G21 -> 30000 | H64: =H21 -> 30000
B65: Disposal | D65: 0 | E65: 0 | F65: 0 | G65: 0 | H65: 0
B66: Gross fixed assets | D66: =SUM(D63:D65) -> 150000 | E66: =SUM(E63:E65) -> 165000 | F66: =SUM(F63:F65) -> 208500 | G66: =SUM(G63:G65) -> 186150 | H66: =SUM(H63:H65) -> 145185
B68: Depreciation charge | D68: =-D66*D51 -> -15000 | E68: =-E66*E51 -> -16500 | F68: =-F66*F51 -> -20850 | G68: =-G66*G51 -> -18615 | H68: =-H66*H51 -> -14518.5
B69: Accumulated depreciation | D69: =C69+D68 -> -15000 | E69: =D69+E68 -> -31500 | F69: =E69+F68 -> -52350 | G69: =F69+G68 -> -70965 | H69: =G69+H68 -> -85483.5
B71: End of Year | D71: =SUM(D66,D69) -> 135000 | E71: =SUM(E66,E69) -> 133500 | F71: =SUM(F66,F69) -> 156150 | G71: =SUM(G66,G69) -> 115185 | H71: =SUM(H66,H69) -> 59701.5
B73: WASTE TREATMENT & FIRE SAFETY SYSTEM
B74: Beginning of Year | D74: 0 | E74: =D82 -> 942.85714 | F74: =E82 -> 839.59184 | G74: =F82 -> 867.81341 | H74: =G82 -> 410.63307
B75: Additions | D75: =D22 -> 1100 | E75: =E22 -> 220 | F75: =F22 -> 550 | G75: =G22 -> 220 | H75: =H22 -> 220
B76: Disposal | D76: 0 | E76: 0 | F76: 0 | G76: 0 | H76: 0
B77: Gross fixed assets | D77: =SUM(D74:D76) -> 1100 | E77: =SUM(E74:E76) -> 1162.8571 | F77: =SUM(F74:F76) -> 1389.5918 | G77: =SUM(G74:G76) -> 1087.8134 | H77: =SUM(H74:H76) -> 630.63307
B79: Depreciation charge | D79: =-D77*D52 -> -157.14286 | E79: =-E77*E52 -> -166.12245 | F79: =-F77*F52 -> -198.51312 | G79: =-G77*G52 -> -155.40192 | H79: =-H77*H52 -> -90.090439
B80: Accumulated depreciation | D80: =C80+D79 -> -157.14286 | E80: =D80+E79 -> -323.26531 | F80: =E80+F79 -> -521.77843 | G80: =F80+G79 -> -677.18034 | H80: =G80+H79 -> -767.27078
B82: End of Year | D82: =SUM(D77,D80) -> 942.85714 | E82: =SUM(E77,E80) -> 839.59184 | F82: =SUM(F77,F80) -> 867.81341 | G82: =SUM(G77,G80) -> 410.63307 | H82: =SUM(H77,H80) -> -136.63771
B84: EMERGENCY ROOM
B85: Beginning of Year | D85: 0 | E85: =D93 -> 12840 | F85: =E93 -> 9630 | G85: =F93 -> 3852 | H85: =G93 -> -3338.4
B86: Additions | D86: =D23 -> 16050 | E86: =E23 -> 3210 | F86: =F23 -> 3210 | G86: =G23 -> 3210 | H86: =H23 -> 3210
B87: Disposal | D87: 0 | E87: 0 | F87: 0 | G87: 0 | H87: 0
B88: Gross fixed assets | D88: =SUM(D85:D87) -> 16050 | E88: =SUM(E85:E87) -> 16050 | F88: =SUM(F85:F87) -> 12840 | G88: =SUM(G85:G87) -> 7062 | H88: =SUM(H85:H87) -> -128.4
B90: Depreciation charge | D90: =-D88*D53 -> -3210 | E90: =-E88*E53 -> -3210 | F90: =-F88*F53 -> -2568 | G90: =-G88*G53 -> -1412.4 | H90: =-H88*H53 -> 25.68
B91: Accumulated depreciation | D91: =C91+D90 -> -3210 | E91: =D91+E90 -> -6420 | F91: =E91+F90 -> -8988 | G91: =F91+G90 -> -10400.4 | H91: =G91+H90 -> -10374.72
B93: End of Year | D93: =SUM(D88,D91) -> 12840 | E93: =SUM(E88,E91) -> 9630 | F93: =SUM(F88,F91) -> 3852 | G93: =SUM(G88,G91) -> -3338.4 | H93: =SUM(H88,H91) -> -10503.12
B95: PATIENT ROOM
B96: Beginning of Year | D96: 0 | E96: =D104 -> 1000 | F96: =E104 -> 750 | G96: =F104 -> 300 | H96: =G104 -> -260
B97: Additions | D97: =D24 -> 1250 | E97: =E24 -> 250 | F97: =F24 -> 250 | G97: =G24 -> 250 | H97: =H24 -> 250
B98: Disposal | D98: 0 | E98: 0 | F98: 0 | G98: 0 | H98: 0
B99: Gross fixed assets | D99: =SUM(D96:D98) -> 1250 | E99: =SUM(E96:E98) -> 1250 | F99: =SUM(F96:F98) -> 1000 | G99: =SUM(G96:G98) -> 550 | H99: =SUM(H96:H98) -> -10
B101: Depreciation charge | D101: =-D99*D54 -> -250 | E101: =-E99*E54 -> -250 | F101: =-F99*F54 -> -200 | G101: =-G99*G54 -> -110 | H101: =-H99*H54 -> 2
B102: Accumulated depreciation | D102: =C102+D101 -> -250 | E102: =D102+E101 -> -500 | F102: =E102+F101 -> -700 | G102: =F102+G101 -> -810 | H102: =G102+H101 -> -808
B104: End of Year | D104: =SUM(D99,D102) -> 1000 | E104: =SUM(E99,E102) -> 750 | F104: =SUM(F99,F102) -> 300 | G104: =SUM(G99,G102) -> -260 | H104: =SUM(H99,H102) -> -818
B106: CHECK-UP
B107: Beginning of Year | D107: 0 | E107: =D110 -> 59730 | F107: =E110 -> 71676 | G107: =F110 -> 95568 | H107: =G110 -> 107514
B108: Additions | D108: =D25 -> 59730 | E108: =E25 -> 11946 | F108: =F25 -> 23892 | G108: =G25 -> 11946 | H108: =H25 -> 11946
B109: Disposal | D109: 0 | E109: 0 | F109: 0 | G109: 0 | H109: 0
B110: Gross fixed assets | D110: =D107+D108+D109 -> 59730 | E110: =E107+E108+E109 -> 71676 | F110: =F107+F108+F109 -> 95568 | G110: =G107+G108+G109 -> 107514 | H110: =H107+H108+H109 -> 119460
B112: Depreciation charge | D112: =-D110*D55 -> -11946 | E112: =-E110*E55 -> -14335.2 | F112: =-F110*F55 -> -19113.6 | G112: =-G110*G55 -> -21502.8 | H112: =-H110*H55 -> -23892
B113: Accumulated depreciation | D113: =D112 -> -11946 | E113: =D113+E112 -> -26281.2 | F113: =E113+F112 -> -45394.8 | G113: =F113+G112 -> -66897.6 | H113: =G113+H112 -> -90789.6
B115: End of Year | D115: =D110+D113 -> 47784 | E115: =E110+E113 -> 45394.8 | F115: =F110+F113 -> 50173.2 | G115: =G110+G113 -> 40616.4 | H115: =H110+H113 -> 28670.4
B117: LABORATORY
B118: Beginning of Year | D118: 0 | E118: =D121 -> 4013363 | F118: =E121 -> 4816035.6 | G118: =F121 -> 6421380.8 | H118: =G121 -> 7224053.4
B119: Addition | D119: =D26 -> 4013363 | E119: =E26 -> 802672.6 | F119: =F26 -> 1605345.2 | G119: =G26 -> 802672.6 | H119: =H26 -> 802672.6
B120: Disposal | D120: 0 | E120: 0 | F120: 0 | G120: 0 | H120: 0
B121: Gross fixed assets | D121: =SUM(D118:D120) -> 4013363 | E121: =SUM(E118:E120) -> 4816035.6 | F121: =SUM(F118:F120) -> 6421380.8 | G121: =SUM(G118:G120) -> 7224053.4 | H121: =SUM(H118:H120) -> 8026726
B123: Depreciation charge | D123: =-D121*D56 -> -802672.6 | E123: =-E121*E56 -> -963207.12 | F123: =-F121*F56 -> -1284276.2 | G123: =-G121*G56 -> -1444810.7 | H123: =-H121*H56 -> -1605345.2
B124: Accumulated depreciation | D124: =D123 -> -802672.6 | E124: =D124+E123 -> -1765879.7 | F124: =E124+F123 -> -3050155.9 | G124: =F124+G123 -> -4494966.6 | H124: =G124+H123 -> -6100311.8
B125: End of Year | D125: =D121+D124 -> 3210690.4 | E125: =E121+E124 -> 3050155.9 | F125: =F121+F124 -> 3371224.9 | G125: =G121+G124 -> 2729086.8 | H125: =H121+H124 -> 1926414.2
B127: IMAGING DIAGNOSIS
B128: Beginning of Year | D128: 0 | E128: =D131 -> 2713602 | F128: =E131 -> 3256322.4 | G128: =F131 -> 4341763.2 | H128: =G131 -> 4884483.6
B129: Addition | D129: =D27 -> 2713602 | E129: =E27 -> 542720.4 | F129: =F27 -> 1085440.8 | G129: =G27 -> 542720.4 | H129: =H27 -> 542720.4
B130: Disposal | D130: 0 | E130: 0 | F130: 0 | G130: 0 | H130: 0
B131: Gross fixed assets | D131: =SUM(D128:D130) -> 2713602 | E131: =SUM(E128:E130) -> 3256322.4 | F131: =SUM(F128:F130) -> 4341763.2 | G131: =SUM(G128:G130) -> 4884483.6 | H131: =SUM(H128:H130) -> 5427204
...

Sheet App 6_Yr 1 Capex
C2: APPENDIX 6: YEAR 1 CAPEX
C3: VIETNAM DIAGNOSTIC SERVICE PROJECT
C5: YEAR 1 SUMMARY
F6: % | G6: Note
C7: Pre-Operational Capex | E7: =SUM($E$36:$E$38,$E$52,$E$58,$E$96,$E$146,$E$165,$E$183,$E$195,$E$202) -> 4007356 | F7: =E7/$E$9 -> 0.55321933 | G7: To obtain license
C8: Operation Capex | E8: =SUM($N$52,$N$58,$N$96,$N$146,$N$165,$N$183,$N$195,$N$202) -> 3236346 | F8: =E8/$E$9 -> 0.44678067
C9: Total | E9: =SUM(E7:E8) -> 7243702 | F9: =SUM(F7:F8) -> 1
C10: =C36 -> Fixture & Fitting out | E10: =SUM(E36,N36) -> 150000 | F10: =E10/$E$21 -> 0.020707644
C11: Waste management & fire safety system | E11: =SUM(E37:E38,N37:N38) -> 1100 | F11: =E11/$E$21 -> 0.00015185605
C12: Emergency room | E12: =SUM(N52,E52) -> 16050 | F12: =E12/$E$21 -> 0.0022157179
C13: Patient room | E13: =SUM(N58,E58) -> 1250 | F13: =E13/$E$21 -> 0.0001725637
C14: Check-up | E14: =SUM(N96,E96) -> 59730 | F14: =E14/$E$21 -> 0.0082457837
C15: Laboratory | E15: =SUM(N146,E146) -> 4013363 | F15: =E15/$E$21 -> 0.55404861
C16: Imaging Diagnosis | E16: =SUM(N165,E165) -> 2713602 | F16: =E16/$E$21 -> 0.37461536
C17: Computers and softwares | E17: =SUM(N183,E183) -> 103087 | F17: =E17/$E$21 -> 0.014231259
C18: Furnitures | E18: =SUM(N195,E195) -> 21520 | F18: =E18/$E$21 -> 0.0029708566
C19: Vehicles | E19: =SUM(N371,E371) -> 164000 | F19: =E19/$E$21 -> 0.022640357
C21: TOTAL | E21: =SUM(E10:E19) -> 7243702 | F21: =SUM(F10:F19) -> 1 | G21: =E9-E21 -> 0
C23: CAPEX ASSUMPTIONS
E24: US$ | F24: Unit | G24: Note
C26: LCD coverage area | E26: 0.4 | F26: of total area
C27: Area per LCD | E27: 50 | F27: m2 per camera
C28: Area per air-conditioner | E28: 50 | F28: m2 per airconditioner
C29: Camera coverage area | E29: 0.3 | F29: of total area
C30: Area per camera | E30: 20 | F30: m2 per camera
C33: Year 1 Capex (USD) | E33: Pre-Operation | N33: Operation
E34: Total | F34: Quantity | G34: Cost per unit | H34: 41275 | I34: 41306 | J34: 41334 | K34: 41365 | L34: 41395 | M34: 41426 | N34: Total | O34: Quantity | P34: Cost per unit | Q34: 41456 | R34: 41487 | S34: 41518 | T34: 41548 | U34: 41579 | V34: 41609 | W34: 41640 | X34: 41671 | Y34: 41699 | Z34: 41730 | AA34: 41760 | AB34: 41791 | AC34: recommended | AD34: check
C35: Fixtures & Fittings
C36: ='App 7_Pre-operational Costs'!B9 -> Fixture & Fitting out | E36: =G36*F36 -> 150000 | F36: ='App 7_Pre-operational Costs'!C9 -> 1500 | G36: ='App 7_Pre-operational Costs'!E44 -> 100 | H36: ='App 7_Pre-operational Costs'!G9 -> 0 | I36: ='App 7_Pre-operational Costs'!H9 -> 0 | J36: ='App 7_Pre-operational Costs'!I9 -> 150000 | K36: ='App 7_Pre-operational Costs'!J44 -> 0 | L36: ='App 7_Pre-operational Costs'!K44 -> 0 | M36: ='App 7_Pre-operational Costs'!L44 -> 0 | N36: =P36*O36 -> 0 | O36: =SUM(Q36:AB36) -> 0 | P36: =G36 -> 100 | Q36: 0 | R36: 0 | S36: 0 | T36: 0 | U36: 0 | V36: 0 | W36: 0 | X36: 0 | Y36: 0 | Z36: 0 | AA36: 0 | AB36: 0
C37: Waste treatment system | E37: =G37*F37 -> 1000 | F37: ='App 7_Pre-operational Costs'!C53 -> 1 | G37: ='App 7_Pre-operational Costs'!E53 -> 1000 | H37: ='App 7_Pre-operational Costs'!G53 -> 0 | I37: ='App 7_Pre-operational Costs'!H53 -> 0 | J37: ='App 7_Pre-operational Costs'!I18 -> 1000 | K37: ='App 7_Pre-operational Costs'!J53 -> 0 | L37: ='App 7_Pre-operational Costs'!K53 -> 0 | M37: ='App 7_Pre-operational Costs'!L53 -> 0 | N37: =P37*O37 -> 0 | O37: =SUM(Q37:AB37) -> 0 | P37: =G37 -> 1000 | Q37: 0 | R37: 0 | S37: 0 | T37: 0 | U37: 0 | V37: 0 | W37: 0 | X37: 0 | Y37: 0 | Z37: 0 | AA37: 0 | AB37: 0
C38: Fire safety system | E38: =G38*F38 -> 100 | F38: ='App 7_Pre-operational Costs'!C54 -> 1 | G38: ='App 7_Pre-operational Costs'!E54 -> 100 | H38: ='App 7_Pre-operational Costs'!G54 -> 0 | I38: ='App 7_Pre-operational Costs'!H54 -> 0 | J38: ='App 7_Pre-operational Costs'!I19 -> 100 | K38: ='App 7_Pre-operational Costs'!J54 -> 0 | L38: ='App 7_Pre-operational Costs'!K54 -> 0 | M38: ='App 7_Pre-operational Costs'!L54 -> 0 | N38: =P38*O38 -> 0 | O38: =SUM(Q38:AB38) -> 0 | P38: =G38 -> 100 | Q38: 0 | R38: 0 | S38: 0 | T38: 0 | U38: 0 | V38: 0 | W38: 0 | X38: 0 | Y38: 0 | Z38: 0 | AA38: 0 | AB38: 0
C39: TOTAL | H39: =SUM(H36:H38) -> 0 | I39: =SUM(I36:I38) -> 0 | J39: =SUM(J36:J38) -> 151100 | K39: =SUM(K36:K38) -> 0 | L39: =SUM(L36:L38) -> 0 | M39: =SUM(M36:M38) -> 0 | Q39: =SUM(Q36:Q38) -> 0 | R39: =SUM(R36:R38) -> 0 | S39: =SUM(S36:S38) -> 0 | T39: =SUM(T36:T38) -> 0 | U39: =SUM(U36:U38) -> 0 | V39: =SUM(V36:V38) -> 0 | W39: =SUM(W36:W38) -> 0 | X39: =SUM(X36:X38) -> 0 | ... AB39: =SUM(AB36:AB38) -> 0
C41: =C209 -> Emergency Room
C42: =C210 -> Ambu bag valve mask | E42: =SUM(H42:M42) -> 100 | F42: =F210 -> 2 | G42: =G210 -> 50 | H42: =$G42*H210 -> 0 | I42: =$G42*I210 -> 0 | J42: =$G42*J210 -> 100 | K42: =$G42*K210 -> 0 | L42: =$G42*L210 -> 0 | M42: =$G42*M210 -> 0 | N42: =SUM(Q42:AB42) -> 0 | O42: =O210 -> 0 | P42: =G42 -> 50 | Q42: =$P42*Q210 -> 0 | R42: =$P42*R210 -> 0 | S42: =$P42*S210 -> 0 | T42: =$P42*T210 -> 0 | U42: =$P42*U210 -> 0 | V42: =$P42*V210 -> 0 | W42: =$P42*W210 -> 0 | X42: =$P42*X210 -> 0 | ... AB42: =$P42*AB210 -> 0
C43: =C211 -> Personal oxygen generator | E43: =SUM(H43:M43) -> 350 | F43: =F211 -> 1 | G43: =G211 -> 350 | H43: =$G43*H211 -> 0 | I43: =$G43*I211 -> 0 | J43: =$G43*J211 -> 350 | K43: =$G43*K211 -> 0 | L43: =$G43*L211 -> 0 | M43: =$G43*M211 -> 0 | N43: =SUM(Q43:AB43) -> 0 | O43: =O211 -> 0 | P43: =G43 -> 350 | Q43: =$P43*Q211 -> 0 | R43: =$P43*R211 -> 0 | S43: =$P43*S211 -> 0 | T43: =$P43*T211 -> 0 | U43: =$P43*U211 -> 0 | V43: =$P43*V211 -> 0 | W43: =$P43*W211 -> 0 | X43: =$P43*X211 -> 0 | ... AB43: =$P43*AB211 -> 0
C44: =C212 -> Emergency bed | E44: =SUM(H44:M44) -> 200 | F44: =F212 -> 1 | G44: =G212 -> 200 | H44: =$G44*H212 -> 0 | I44: =$G44*I212 -> 0 | J44: =$G44*J212 -> 200 | K44: =$G44*K212 -> 0 | L44: =$G44*L212 -> 0 | M44: =$G44*M212 -> 0 | N44: =SUM(Q44:AB44) -> 0 | O44: =O212 -> 0 | P44: =G44 -> 200 | Q44: =$P44*Q212 -> 0 | R44: =$P44*R212 -> 0 | S44: =$P44*S212 -> 0 | T44: =$P44*T212 -> 0 | U44: =$P44*U212 -> 0 | V44: =$P44*V212 -> 0 | W44: =$P44*W212 -> 0 | X44: =$P44*X212 -> 0 | ... AB44: =$P44*AB212 -> 0
C45: =C213 -> Patient trolley | E45: =SUM(H45:M45) -> 100 | F45: =F213 -> 1 | G45: =G213 -> 100 | H45: =$G45*H213 -> 0 | I45: =$G45*I213 -> 0 | J45: =$G45*J213 -> 100 | K45: =$G45*K213 -> 0 | L45: =$G45*L213 -> 0 | M45: =$G45*M213 -> 0 | N45: =SUM(Q45:AB45) -> 0 | O45: =O213 -> 0 | P45: =G45 -> 100 | Q45: =$P45*Q213 -> 0 | R45: =$P45*R213 -> 0 | S45: =$P45*S213 -> 0 | T45: =$P45*T213 -> 0 | U45: =$P45*U213 -> 0 | V45: =$P45*V213 -> 0 | W45: =$P45*W213 -> 0 | X45: =$P45*X213 -> 0 | ... AB45: =$P45*AB213 -> 0
C46: =C214 -> Minor surgery kits | E46: =SUM(H46:M46) -> 200 | F46: =F214 -> 2 | G46: =G214 -> 100 | H46: =$G46*H214 -> 0 | I46: =$G46*I214 -> 0 | J46: =$G46*J214 -> 200 | K46: =$G46*K214 -> 0 | L46: =$G46*L214 -> 0 | M46: =$G46*M214 -> 0 | N46: =SUM(Q46:AB46) -> 0 | O46: =O214 -> 0 | P46: =G46 -> 100 | Q46: =$P46*Q214 -> 0 | R46: =$P46*R214 -> 0 | S46: =$P46*S214 -> 0 | T46: =$P46*T214 -> 0 | U46: =$P46*U214 -> 0 | V46: =$P46*V214 -> 0 | W46: =$P46*W214 -> 0 | X46: =$P46*X214 -> 0 | ... AB46: =$P46*AB214 -> 0
C47: =C215 -> Ventilator | E47: =SUM(H47:M47) -> 5000 | F47: =F215 -> 1 | G47: =G215 -> 5000 | H47: =$G47*H215 -> 0 | I47: =$G47*I215 -> 0 | J47: =$G47*J215 -> 5000 | K47: =$G47*K215 -> 0 | L47: =$G47*L215 -> 0 | M47: =$G47*M215 -> 0 | N47: =SUM(Q47:AB47) -> 0 | O47: =O215 -> 0 | P47: =G47 -> 5000 | Q47: =$P47*Q215 -> 0 | R47: =$P47*R215 -> 0 | S47: =$P47*S215 -> 0 | T47: =$P47*T215 -> 0 | U47: =$P47*U215 -> 0 | V47: =$P47*V215 -> 0 | W47: =$P47*W215 -> 0 | X47: =$P47*X215 -> 0 | ... AB47: =$P47*AB215 -> 0
C48: =C216 -> Anesthasia machine | E48: =SUM(H48:M48) -> 8000 | F48: =F216 -> 1 | G48: =G216 -> 8000 | H48: =$G48*H216 -> 0 | I48: =$G48*I216 -> 0 | J48: =$G48*J216 -> 8000 | K48: =$G48*K216 -> 0 | L48: =$G48*L216 -> 0 | M48: =$G48*M216 -> 0 | N48: =SUM(Q48:AB48) -> 0 | O48: =O216 -> 0 | P48: =G48 -> 8000 | Q48: =$P48*Q216 -> 0 | R48: =$P48*R216 -> 0 | S48: =$P48*S216 -> 0 | T48: =$P48*T216 -> 0 | U48: =$P48*U216 -> 0 | V48: =$P48*V216 -> 0 | W48: =$P48*W216 -> 0 | X48: =$P48*X216 -> 0 | ... AB48: =$P48*AB216 -> 0
C49: =C217 -> Infusion pump | E49: =SUM(H49:M49) -> 1100 | F49: =F217 -> 1 | G49: =G217 -> 1100 | H49: =$G49*H217 -> 0 | I49: =$G49*I217 -> 0 | J49: =$G49*J217 -> 1100 | K49: =$G49*K217 -> 0 | L49: =$G49*L217 -> 0 | M49: =$G49*M217 -> 0 | N49: =SUM(Q49:AB49) -> 0 | O49: =O217 -> 0 | P49: =G49 -> 1100 | Q49: =$P49*Q217 -> 0 | R49: =$P49*R217 -> 0 | S49: =$P49*S217 -> 0 | T49: =$P49*T217 -> 0 | U49: =$P49*U217 -> 0 | V49: =$P49*V217 -> 0 | W49: =$P49*W217 -> 0 | X49: =$P49*X217 -> 0 | ... AB49: =$P49*AB217 -> 0
C50: =C218 -> Electric Generator 2500w-3000w,220v,50hz | E50: =SUM(H50:M50) -> 1000 | F50: =F218 -> 1 | G50: =G218 -> 1000 | H50: =$G50*H218 -> 0 | I50: =$G50*I218 -> 0 | J50: =$G50*J218 -> 1000 | K50: =$G50*K218 -> 0 | L50: =$G50*L218 -> 0 | M50: =$G50*M218 -> 0 | N50: =SUM(Q50:AB50) -> 0 | O50: =O218 -> 0 | P50: =G50 -> 1000 | Q50: =$P50*Q218 -> 0 | R50: =$P50*R218 -> 0 | S50: =$P50*S218 -> 0 | T50: =$P50*T218 -> 0 | U50: =$P50*U218 -> 0 | V50: =$P50*V218 -> 0 | W50: =$P50*W218 -> 0 | X50: =$P50*X218 -> 0 | ... AB50: =$P50*AB218 -> 0
C52: Total | E52: =SUM(E42:E50) -> 16050 | H52: =SUM(H42:H50) -> 0 | I52: =SUM(I42:I50) -> 0 | J52: =SUM(J42:J50) -> 16050 | K52: =SUM(K42:K50) -> 0 | L52: =SUM(L42:L50) -> 0 | M52: =SUM(M42:M50) -> 0 | N52: =SUM(N42:N50) -> 0 | Q52: =SUM(Q42:Q50) -> 0 | R52: =SUM(R42:R50) -> 0 | S52: =SUM(S42:S50) -> 0 | T52: =SUM(T42:T50) -> 0 | U52: =SUM(U42:U50) -> 0 | V52: =SUM(V42:V50) -> 0 | W52: =SUM(W42:W50) -> 0 | X52: =SUM(X42:X50) -> 0 | ... AB52: =SUM(AB42:AB50) -> 0
C54: =C222 -> Patient Room
C55: =C223 -> Patient beds (in-day) | E55: =SUM(H55:M55) -> 750 | F55: =F223 -> 5 | G55: =G223 -> 150 | H55: =$G55*H223 -> 0 | I55: =$G55*I223 -> 0 | J55: =$G55*J223 -> 750 | K55: =$G55*K223 -> 0 | L55: =$G55*L223 -> 0 | M55: =$G55*M223 -> 0 | N55: =SUM(Q55:AB55) -> 0 | O55: =O223 -> 0 | P55: =G55 -> 150 | Q55: =$P55*Q223 -> 0 | R55: =$P55*R223 -> 0 | S55: =$P55*S223 -> 0 | T55: =$P55*T223 -> 0 | U55: =$P55*U223 -> 0 | V55: =$P55*V223 -> 0 | W55: =$P55*W223 -> 0 | X55: =$P55*X223 -> 0 | ... AB55: =$P55*AB223 -> 0
C56: =C224 -> Nurse calling system | E56: =SUM(H56:M56) -> 500 | F56: =F224 -> 1 | G56: =G224 -> 500 | H56: =$G56*H224 -> 0 | I56: =$G56*I224 -> 0 | J56: =$G56*J224 -> 500 | K56: =$G56*K224 -> 0 | L56: =$G56*L224 -> 0 | M56: =$G56*M224 -> 0 | N56: =SUM(Q56:AB56) -> 0 | O56: =O224 -> 0 | P56: =G56 -> 500 | Q56: =$P56*Q224 -> 0 | R56: =$P56*R224 -> 0 | S56: =$P56*S224 -> 0 | T56: =$P56*T224 -> 0 | U56: =$P56*U224 -> 0 | V56: =$P56*V224 -> 0 | W56: =$P56*W224 -> 0 | X56: =$P56*X224 -> 0 | ... AB56: =$P56*AB224 -> 0
C58: Total | E58: =SUM(E55:E56) -> 1250 | H58: =SUM(H55:H56) -> 0 | I58: =SUM(I55:I56) -> 0 | J58: =SUM(J55:J56) -> 1250 | K58: =SUM(K55:K56) -> 0 | L58: =SUM(L55:L56) -> 0 | M58: =SUM(M55:M56) -> 0 | N58: =SUM(N55:N56) -> 0 | Q58: =SUM(Q55:Q56) -> 0 | R58: =SUM(R55:R56) -> 0 | S58: =SUM(S55:S56) -> 0 | T58: =SUM(T55:T56) -> 0 | U58: =SUM(U55:U56) -> 0 | V58: =SUM(V55:V56) -> 0 | W58: =SUM(W55:W56) -> 0 | X58: =SUM(X55:X56) -> 0 | ... AB58: =SUM(AB55:AB56) -> 0
C60: =C228 -> Check-up
C61: =C229 -> Check-up- General equipments
C62: =C230 -> Scale with Height measuring instrument | E62: =SUM(H62:M62) -> 1830 | F62: =F230 -> 2 | G62: =G230 -> 915 | H62: =$G62*H230 -> 0 | I62: =$G62*I230 -> 0 | J62: =$G62*J230 -> 1830 | K62: =$G62*K230 -> 0 | L62: =$G62*L230 -> 0 | M62: =$G62*M230 -> 0 | N62: =SUM(Q62:AB62) -> 0 | O62: =O230 -> 0 | P62: =G62 -> 915 | Q62: =$P62*Q230 -> 0 | R62: =$P62*R230 -> 0 | S62: =$P62*S230 -> 0 | T62: =$P62*T230 -> 0 | U62: =$P62*U230 -> 0 | V62: =$P62*V230 -> 0 | W62: =$P62*W230 -> 0 | X62: =$P62*X230 -> 0 | ... AB62: =$P62*AB230 -> 0 | AC62: ='List of equipment'!$Q$18 -> 2 | AD62: =IF(SUM(F62,O62)-AC62>=0,"True","False") -> True
C63: =C231 -> Stethoscope | E63: =SUM(H63:M63) -> 3720 | F63: =F231 -> 12 | G63: =G231 -> 310 | H63: =$G63*H231 -> 0 | I63: =$G63*I231 -> 0 | J63: =$G63*J231 -> 3720 | K63: =$G63*K231 -> 0 | L63: =$G63*L231 -> 0 | M63: =$G63*M231 -> 0 | N63: =SUM(Q63:AB63) -> 0 | O63: =O231 -> 0 | P63: =G63 -> 310 | Q63: =$P63*Q231 -> 0 | R63: =$P63*R231 -> 0 | S63: =$P63*S231 -> 0 | T63: =$P63*T231 -> 0 | U63: =$P63*U231 -> 0 | V63: =$P63*V231 -> 0 | W63: =$P63*W231 -> 0 | X63: =$P63*X231 -> 0 | ... AB63: =$P63*AB231 -> 0 | AC63: =SUM('App 9_Yr1 Headcount'!$K$189:$K$191) -> 5 | AD63: =IF(SUM(F63,O63)-AC63>=0,"True","False") -> True
C64: =C232 -> Sphygmomanometer | E64: =SUM(H64:M64) -> 2160 | F64: =F232 -> 12 | G64: =G232 -> 180 | H64: =$G64*H232 -> 0 | I64: =$G64*I232 -> 0 | J64: =$G64*J232 -> 2160 | K64: =$G64*K232 -> 0 | L64: =$G64*L232 -> 0 | M64: =$G64*M232 -> 0 | N64: =SUM(Q64:AB64) -> 0 | O64: =O232 -> 0 | P64: =G64 -> 180 | Q64: =$P64*Q232 -> 0 | R64: =$P64*R232 -> 0 | S64: =$P64*S232 -> 0 | T64: =$P64*T232 -> 0 | U64: =$P64*U232 -> 0 | V64: =$P64*V232 -> 0 | W64: =$P64*W232 -> 0 | X64: =$P64*X232 -> 0 | ... AB64: =$P64*AB232 -> 0 | AC64: =SUM('App 9_Yr1 Headcount'!$K$189:$K$191) -> 5 | AD64: =IF(SUM(F64,O64)-AC64>=0,"True","False") -> True
C65: =C233 -> ECG | E65: =SUM(H65:M65) -> 12000 | F65: =F233 -> 1 | G65: =G233 -> 12000 | H65: =$G65*H233 -> 0 | I65: =$G65*I233 -> 0 | J65: =$G65*J233 -> 0 | K65: =$G65*K233 -> 12000 | L65: =$G65*L233 -> 0 | M65: =$G65*M233 -> 0 | N65: =SUM(Q65:AB65) -> 0 | O65: =O233 -> 0 | P65: =G65 -> 12000 | Q65: =$P65*Q233 -> 0 | R65: =$P65*R233 -> 0 | S65: =$P65*S233 -> 0 | T65: =$P65*T233 -> 0 | U65: =$P65*U233 -> 0 | V65: =$P65*V233 -> 0 | W65: =$P65*W233 -> 0 | X65: =$P65*X233 -> 0 | ... AB65: =$P65*AB233 -> 0 | AC65: ='List of equipment'!$Q$35 -> 1 | AD65: =IF(SUM(F65,O65)-AC65>=0,"True","False") -> True
C66: =C234 -> Check-up- Internal Medicine | E66: =SUM(H66:M66) -> 0 | F66: =F234 -> 0 | G66: =G234 -> 0 | H66: =$G66*H234 -> 0 | I66: =$G66*I234 -> 0 | J66: =$G66*J234 -> 0 | K66: =$G66*K234 -> 0 | L66: =$G66*L234 -> 0 | M66: =$G66*M234 -> 0 | N66: =SUM(Q66:AB66) -> 0 | O66: =O234 -> 0 | P66: =G66 -> 0 | Q66: =$P66*Q234 -> 0 | R66: =$P66*R234 -> 0 | S66: =$P66*S234 -> 0 | T66: =$P66*T234 -> 0 | U66: =$P66*U234 -> 0 | V66: =$P66*V234 -> 0 | W66: =$P66*W234 -> 0 | X66: =$P66*X234 -> 0 | ... AB66: =$P66*AB234 -> 0
C67: =C235 -> Vision chart | E67: =SUM(H67:M67) -> 25 | F67: =F235 -> 1 | G67: =G235 -> 25 | H67: =$G67*H235 -> 0 | I67: =$G67*I235 -> 0 | J67: =$G67*J235 -> 25 | K67: =$G67*K235 -> 0 | L67: =$G67*L235 -> 0 | M67: =$G67*M235 -> 0 | N67: =SUM(Q67:AB67) -> 0 | O67: =O235 -> 0 | P67: =G67 -> 25 | Q67: =$P67*Q235 -> 0 | R67: =$P67*R235 -> 0 | S67: =$P67*S235 -> 0 | T67: =$P67*T235 -> 0 | U67: =$P67*U235 -> 0 | V67: =$P67*V235 -> 0 | W67: =$P67*W235 -> 0 | X67: =$P67*X235 -> 0 | ... AB67: =$P67*AB235 -> 0
C68: =C236 -> Knee jerk hammer | E68: =SUM(H68:M68) -> 20 | F68: =F236 -> 1 | G68: =G236 -> 20 | H68: =$G68*H236 -> 0 | I68: =$G68*I236 -> 0 | J68: =$G68*J236 -> 20 | K68: =$G68*K236 -> 0 | L68: =$G68*L236 -> 0 | M68: =$G68*M236 -> 0 | N68: =SUM(Q68:AB68) -> 0 | O68: =O236 -> 0 | P68: =G68 -> 20 | Q68: =$P68*Q236 -> 0 | R68: =$P68*R236 -> 0 | S68: =$P68*S236 -> 0 | T68: =$P68*T236 -> 0 | U68: =$P68*U236 -> 0 | V68: =$P68*V236 -> 0 | W68: =$P68*W236 -> 0 | X68: =$P68*X236 -> 0 | ... AB68: =$P68*AB236 -> 0
C69: =C237 -> Tongue depressor | E69: =SUM(H69:M69) -> 10 | F69: =F237 -> 1 | G69: =G237 -> 10 | H69: =$G69*H237 -> 0 | I69: =$G69*I237 -> 0 | J69: =$G69*J237 -> 10 | K69: =$G69*K237 -> 0 | L69: =$G69*L237 -> 0 | M69: =$G69*M237 -> 0 | N69: =SUM(Q69:AB69) -> 0 | O69: =O237 -> 0 | P69: =G69 -> 10 | Q69: =$P69*Q237 -> 0 | R69: =$P69*R237 -> 0 | S69: =$P69*S237 -> 0 | T69: =$P69*T237 -> 0 | U69: =$P69*U237 -> 0 | V69: =$P69*V237 -> 0 | W69: =$P69*W237 -> 0 | X69: =$P69*X237 -> 0 | ... AB69: =$P69*AB237 -> 0
C70: =C238 -> Tool box | E70: =SUM(H70:M70) -> 10 | F70: =F238 -> 1 | G70: =G238 -> 10 | H70: =$G70*H238 -> 0 | I70: =$G70*I238 -> 0 | J70: =$G70*J238 -> 10 | K70: =$G70*K238 -> 0 | L70: =$G70*L238 -> 0 | M70: =$G70*M238 -> 0 | N70: =SUM(Q70:AB70) -> 0 | O70: =O238 -> 0 | P70: =G70 -> 10 | Q70: =$P70*Q238 -> 0 | R70: =$P70*R238 -> 0 | S70: =$P70*S238 -> 0 | T70: =$P70*T238 -> 0 | U70: =$P70*U238 -> 0 | V70: =$P70*V238 -> 0 | W70: =$P70*W238 -> 0 | X70: =$P70*X238 -> 0 | ... AB70: =$P70*AB238 -> 0
C71: =C239 -> Clamp dissection | E71: =SUM(H71:M71) -> 20 | F71: =F239 -> 2 | G71: =G239 -> 10 | H71: =$G71*H239 -> 0 | I71: =$G71*I239 -> 0 | J71: =$G71*J239 -> 20 | K71: =$G71*K239 -> 0 | L71: =$G71*L239 -> 0 | M71: =$G71*M239 -> 0 | N71: =SUM(Q71:AB71) -> 0 | O71: =O239 -> 0 | P71: =G71 -> 10 | Q71: =$P71*Q239 -> 0 | R71: =$P71*R239 -> 0 | S71: =$P71*S239 -> 0 | T71: =$P71*T239 -> 0 | U71: =$P71*U239 -> 0 | V71: =$P71*V239 -> 0 | W71: =$P71*W239 -> 0 | X71: =$P71*X239 -> 0 | ... AB71: =$P71*AB239 -> 0
C72: =C240 -> Heamostatic forceps | E72: =SUM(H72:M72) -> 20 | F72: =F240 -> 2 | G72: =G240 -> 10 | H72: =$G72*H240 -> 0 | I72: =$G72*I240 -> 0 | J72: =$G72*J240 -> 20 | K72: =$G72*K240 -> 0 | L72: =$G72*L240 -> 0 | M72: =$G72*M240 -> 0 | N72: =SUM(Q72:AB72) -> 0 | O72: =O240 -> 0 | P72: =G72 -> 10 | Q72: =$P72*Q240 -> 0 | R72: =$P72*R240 -> 0 | S72: =$P72*S240 -> 0 | T72: =$P72*T240 -> 0 | U72: =$P72*U240 -> 0 | V72: =$P72*V240 -> 0 | W72: =$P72*W240 -> 0 | X72: =$P72*X240 -> 0 | ... AB72: =$P72*AB240 -> 0
C73: =C241 -> Medical tongs | E73: =SUM(H73:M73) -> 10 | F73: =F241 -> 1 | G73: =G241 -> 10 | H73: =$G73*H241 -> 0 | I73: =$G73*I241 -> 0 | J73: =$G73*J241 -> 10 | K73: =$G73*K241 -> 0 | L73: =$G73*L241 -> 0 | M73: =$G73*M241 -> 0 | N73: =SUM(Q73:AB73) -> 0 | O73: =O241 -> 0 | P73: =G73 -> 10 | Q73: =$P73*Q241 -> 0 | R73: =$P73*R241 -> 0 | S73: =$P73*S241 -> 0 | T73: =$P73*T241 -> 0 | U73: =$P73*U241 -> 0 | V73: =$P73*V241 -> 0 | W73: =$P73*W241 -> 0 | X73: =$P73*X241 -> 0 | ... AB73: =$P73*AB241 -> 0
C74: =C242 -> Hot&Cold Pack | E74: =SUM(H74:M74) -> 60 | F74: =F242 -> 2 | G74: =G242 -> 30 | H74: =$G74*H242 -> 0 | I74: =$G74*I242 -> 0 | J74: =$G74*J242 -> 60 | K74: =$G74*K242 -> 0 | L74: =$G74*L242 -> 0 | M74: =$G74*M242 -> 0 | N74: =SUM(Q74:AB74) -> 0 | O74: =O242 -> 0 | P74: =G74 -> 30 | Q74: =$P74*Q242 -> 0 | R74: =$P74*R242 -> 0 | S74: =$P74*S242 -> 0 | T74: =$P74*T242 -> 0 | U74: =$P74*U242 -> 0 | V74: =$P74*V242 -> 0 | W74: =$P74*W242 -> 0 | X74: =$P74*X242 -> 0 | ... AB74: =$P74*AB242 -> 0
C75: =C243 -> E.N.T. head light | E75: =SUM(H75:M75) -> 50 | F75: =F243 -> 1 | G75: =G243 -> 50 | H75: =$G75*H243 -> 0 | I75: =$G75*I243 -> 0 | J75: =$G75*J243 -> 50 | K75: =$G75*K243 -> 0 | L75: =$G75*L243 -> 0 | M75: =$G75*M243 -> 0 | N75: =SUM(Q75:AB75) -> 0 | O75: =O243 -> 0 | P75: =G75 -> 50 | Q75: =$P75*Q243 -> 0 | R75: =$P75*R243 -> 0 | S75: =$P75*S243 -> 0 | T75: =$P75*T243 -> 0 | U75: =$P75*U243 -> 0 | V75: =$P75*V243 -> 0 | W75: =$P75*W243 -> 0 | X75: =$P75*X243 -> 0 | ... AB75: =$P75*AB243 -> 0
C76: =C244 -> Insulin syringe 1mk 40/80 DV | E76: =SUM(H76:M76) -> 3250 | F76: =F244 -> 1 | G76: =G244 -> 3250 | H76: =$G76*H244 -> 0 | I76: =$G76*I244 -> 0 | J76: =$G76*J244 -> 3250 | K76: =$G76*K244 -> 0 | L76: =$G76*L244 -> 0 | M76: =$G76*M244 -> 0 | N76: =SUM(Q76:AB76) -> 0 | O76: =O244 -> 0 | P76: =G76 -> 3250 | Q76: =$P76*Q244 -> 0 | R76: =$P76*R244 -> 0 | S76: =$P76*S244 -> 0 | T76: =$P76*T244 -> 0 | U76: =$P76*U244 -> 0 | V76: =$P76*V244 -> 0 | W76: =$P76*W244 -> 0 | X76: =$P76*X244 -> 0 | ... AB76: =$P76*AB244 -> 0
C77: =C245 -> Check-up- Surgery | E77: =SUM(H77:M77) -> 0 | F77: =F245 -> 0 | G77: =G245 -> 0 | H77: =$G77*H245 -> 0 | I77: =$G77*I245 -> 0 | J77: =$G77*J245 -> 0 | K77: =$G77*K245 -> 0 | L77: =$G77*L245 -> 0 | M77: =$G77*M245 -> 0 | N77: =SUM(Q77:AB77) -> 0 | O77: =O245 -> 0 | P77: =G77 -> 0 | Q77: =$P77*Q245 -> 0 | R77: =$P77*R245 -> 0 | S77: =$P77*S245 -> 0 | T77: =$P77*T245 -> 0 | U77: =$P77*U245 -> 0 | V77: =$P77*V245 -> 0 | W77: =$P77*W245 -> 0 | X77: =$P77*X245 -> 0 | ... AB77: =$P77*AB245 -> 0
... C95: =C263 -> Hot & Cold pack (rubber) | E95: =SUM(H95:M95) -> 300 | F95: =F263 -> 10 | G95: =G263 -> 30 | H95: =$G95*H263 -> 0 | I95: =$G95*I263 -> 0 | J95: =$G95*J263 -> 300 | K95: =$G95*K263 -> 0 | L95: =$G95*L263 -> 0 | M95: =$G95*M263 -> 0 | N95: =SUM(Q95:AB95) -> 0 | O95: =O263 -> 0 | P95: =G95 -> 30 | Q95: =$P95*Q263 -> 0 | R95: =$P95*R263 -> 0 | S95: =$P95*S263 -> 0 | T95: =$P95*T263 -> 0 | U95: =$P95*U263 -> 0 | V95: =$P95*V263 -> 0 | W95: =$P95*W263 -> 0 | X95: =$P95*X263 -> 0 | ... AB95: =$P95*AB263 -> 0
C96: Total | E96: =SUM(E62:E95) -> 59730 | H96: =SUM(H62:H95) -> 0 | I96: =SUM(I62:I95) -> 0 | J96: =SUM(J62:J95) -> 47730 | K96: =SUM(K62:K95) -> 12000 | L96: =SUM(L62:L95) -> 0 | M96: =SUM(M62:M95) -> 0 | N96: =SUM(N62:N95) -> 0 | Q96: =SUM(Q62:Q95) -> 0 | R96: =SUM(R62:R95) -> 0 | S96: =SUM(S62:S95) -> 0 | T96: =SUM(T62:T95) -> 0 | U96: =SUM(U62:U95) -> 0 | V96: =SUM(V62:V95) -> 0 | W96: =SUM(W62:W95) -> 0 | X96: =SUM(X62:X95) -> 0 | ... AB96: =SUM(AB62:AB95) -> 0
C98: Laboratory Services
C99: Laboratory - General equipments
C100: =C268 -> pH meter | E100: =SUM(H100:M100) -> 50 | F100: =F268 -> 1 | G100: =G268 -> 50 | H100: =$G100*H268 -> 0 | I100: =$G100*I268 -> 0 | J100: =$G100*J268 -> 50 | K100: =$G100*K268 -> 0 | L100: =$G100*L268 -> 0 | M100: =$G100*M268 -> 0 | N100: =SUM(Q100:AB100) -> 50 | O100: =O268 -> 1 | P100: =G100 -> 50 | Q100: =$P100*Q268 -> 0 | R100: =$P100*R268 -> 0 | S100: =$P100*S268 -> 0 | T100: =$P100*T268 -> 0 | U100: =$P100*U268 -> 0 | V100: =$P100*V268 -> 50 | W100: =$P100*W268 -> 0 | X100: =$P100*X268 -> 0 | ... AB100: =$P100*AB268 -> 0 | AC100: ='List of equipment'!$Q$107 -> 2 | AD100: =IF(SUM(F100,O100)-AC100>=0,"True","False") -> True
C101: =C269 -> Double distillation still (20 l per hour) | E101: =SUM(H101:M101) -> 1500 | F101: =F269 -> 1 | G101: =G269 -> 1500 | H101: =$G101*H269 -> 0 | I101: =$G101*I269 -> 0 | J101: =$G101*J269 -> 1500 | K101: =$G101*K269 -> 0 | L101: =$G101*L269 -> 0 | M101: =$G101*M269 -> 0 | N101: =SUM(Q101:AB101) -> 1500 | O101: =O269 -> 1 | P101: =G101 -> 1500 | Q101: =$P101*Q269 -> 0 | R101: =$P101*R269 -> 0 | S101: =$P101*S269 -> 1500 | T101: =$P101*T269 -> 0 | U101: =$P101*U269 -> 0 | V101: =$P101*V269 -> 0 | W101: =$P101*W269 -> 0 | X101: =$P101*X269 -> 0 | ... AB101: =$P101*AB269 -> 0 | AC101: ='List of equipment'!$Q$110 -> 1 | AD101: =IF(SUM(F101,O101)-AC101>=0,"True","False") -> True
C102: =C270 -> Vacuum evaporator | E102: =SUM(H102:M102) -> 20000 | F102: =F270 -> 1 | G102: =G270 -> 20000 | H102: =$G102*H270 -> 0 | I102: =$G102*I270 -> 0 | J102: =$G102*J270 -> 20000 | K102: =$G102*K270 -> 0 | L102: =$G102*L270 -> 0 | M102: =$G102*M270 -> 0 | N102: =SUM(Q102:AB102) -> 20000 | O102: =O270 -> 1 | P102: =G102 -> 20000 | Q102: =$P102*Q270 -> 0 | R102: =$P102*R270 -> 0 | S102: =$P102*S270 -> 20000 | T102: =$P102*T270 -> 0 | U102: =$P102*U270 -> 0 | V102: =$P102*V270 -> 0 | W102: =$P102*W270 -> 0 | X102: =$P102*X270 -> 0 | ... AB102: =$P102*AB270 -> 0 | AC102: ='List of equipment'!$Q$111 -> 1 | AD102: =IF(SUM(F102,O102)-AC102>=0,"True","False") -> True
C103: =C271 -> Laboratory blender | E103: =SUM(H103:M103) -> 200 | F103: =F271 -> 1 | G103: =G271 -> 200 | H103: =$G103*H271 -> 0 | I103: =$G103*I271 -> 0 | J103: =$G103*J271 -> 200 | K103: =$G103*K271 -> 0 | L103: =$G103*L271 -> 0 | M103: =$G103*M271 -> 0 | N103: =SUM(Q103:AB103) -> 200 | O103: =O271 -> 1 | P103: =G103 -> 200 | Q103: =$P103*Q271 -> 0 | R103: =$P103*R271 -> 0 | S103: =$P103*S271 -> 200 | T103: =$P103*T271 -> 0 | U103: =$P103*U271 -> 0 | V103: =$P103*V271 -> 0 | W103: =$P103*W271 -> 0 | X103: =$P103*X271 -> 0 | ... AB103: =$P103*AB271 -> 0 | AC103: ='List of equipment'!$Q$112 -> 1 | AD103: =IF(SUM(F103,O103)-AC103>=0,"True","False") -> True
C104: =C272 -> Magnetic stirrer | E104: =SUM(H104:M104) -> 100 | F104: =F272 -> 1 | G104: =G272 -> 100 | H104: =$G104*H272 -> 0 | I104: =$G104*I272 -> 0 | J104: =$G104*J272 -> 100 | K104: =$G104*K272 -> 0 | L104: =$G104*L272 -> 0 | M104: =$G104*M272 -> 0 | N104: =SUM(Q104:AB104) -> 100 | O104: =O272 -> 1 | P104: =G104 -> 100 | Q104: =$P104*Q272 -> 0 | R104: =$P104*R272 -> 0 | S104: =$P104*S272 -> 100 | T104: =$P104*T272 -> 0 | U104: =$P104*U272 -> 0 | V104: =$P104*V272 -> 0 | W104: =$P104*W272 -> 0 | X104: =$P104*X272 -> 0 | ... AB104: =$P104*AB272 -> 0 | AC104: ='List of equipment'!$Q$113 -> 1 | AD104: =IF(SUM(F104,O104)-AC104>=0,"True","False") -> True
C105: =C273 -> Centrifuge machine (24 tubes) | E105: =SUM(H105:M105) -> 4900 | F105: =F273 -> 1 | G105: =G273 -> 4900 | H105: =$G105*H273 -> 0 | I105: =$G105*I273 -> 0 | J105: =$G105*J273 -> 4900 | K105: =$G105*K273 -> 0 | L105: =$G105*L273 -> 0 | M105: =$G105*M273 -> 0 | N105: =SUM(Q105:AB105) -> 4900 | O105: =O273 -> 1 | P105: =G105 -> 4900 | Q105: =$P105*Q273 -> 0 | R105: =$P105*R273 -> 0 | S105: =$P105*S273 -> 4900 | T105: =$P105*T273 -> 0 | U105: =$P105*U273 -> 0 | V105: =$P105*V273 -> 0 | W105: =$P105*W273 -> 0 | X105: =$P105*X273 -> 0 | ... AB105: =$P105*AB273 -> 0 | AC105: ='List of equipment'!$Q$115 -> 1 | AD105: =IF(SUM(F105,O105)-AC105>=0,"True","False") -> True
C106: =C274 -> Centrifuge machine (versatile) | E106: =SUM(H106:M106) -> 14000 | F106: =F274 -> 2 | G106: =G274 -> 7000 | H106: =$G106*H274 -> 0 | I106: =$G106*I274 -> 0 | J106: =$G106*J274 -> 14000 | K106: =$G106*K274 -> 0 | L106: =$G106*L274 -> 0 | M106: =$G106*M274 -> 0 | N106: =SUM(Q106:AB106) -> 7000 | O106: =O274 -> 1 | P106: =G106 -> 7000 | Q106: =$P106*Q274 -> 7000 | R106: =$P106*R274 -> 0 | S106: =$P106*S274 -> 0 | T106: =$P106*T274 -> 0 | U106: =$P106*U274 -> 0 | V106: =$P106*V274 -> 0 | W106: =$P106*W274 -> 0 | X106: =$P106*X274 -> 0 | ... AB106: =$P106*AB274 -> 0 | AC106: ='List of equipment'!$Q$116 -> 3 | AD106: =IF(SUM(F106,O106)-AC106>=0,"True","False") -> True
C107: =C275 -> Needle destroyer | E107: =SUM(H107:M107) -> 30 | F107: =F275 -> 1 | G107: =G275 -> 30 | H107: =$G107*H275 -> 0 | I107: =$G107*I275 -> 0 | J107: =$G107*J275 -> 30 | K107: =$G107*K275 -> 0 | L107: =$G107*L275 -> 0 | M107: =$G107*M275 -> 0 | N107: =SUM(Q107:AB107) -> 30 | O107: =O275 -> 1 | P107: =G107 -> 30 | Q107: =$P107*Q275 -> 0 | R107: =$P107*R275 -> 0 | S107: =$P107*S275 -> 30 | T107: =$P107*T275 -> 0 | U107: =$P107*U275 -> 0 | V107: =$P107*V275 -> 0 | W107: =$P107*W275 -> 0 | X107: =$P107*X275 -> 0 | ... AB107: =$P107*AB275 -> 0 | AC107: ='List of equipment'!$Q$40 -> 1 | AD107: =IF(SUM(F107,O107)-AC107>=0,"True","False") -> True
C108: =C276 -> Autoclave | E108: =SUM(H108:M108) -> 1000 | F108: =F276 -> 1 | G108: =G276 -> 1000 | H108: =$G108*H276 -> 0 | I108: =$G108*I276 -> 0 | J108: =$G108*J276 -> 1000 | K108: =$G108*K276 -> 0 | L108: =$G108*L276 -> 0 | M108: =$G108*M276 -> 0 | N108: =SUM(Q108:AB108) -> 1000 | O108: =O276 -> 1 | P108: =G108 -> 1000 | Q108: =$P108*Q276 -> 1000 | R108: =$P108*R276 -> 0 | S108: =$P108*S276 -> 0 | T108: =$P108*T276 -> 0 | U108: =$P108*U276 -> 0 | V108: =$P108*V276 -> 0 | W108: =$P108*W276 -> 0 | X108: =$P108*X276 -> 0 | ... AB108: =$P108*AB276 -> 0 | AC108: ='List of equipment'!$Q$41 -> 2 | AD108: =IF(SUM(F108,O108)-AC108>=0,"True","False") -> True
C109: =C277 -> Refrigerator (200ml) | E109: =SUM(H109:M109) -> 32000 | F109: =F277 -> 4 | G109: =G277 -> 8000 | H109: =$G109*H277 -> 0 | I109: =$G109*I277 -> 0 | J109: =$G109*J277 -> 32000 | K109: =$G109*K277 -> 0 | L109: =$G109*L277 -> 0 | M109: =$G109*M277 -> 0 | N109: =SUM(Q109:AB109) -> 8000 | O109: =O277 -> 1 | P109: =G109 -> 8000 | Q109: =$P109*Q277 -> 0 | R109: =$P109*R277 -> 0 | S109: =$P109*S277 -> 8000 | T109: =$P109*T277 -> 0 | U109: =$P109*U277 -> 0 | V109: =$P109*V277 -> 0 | W109: =$P109*W277 -> 0 | X109: =$P109*X277 -> 0 | ... AB109: =$P109*AB277 -> 0 | AC109: ='List of equipment'!$Q$42 -> 2 | AD109: =IF(SUM(F109,O109)-AC109>=0,"True","False") -> True
C110: =C278 -> Oven | E110: =SUM(H110:M110) -> 600 | F110: =F278 -> 1 | G110: =G278 -> 600 | H110: =$G110*H278 -> 0 | I110: =$G110*I278 -> 0 | J110: =$G110*J278 -> 600 | K110: =$G110*K278 -> 0 | L110: =$G110*L278 -> 0 | M110: =$G110*M278 -> 0 | N110: =SUM(Q110:AB110) -> 600 | O110: =O278 -> 1 | P110: =G110 -> 600 | Q110: =$P110*Q278 -> 600 | R110: =$P110*R278 -> 0 | S110: =$P110*S278 -> 0 | T110: =$P110*T278 -> 0 | U110: =$P110*U278 -> 0 | V110: =$P110*V278 -> 0 | W110: =$P110*W278 -> 0 | X110: =$P110*X278 -> 0 | ... AB110: =$P110*AB278 -> 0 | AC110: ='List of equipment'!$Q$43 -> 2 | AD110: =IF(SUM(F110,O110)-AC110>=0,"True","False") -> True
C111: =C279 -> Water bath | E111: =SUM(H111:M111) -> 200 | F111: =F279 -> 1 | G111: =G279 -> 200 | H111: =$G111*H279 -> 0 | I111: =$G111*I279 -> 0 | J111: =$G111*J279 -> 200 | K111: =$G111*K279 -> 0 | L111: =$G111*L279 -> 0 | M111: =$G111*M279 -> 0 | N111: =SUM(Q111:AB111) -> 200 | O111: =O279 -> 1 | P111: =G111 -> 200 | Q111: =$P111*Q279 -> 200 | R111: =$P111*R279 -> 0 | S111: =$P111*S279 -> 0 | T111: =$P111*T279 -> 0 | U111: =$P111*U279 -> 0 | V111: =$P111*V279 -> 0 | W111: =$P111*W279 -> 0 | X111: =$P111*X279 -> 0 | ... AB111: =$P111*AB279 -> 0 | AC111: ='List of equipment'!$Q$44 -> 2 | AD111: =IF(SUM(F111,O111)-AC111>=0,"True","False") -> True
C112: =C280 -> Microscrope | E112: =SUM(H112:M112) -> 4500 | F112: =F280 -> 2 | G112: =G280 -> 2250 | H112: =$G112*H280 -> 0 | I112: =$G112*I280 -> 0 | J112: =$G112*J280 -> 4500 | K112: =$G112*K280 -> 0 | L112: =$G112*L280 -> 0 | M112: =$G112*M280 -> 0 | N112: =SUM(Q112:AB112) -> 13500 | O112: =O280 -> 6 | P112: =G112 -> 2250 | Q112: =$P112*Q280 -> 0 | R112: =$P112*R280 -> 0 | S112: =$P112*S280 -> 2250 | T112: =$P112*T280 -> 0 | U112: =$P112*U280 -> 0 | V112: =$P112*V280 -> 0 | W112: =$P112*W280 -> 0 | X112: =$P112*X280 -> 0 | ... AB112: =$P112*AB280 -> 11250 | AC112: ='List of equipment'!$Q$45 -> 12 | AD112: =IF(SUM(F112,O112)-AC112>=0,"True","False") -> False
C113: =C281 -> MFM | E113: =SUM(H113:M113) -> 3000 | F113: =F281 -> 1 | G113: =G281 -> 3000 | H113: =$G113*H281 -> 0 | I113: =$G113*I281 -> 0 | J113: =$G113*J281 -> 3000 | K113: =$G113*K281 -> 0 | L113: =$G113*L281 -> 0 | M113: =$G113*M281 -> 0 | N113: =SUM(Q113:AB113) -> 6000 | O113: =O281 -> 2 | P113: =G113 -> 3000 | Q113: =$P113*Q281 -> 0 | R113: =$P113*R281 -> 0 | S113: =$P113*S281 -> 3000 | T113: =$P113*T281 -> 0 | U113: =$P113*U281 -> 3000 | V113: =$P113*V281 -> 0 | W113: =$P113*W281 -> 0 | X113: =$P113*X281 -> 0 | ... AB113: =$P113*AB281 -> 0 | AC113: ='List of equipment'!$Q$46 -> 5 | AD113: =IF(SUM(F113,O113)-AC113>=0,"True","False") -> False
C114: =C282 -> Incubator | E114: =SUM(H114:M114) -> 14000 | F114: =F282 -> 2 | G114: =G282 -> 7000 | H114: =$G114*H282 -> 0 | I114: =$G114*I282 -> 0 | J114: =$G114*J282 -> 14000 | K114: =$G114*K282 -> 0 | L114: =$G114*L282 -> 0 | M114: =$G114*M282 -> 0 | N114: =SUM(Q114:AB114) -> 7000 | O114: =O282 -> 1 | P114: =G114 -> 7000 | Q114: =$P114*Q282 -> 0 | R114: =$P114*R282 -> 0 | S114: =$P114*S282 -> 7000 | T114: =$P114*T282 -> 0 | U114: =$P114*U282 -> 0 | V114: =$P114*V282 -> 0 | W114: =$P114*W282 -> 0 | X114: =$P114*X282 -> 0 | ... AB114: =$P114*AB282 -> 0 | AC114: ='List of equipment'!$Q$107 -> 2 | AD114: =IF(SUM(F114,O114)-AC114>=0,"True","False") -> True
C115: =C284 -> Laboratory - Biochemistry | E115: =SUM(H115:M115) -> 0 | F115: =F284 -> 0 | G115: =G284 -> 0 | H115: =$G115*H284 -> 0 | I115: =$G115*I284 -> 0 | J115: =$G115*J284 -> 0 | K115: =$G115*K284 -> 0 | L115: =$G115*L284 -> 0 | M115: =$G115*M284 -> 0 | N115: =SUM(Q115:AB115) -> 0 | O115: =O284 -> 0 | P115: =G115 -> 0 | Q115: =$P115*Q284 -> 0 | R115: =$P115*R284 -> 0 | S115: =$P115*S284 -> 0 | T115: =$P115*T284 -> 0 | U115: =$P115*U284 -> 0 | V115: =$P115*V284 -> 0 | W115: =$P115*W284 -> 0 | X115: =$P115*X284 -> 0 | ... AB115: =$P115*AB284 -> 0
C116: =C285 -> Automated chemistry analyzer | E116: =SUM(H116:M116) -> 200000 | F116: =F285 -> 1 | G116: =G285 -> 200000 | H116: =$G116*H285 -> 0 | I116: =$G116*I285 -> 0 | J116: =$G116*J285 -> 200000 | K116: =$G116*K285 -> 0 | L116: =$G116*L285 -> 0 | M116: =$G116*M285 -> 0 | N116: =SUM(Q116:AB116) -> 200000 | O116: =O285 -> 1 | P116: =G116 -> 200000 | Q116: =$P116*Q285 -> 0 | R116: =$P116*R285 -> 0 | S116: =$P116*S285 -> 200000 | T116: =$P116*T285 -> 0 | U116: =$P116*U285 -> 0 | V116: =$P116*V285 -> 0 | W116: =$P116*W285 -> 0 | X116: =$P116*X285 -> 0 | ... AB116: =$P116*AB285 -> 0 | AC116: ='List of equipment'!$Q$100 -> 1 | AD116: =IF(SUM(F116,O116)-AC116>=0,"True","False") -> True
C117: =C286 -> Semi-automated chemistry analyzer | E117: =SUM(H117:M117) -> 116000 | F117: =F286 -> 1 | G117: =G286 -> 116000 | H117: =$G117*H286 -> 0 | I117: =$G117*I286 -> 0 | J117: =$G117*J286 -> 116000 | K117: =$G117*K286 -> 0 | L117: =$G117*L286 -> 0 | M117: =$G117*M286 -> 0 | N117: =SUM(Q117:AB117) -> 232000 | O117: =O286 -> 2 | P117: =G117 -> 116000 | Q117: =$P117*Q286 -> 0 | R117: =$P117*R286 -> 0 | S117: =$P117*S286 -> 116000 | T117: =$P117*T286 -> 0 | U117: =$P117*U286 -> 0 | V117: =$P117*V286 -> 116000 | W117: =$P117*W286 -> 0 | X117: =$P117*X286 -> 0 | ... AB117: =$P117*AB286 -> 0 | AC117: ='List of equipment'!$Q$101 -> 1 | AD117: =IF(SUM(F117,O117)-AC117>=0,"True","False") -> True
C118: =C287 -> Blood gas analyzer | E118: =SUM(H118:M118) -> 2000 | F118: =F287 -> 1 | G118: =G287 -> 2000 | H118: =$G118*H287 -> 0 | I118: =$G118*I287 -> 0 | J118: =$G118*J287 -> 2000 | K118: =$G118*K287 -> 0 | L118: =$G118*L287 -> 0 | M118: =$G118*M287 -> 0 | N118: =SUM(Q118:AB118) -> 2000 | O118: =O287 -> 1 | P118: =G118 -> 2000 | Q118: =$P118*Q287 -> 0 | R118: =$P118*R287 -> 0 | S118: =$P118*S287 -> 2000 | T118: =$P118*T287 -> 0 | U118: =$P118*U287 -> 0 | V118: =$P118*V287 -> 0 | W118: =$P118*W287 -> 0 | X118: =$P118*X287 -> 0 | ... AB118: =$P118*AB287 -> 0 | AC118: ='List of equipment'!$Q$102 -> 1 | AD118: =IF(SUM(F118,O118)-AC118>=0,"True","False") -> True
C119: =C288 -> Electrolyte analyzer | E119: =SUM(H119:M119) -> 700 | F119: =F288 -> 1 | G119: =G288 -> 700 | H119: =$G119*H288 -> 0 | I119: =$G119*I288 -> 0 | J119: =$G119*J288 -> 700 | K119: =$G119*K288 -> 0 | L119: =$G119*L288 -> 0 | M119: =$G119*M288 -> 0 | N119: =SUM(Q119:AB119) -> 700 | O119: =O288 -> 1 | P119: =G119 -> 700 | Q119: =$P119*Q288 -> 0 | R119: =$P119*R288 -> 0 | S119: =$P119*S288 -> 700 | T119: =$P119*T288 -> 0 | U119: =$P119*U288 -> 0 | V119: =$P119*V288 -> 0 | W119: =$P119*W288 -> 0 | X119: =$P119*X288 -> 0 | ... AB119: =$P119*AB288 -> 0 | AC119: ='List of equipment'!$Q$103 -> 1 | AD119: =IF(SUM(F119,O119)-AC119>=0,"True","False") -> True
C120: =C289 -> Automated urine analyzer | E120: =SUM(H120:M120) -> 500 | F120: =F289 -> 1 | G120: =G289 -> 500 | H120: =$G120*H289 -> 0 | I120: =$G120*I289 -> 0 | J120: =$G120*J289 -> 500 | K120: =$G120*K289 -> 0 | L120: =$G120*L289 -> 0 | M120: =$G120*M289 -> 0 | N120: =SUM(Q120:AB120) -> 500 | O120: =O289 -> 1 | P120: =G120 -> 500 | Q120: =$P120*Q289 -> 0 | R120: =$P120*R289 -> 0 | S120: =$P120*S289 -> 0 | T120: =$P120*T289 -> 0 | U120: =$P120*U289 -> 500 | V120: =$P120*V289 -> 0 | W120: =$P120*W289 -> 0 | X120: =$P120*X289 -> 0 | ... AB120: =$P120*AB289 -> 0 | AC120: ='List of equipment'!$Q$105 -> 1 | AD120: =IF(SUM(F120,O120)-AC120>=0,"True","False") -> True
C121: =C290 -> Electropheris machine | E121: =SUM(H121:M121) -> 500 | F121: =F290 -> 1 | G121: =G290 -> 500 | H121: =$G121*H290 -> 0 | I121: =$G121*I290 -> 0 | J121: =$G121*J290 -> 500 | K121: =$G121*K290 -> 0 | L121: =$G121*L290 -> 0 | M121: =$G121*M290 -> 0 | N121: =SUM(Q121:AB121) -> 500 | O121: =O290 -> 1 | P121: =G121 -> 500 | Q121: =$P121*Q290 -> 0 | R121: =$P121*R290 -> 0 | S121: =$P121*S290 -> 500 | T121: =$P121*T290 -> 0 | U121: =$P121*U290 -> 0 | V121: =$P121*V290 -> 0 | W121: =$P121*W290 -> 0 | X121: =$P121*X290 -> 0 | ... AB121: =$P121*AB290 -> 0 | AC121: ='List of equipment'!$Q$106 -> 1 | AD121: =IF(SUM(F121,O121)-AC121>=0,"True","False") -> True
C122: =C291 -> Spectrophotometer | E122: =SUM(H122:M122) -> 36000 | F122: =F291 -> 1 | G122: =G291 -> 36000 | H122: =$G122*H291 -> 0 | I122: =$G122*I291 -> 0 | J122: =$G122*J291 -> 36000 | K122: =$G122*K291 -> 0 | L122: =$G122*L291 -> 0 | M122: =$G122*M291 -> 0 | N122: =SUM(Q122:AB122) -> 36000 | O122: =O291 -> 0 | P122: =G122 -> 36000 | Q122: =$P122*Q291 -> 0 | R122: =$P122*R291 -> 0 | S122: =$P122*S291 -> 36000 | T122: =$P122*T291 -> 0 | U122: =$P122*U291 -> 0 | V122: =$P122*V291 -> 0 | W122: =$P122*W291 -> 0 | X122: =$P122*X291 -> 0 | ... AB122: =$P122*AB291 -> 0 | AD122: =IF(SUM(F122,O122)-AC122>=0,"True","False") -> True
C123: =C292 -> Laboratory - Hematology | E123: =SUM(H123:M123) -> 0 | F123: =F292 -> 0 | G123: =G292 -> 0 | H123: =$G123*H292 -> 0 | I123: =$G123*I292 -> 0 | J123: =$G123*J292 -> 0 | K123: =$G123*K292 -> 0 | L123: =$G123*L292 -> 0 | M123: =$G123*M292 -> 0 | N123: =SUM(Q123:AB123) -> 0 | O123: =O292 -> 0 | P123: =G123 -> 0 | Q123: =$P123*Q292 -> 0 | R123: =$P123*R292 -> 0 | S123: =$P123*S292 -> 0 | T123: =$P123*T292 -> 0 | U123: =$P123*U292 -> 0 | V123: =$P123*V292 -> 0 | W123: =$P123*W292 -> 0 | X123: =$P123*X292 -> 0 | ... AB123: =$P123*AB292 -> 0
C124: =C293 -> Automated hematology analyzer | E124: =SUM(H124:M124) -> 200000 | F124: =F293 -> 1 | G124: =G293 -> 200000 | H124: =$G124*H293 -> 0 | I124: =$G124*I293 -> 0 | J124: =$G124*J293 -> 200000 | K124: =$G124*K293 -> 0 | L124: =$G124*L293 -> 0 | M124: =$G124*M293 -> 0 | N124: =SUM(Q124:AB124) -> 200000 | O124: =O293 -> 1 | P124: =G124 -> 200000 | Q124: =$P124*Q293 -> 0 | R124: =$P124*R293 -> 0 | S124: =$P124*S293 -> 200000 | T124: =$P124*T293 -> 0 | U124: =$P124*U293 -> 0 | V124: =$P124*V293 -> 0 | W124: =$P124*W293 -> 0 | X124: =$P124*X293 -> 0 | ... AB124: =$P124*AB293 -> 0 | AC124: ='List of equipment'!$Q$49 -> 1 | AD124: =IF(SUM(F124,O124)-AC124>=0,"True","False") -> True
C125: =C294 -> Semi-auto hematology analyzer | E125: =SUM(H125:M125) -> 5000 | F125: =F294 -> 1 | G125: =G294 -> 5000 | H125: =$G125*H294 -> 0 | I125: =$G125*I294 -> 0 | J125: =$G125*J294 -> 5000 | K125: =$G125*K294 -> 0 | L125: =$G125*L294 -> 0 | M125: =$G125*M294 -> 0 | N125: =SUM(Q125:AB125) -> 10000 | O125: =O294 -> 2 | P125: =G125 -> 5000 | Q125: =$P125*Q294 -> 0 | R125: =$P125*R294 -> 0 | S125: =$P125*S294 -> 5000 | T125: =$P125*T294 -> 0 | U125: =$P125*U294 -> 0 | V125: =$P125*V294 -> 0 | W125: =$P125*W294 -> 0 | X125: =$P125*X294 -> 0 | ... AB125: =$P125*AB294 -> 5000 | AC125: ='List of equipment'!$Q$50 -> 1 | AD125: =IF(SUM(F125,O125)-AC125>=0,"True","False") -> True
C126: =C295 -> Automated Coagulation Instrument | E126: =SUM(H126:M126) -> 1070 | F126: =F295 -> 1 | G126: =G295 -> 1070 | H126: =$G126*H295 -> 0 | I126: =$G126*I295 -> 0 | J126: =$G126*J295 -> 1070 | K126: =$G126*K295 -> 0 | L126: =$G126*L295 -> 0 | M126: =$G126*M295 -> 0 | N126: =SUM(Q126:AB126) -> 1070 | O126: =O295 -> 1 | P126: =G126 -> 1070 | Q126: =$P126*Q295 -> 0 | R126: =$P126*R295 -> 0 | S126: =$P126*S295 -> 1070 | T126: =$P126*T295 -> 0 | U126: =$P126*U295 -> 0 | V126: =$P126*V295 -> 0 | W126: =$P126*W295 -> 0 | X126: =$P126*X295 -> 0 | ... AB126: =$P126*AB295 -> 0 | AC126: ='List of equipment'!$Q$51 -> 1 | AD126: =IF(SUM(F126,O126)-AC126>=0,"True","False") -> True
C127: =C296 -> Elisa Test System | E127: =SUM(H127:M127) -> 8000 | F127: =F296 -> 1 | G127: =G296 -> 8000 | H127: =$G127*H296 -> 0 | I127: =$G127*I296 -> 0 | J127: =$G127*J296 -> 8000 | K127: =$G127*K296 -> 0 | L127: =$G127*L296 -> 0 | M127: =$G127*M296 -> 0 | N127: =SUM(Q127:AB127) -> 0 | O127: =O296 -> 0 | P127: =G127 -> 8000 | Q127: =$P127*Q296 -> 0 | R127: =$P127*R296 -> 0 | S127: =$P127*S296 -> 0 | T127: =$P127*T296 -> 0 | U127: =$P127*U296 -> 0 | V127: =$P127*V296 -> 0 | W127: =$P127*W296 -> 0 | X127: =$P127*X296 -> 0 | ... AB127: =$P127*AB296 -> 0 | AC127: ='List of equipment'!$Q$52 -> 1 | AD127: =IF(SUM(F127,O127)-AC127>=0,"True","False") -> True
C128: =C297 -> Blood bank | E128: =SUM(H128:M128) -> 25396 | F128: =F297 -> 1 | G128: =G297 -> 25396 | H128: =$G128*H297 -> 0 | I128: =$G128*I297 -> 0 | J128: =$G128*J297 -> 25396 | K128: =$G128*K297 -> 0 | L128: =$G128*L297 -> 0 | M128: =$G128*M297 -> 0 | N128: =SUM(Q128:AB128) -> 25396 | O128: =O297 -> 1 | P128: =G128 -> 25396 | Q128: =$P128*Q297 -> 25396 | R128: =$P128*R297 -> 0 | S128: =$P128*S297 -> 0 | T128: =$P128*T297 -> 0 | U128: =$P128*U297 -> 0 | V128: =$P128*V297 -> 0 | W128: =$P128*W297 -> 0 | X128: =$P128*X297 -> 0 | ... AB128: =$P128*AB297 -> 0 | AC128: ='List of equipment'!$Q$74 -> 2 | AD128: =IF(SUM(F128,O128)-AC128>=0,"True","False") -> True
C129: =C298 -> Platelet aggregation analyzer | E129: =SUM(H129:M129) -> 12000 | F129: =F298 -> 1 | G129: =G298 -> 12000 | H129: =$G129*H298 -> 0 | I129: =$G129*I298 -> 0 | J129: =$G129*J298 -> 12000 | K129: =$G129*K298 -> 0 | L129: =$G129*L298 -> 0 | M129: =$G129*M298 -> 0 | N129: =SUM(Q129:AB129) -> 12000 | O129: =O298 -> 1 | P129: =G129 -> 12000 | Q129: =$P129*Q298 -> 0 | R129: =$P129*R298 -> 0 | S129: =$P129*S298 -> 12000 | T129: =$P129*T298 -> 0 | U129: =$P129*U298 -> 0 | V129: =$P129*V298 -> 0 | W129: =$P129*W298 -> 0 | X129: =$P129*X298 -> 0 | ... AB129: =$P129*AB298 -> 0 | AC129: ='List of equipment'!$Q$83 -> 1 | AD129: =IF(SUM(F129,O129)-AC129>=0,"True","False") -> True
C130: =C299 -> Platelet incubator | E130: =SUM(H130:M130) -> 1000 | F130: =F299 -> 1 | G130: =G299 -> 1000 | H130: =$G130*H299 -> 0 | I130: =$G130*I299 -> 0 | J130: =$G130*J299 -> 1000 | K130: =$G130*K299 -> 0 | L130: =$G130*L299 -> 0 | M130: =$G130*M299 -> 0 | N130: =SUM(Q130:AB130) -> 1000 | O130: =O299 -> 1 | P130: =G130 -> 1000 | Q130: =$P130*Q299 -> 0 | R130: =$P130*R299 -> 0 | S130: =$P130*S299 -> 1000 | T130: =$P130*T299 -> 0 | U130: =$P130*U299 -> 0 | V130: =$P130*V299 -> 0 | W130: =$P130*W299 -> 0 | X130: =$P130*X299 -> 0 | ... AB130: =$P130*AB299 -> 0 | AC130: ='List of equipment'!$Q$84 -> 1 | AD130: =IF(SUM(F130,O130)-AC130>=0,"True","False") -> True
...

Sheet App 7_Pre-operational Costs
B2: APPENDIX 7: PRE-OPERATIONAL COSTS
B3: VIETNAM DIAGNOSTIC SERVICE PROJECT
G5: Monthly Expenditure | L5: Unit: US$
B6: =B41 -> Type of cost | C6: =C41 -> Quantity | D6: =D41 -> Unit | E6: =E41 -> Unit price | F6: =F41 -> Total Year 1 | G6: =G41 -> 41275 | H6: =H41 -> 41306 | I6: =I41 -> 41334 | ... M6: =M41 -> Note
B7: =B42 -> Legal assistance fee | C7: =C42 -> 80 | D7: =D42 -> Hours | E7: =E42 -> 100 | F7: =SUM(G7:L7) -> 8000 | G7: =$E7*G42 -> 8000 | H7: =$E7*H42 -> 0 | I7: =$E7*I42 -> 0 | J7: =$E7*J42 -> 0 | K7: =$E7*K42 -> 0 | L7: =$E7*L42 -> 0 | M7: =M42 -> 0
B8: =B43 -> Investment license acquisition | C8: =C43 -> 1 | D8: =D43 -> License | E8: =E43 -> 35 | F8: =SUM(G8:L8) -> 35 | G8: =$E8*G43 -> 35 | H8: =$E8*H43 -> 0 | I8: =$E8*I43 -> 0 | J8: =$E8*J43 -> 0 | K8: =$E8*K43 -> 0 | L8: =$E8*L43 -> 0 | M8: Official fee = VND700,000
B9: =B44 -> Fixture & Fitting out | C9: =C44 -> 1500 | D9: =D44 -> m2 | E9: =E44 -> 100 | F9: =SUM(G9:L9) -> 150000 | G9: =$E9*G44 -> 0 | H9: =$E9*H44 -> 0 | I9: =$E9*I44 -> 150000 | J9: =$E9*J44 -> 0 | K9: =$E9*K44 -> 0 | L9: =$E9*L44 -> 0 | M9: =M44 -> 0
B10: =B45 -> Consultation equipment | C10: =C45 -> 0 | D10: =D45 -> Equipment | E10: =E45 -> 0 | F10: =SUM(G10:L10) -> 59730 | G10: ='App 6_Yr 1 Capex'!H$96 -> 0 | H10: ='App 6_Yr 1 Capex'!I96 -> 0 | I10: ='App 6_Yr 1 Capex'!J96 -> 47730 | J10: ='App 6_Yr 1 Capex'!K96 -> 12000 | K10: ='App 6_Yr 1 Capex'!L96 -> 0 | L10: ='App 6_Yr 1 Capex'!M96 -> 0 | M10: =M45 -> 0
B11: =B46 -> Laboratory equipment | C11: =C46 -> 0 | D11: =D46 -> Equipment | E11: =E46 -> 0 | F11: =SUM(G11:L11) -> 1568819 | G11: ='App 6_Yr 1 Capex'!H$146 -> 0 | H11: ='App 6_Yr 1 Capex'!I146 -> 0 | I11: ='App 6_Yr 1 Capex'!J146 -> 1568819 | J11: ='App 6_Yr 1 Capex'!K146 -> 0 | K11: ='App 6_Yr 1 Capex'!L146 -> 0 | L11: ='App 6_Yr 1 Capex'!M146 -> 0 | M11: =M46 -> 0
B12: =B47 -> Imaging Diagnosis equipment | C12: =C47 -> 0 | D12: =D47 -> Equipment | E12: =E47 -> 0 | F12: =SUM(G12:L12) -> 2138306 | G12: ='App 6_Yr 1 Capex'!H$165 -> 0 | H12: ='App 6_Yr 1 Capex'!I165 -> 0 | I12: ='App 6_Yr 1 Capex'!J165 -> 2138306 | J12: ='App 6_Yr 1 Capex'!K165 -> 0 | K12: ='App 6_Yr 1 Capex'!L165 -> 0 | L12: ='App 6_Yr 1 Capex'!M165 -> 0 | M12: =M47 -> 0
B13: =B48 -> Emergency room equipment | C13: =C48 -> 0 | D13: =D48 -> Equipment | E13: =E48 -> 0 | F13: =SUM(G13:L13) -> 16050 | G13: ='App 6_Yr 1 Capex'!H$52 -> 0 | H13: ='App 6_Yr 1 Capex'!I52 -> 0 | I13: ='App 6_Yr 1 Capex'!J52 -> 16050 | J13: ='App 6_Yr 1 Capex'!K52 -> 0 | K13: ='App 6_Yr 1 Capex'!L52 -> 0 | L13: ='App 6_Yr 1 Capex'!M52 -> 0 | M13: =M48 -> 0
B14: =B49 -> Patient room equipment | C14: =C49 -> 0 | D14: =D49 -> Equipment | E14: =E49 -> 0 | F14: =SUM(G14:L14) -> 1250 | G14: ='App 6_Yr 1 Capex'!H58 -> 0 | H14: ='App 6_Yr 1 Capex'!I58 -> 0 | I14: ='App 6_Yr 1 Capex'!J58 -> 1250 | J14: ='App 6_Yr 1 Capex'!K58 -> 0 | K14: ='App 6_Yr 1 Capex'!L58 -> 0 | L14: ='App 6_Yr 1 Capex'!M58 -> 0 | M14: =M49 -> 0
B15: =B50 -> Computers & soft-ware | C15: =C50 -> 0 | D15: =D50 -> Computer | E15: =E50 -> 0 | F15: =SUM(G15:L15) -> 60961 | G15: ='App 6_Yr 1 Capex'!H183 -> 0 | H15: ='App 6_Yr 1 Capex'!I183 -> 0 | I15: ='App 6_Yr 1 Capex'!J183 -> 32000 | J15: ='App 6_Yr 1 Capex'!K183 -> 0 | K15: ='App 6_Yr 1 Capex'!L183 -> 15000 | L15: ='App 6_Yr 1 Capex'!M183 -> 13961
B16: =B51 -> Furniture | C16: =C51 -> 0 | D16: =D51 -> Furniture | E16: =E51 -> 0 | F16: =SUM(G16:L16) -> 11140 | G16: ='App 6_Yr 1 Capex'!H195 -> 0 | H16: ='App 6_Yr 1 Capex'!I195 -> 0 | I16: ='App 6_Yr 1 Capex'!J195 -> 0 | J16: ='App 6_Yr 1 Capex'!K195 -> 0 | K16: ='App 6_Yr 1 Capex'!L195 -> 8000 | L16: ='App 6_Yr 1 Capex'!M195 -> 3140
B17: =B52 -> Vehicles | C17: =C52 -> 0 | D17: =D52 -> Vehicle | E17: =E52 -> 0 | F17: =SUM(G17:L17) -> 0 | G17: ='App 6_Yr 1 Capex'!H202 -> 0 | H17: ='App 6_Yr 1 Capex'!I202 -> 0 | I17: ='App 6_Yr 1 Capex'!J202 -> 0 | J17: ='App 6_Yr 1 Capex'!K202 -> 0 | K17: ='App 6_Yr 1 Capex'!L202 -> 0 | L17: ='App 6_Yr 1 Capex'!M202 -> 0
B18: =B53 -> Waste treatment system | C18: =C53 -> 1 | D18: =D53 -> System | E18: =E53 -> 1000 | F18: =SUM(G18:L18) -> 1000 | G18: =$E18*G53 -> 0 | H18: =$E18*H53 -> 0 | I18: =$E18*I53 -> 1000 | J18: =$E18*J53 -> 0 | K18: =$E18*K53 -> 0 | L18: =$E18*L53 -> 0 | M18: =M53 -> 0
B19: =B54 -> Fire safety system | C19: =C54 -> 1 | D19: =D54 -> System | E19: =E54 -> 100 | F19: =SUM(G19:L19) -> 100 | G19: =$E19*G54 -> 0 | H19: =$E19*H54 -> 0 | I19: =$E19*I54 -> 100 | J19: =$E19*J54 -> 0 | K19: =$E19*K54 -> 0 | L19: =$E19*L54 -> 0 | M19: =M54 -> 0
B20: =B55 -> Trademark registration | C20: =C55 -> 1 | D20: =D55 -> Name | E20: =E55 -> 1000 | F20: =SUM(G20:L20) -> 1000 | G20: =$E20*G55 -> 0 | H20: =$E20*H55 -> 0 | I20: =$E20*I55 -> 0 | J20: =$E20*J55 -> 0 | K20: =$E20*K55 -> 1000 | L20: =$E20*L55 -> 0 | M20: =M55 -> 0
B21: =B56 -> Relationship with Management | C21: =C56 -> 4 | D21: =D56 -> Gifts | E21: =E56 -> 500 | F21: =SUM(G21:L21) -> 2000 | G21: =$E21*G56 -> 500 | H21: =$E21*H56 -> 500 | I21: =$E21*I56 -> 0 | J21: =$E21*J56 -> 1000 | K21: =$E21*K56 -> 0 | L21: =$E21*L56 -> 0 | M21: =M56 -> 0
B22: =B57 -> Operating license acquisition | C22: =C57 -> 1 | D22: =D57 -> License | E22: =E57 -> 45 | F22: =SUM(G22:L22) -> 45 | G22: =$E22*G57 -> 0 | H22: =$E22*H57 -> 0 | I22: =$E22*I57 -> 0 | J22: =$E22*J57 -> 45 | K22: =$E22*K57 -> 0 | L22: =$E22*L57 -> 0 | M22: =M57 -> After having facilities with a list of doctors and equipments
B23: =B58 -> Domain purchases (.com) | C23: =C58 -> 1 | D23: =D58 -> Domain | E23: =E58 -> 80 | F23: =SUM(G23:L23) -> 80 | G23: =$E23*G58 -> 0 | H23: =$E23*H58 -> 0 | I23: =$E23*I58 -> 0 | J23: =$E23*J58 -> 0 | K23: =$E23*K58 -> 80 | L23: =$E23*L58 -> 0 | M23: =M58 -> 0
B24: =B59 -> Market Survey | C24: =C59 -> 100 | D24: =D59 -> Doctors | E24: =E59 -> 15 | F24: =SUM(G24:L24) -> 1500 | G24: =$E24*G59 -> 0 | H24: =$E24*H59 -> 1500 | I24: =$E24*I59 -> 0 | J24: =$E24*J59 -> 0 | K24: =$E24*K59 -> 0 | L24: =$E24*L59 -> 0 | M24: =M59 -> 0
B25: =B60 -> Logo Design | C25: =C60 -> 1 | D25: =D60 -> Logo | E25: =E60 -> 200 | F25: =SUM(G25:L25) -> 200 | G25: =$E25*G60 -> 0 | H25: =$E25*H60 -> 0 | I25: =$E25*I60 -> 200 | J25: =$E25*J60 -> 0 | K25: =$E25*K60 -> 0 | L25: =$E25*L60 -> 0 | M25: =M60 -> 0
B26: =B61 -> Trip to Hanoi | C26: =C61 -> 3 | D26: =D61 -> Trip for two | E26: =E61 -> 500 | F26: =SUM(G26:L26) -> 1500 | G26: =$E26*G61 -> 500 | H26: =$E26*H61 -> 500 | I26: =$E26*I61 -> 0 | J26: =$E26*J61 -> 500 | K26: =$E26*K61 -> 0 | L26: =$E26*L61 -> 0 | M26: =M61 -> 0
B27: =B62 -> Trip to Vietnam | C27: =C62 -> 4 | D27: =D62 -> Airticket | E27: =E62 -> 500 | F27: =SUM(G27:L27) -> 2000 | G27: =$E27*G62 -> 1000 | H27: =$E27*H62 -> 0 | I27: =$E27*I62 -> 0 | J27: =$E27*J62 -> 1000 | K27: =$E27*K62 -> 0 | L27: =$E27*L62 -> 0 | M27: =M62 -> 0
B28: =B63 -> Trips to Korea | C28: =C63 -> 4 | D28: =D63 -> Airticket | E28: =E63 -> 500 | F28: =SUM(G28:L28) -> 2000 | G28: =$E28*G63 -> 1000 | H28: =$E28*H63 -> 0 | I28: =$E28*I63 -> 0 | J28: =$E28*J63 -> 1000 | K28: =$E28*K63 -> 0 | L28: =$E28*L63 -> 0 | M28: =M63 -> 0
B29: =B64 -> Lodging in Vietnam | C29: =C64 -> 10 | D29: =D64 -> Day for two | E29: =E64 -> 140 | F29: =SUM(G29:L29) -> 1400 | G29: =$E29*G64 -> 700 | H29: =$E29*H64 -> 0 | I29: =$E29*I64 -> 0 | J29: =$E29*J64 -> 700 | K29: =$E29*K64 -> 0 | L29: =$E29*L64 -> 0 | M29: =M64 -> 0
... B34: =B69 -> PR Expenses | C34: =C69 -> 1 | D34: =D69 -> Months | E34: =E69 -> 750 | F34: =SUM(G34:L34) -> 750 | G34: =$E34*G69 -> 0 | H34: =$E34*H69 -> 0 | I34: =$E34*I69 -> 0 | J34: =$E34*J69 -> 0 | K34: =$E34*K69 -> 0 | L34: =$E34*L69 -> 750 | M34: =M69 -> 0
B36: =B71 -> TOTAL | F36: =SUM(F7:F34) -> 4030206 | G36: =SUM(G7:G34) -> 12025 | H36: =SUM(H7:H34) -> 3840 | I36: =SUM(I7:I34) -> 3955595 | J36: =SUM(J7:J34) -> 16565 | K36: =SUM(K7:K34) -> 24220 | L36: =SUM(L7:L34) -> 17961 | M36: =F71-F36 -> 0
F37: =F71-F36 -> 0 | G37: =IF(F37=0,"true","false") -> true
B38: Pre-operational Cost Drivers
G40: Monthly Count
B41: Type of cost | C41: Quantity | D41: Unit | E41: Unit price | F41: Total Year 1 | G41: 41275 | H41: 41306 | I41: 41334 | J41: 41365 | K41: 41395 | L41: 41426 | M41: Note
B42: Legal assistance fee | C42: =SUM(G42:L42) -> 80 | D42: Hours | E42: 100 | F42: =C42*$E42 -> 8000 | G42: =5*4*4 -> 80 | H42: 0 | I42: 0 | J42: 0 | K42: 0 | L42: 0
B43: Investment license acquisition | C43: =SUM(G43:L43) -> 1 | D43: License | E43: =(200000+500000)/20000 -> 35 | F43: =C43*$E43 -> 35 | G43: 1 | H43: 0 | I43: 0 | J43: 0 | K43: 0 | L43: 0
B44: Fixture & Fitting out | C44: ='App 10_5Yr Op Exp'!E20 -> 1500 | D44: m2 | E44: 100 | F44: =C44*$E44 -> 150000 | G44: 0 | H44: 0 | I44: 1500 | J44: 0 | K44: 0 | L44: 0
B45: Consultation equipment | D45: Equipment | F45: ='App 6_Yr 1 Capex'!E96 -> 59730
B46: Laboratory equipment | D46: Equipment | F46: ='App 6_Yr 1 Capex'!E146 -> 1568819
B47: Imaging Diagnosis equipment | D47: Equipment | F47: ='App 6_Yr 1 Capex'!E165 -> 2138306
B48: Emergency room equipment | D48: Equipment | F48: ='App 6_Yr 1 Capex'!E52 -> 16050
B49: Patient room equipment | D49: Equipment | F49: ='App 6_Yr 1 Capex'!E58 -> 1250
B50: Computers & soft-ware | D50: Computer | F50: ='App 6_Yr 1 Capex'!E183 -> 60961
B51: Furniture | D51: Furniture | F51: ='App 6_Yr 1 Capex'!E195 -> 11140
B52: Vehicles | D52: Vehicle | F52: ='App 6_Yr 1 Capex'!E202 -> 0
B53: Waste treatment system | C53: =SUM(G53:L53) -> 1 | D53: System | E53: 1000 | F53: =C53*$E53 -> 1000 | G53: 0 | H53: 0 | I53: 1 | J53: 0 | K53: 0 | L53: 0
B54: Fire safety system | C54: =SUM(G54:L54) -> 1 | D54: System | E54: 100 | F54: =C54*$E54 -> 100 | G54: 0 | H54: 0 | I54: 1 | J54: 0 | K54: 0 | L54: 0
B55: Trademark registration | C55: =SUM(G55:L55) -> 1 | D55: Name | E55: 1000 | F55: =C55*$E55 -> 1000 | G55: 0 | H55: 0 | I55: 0 | J55: 0 | K55: 1 | L55: 0
B56: Relationship with Management | C56: =SUM(G56:L56) -> 4 | D56: Gifts | E56: 500 | F56: =C56*$E56 -> 2000 | G56: 1 | H56: 1 | I56: 0 | J56: 2 | K56: 0 | L56: 0
B57: Operating license acquisition | C57: =SUM(G57:L57) -> 1 | D57: License | E57: =(400000+500000)/20000 -> 45 | F57: =C57*$E57 -> 45 | G57: 0 | H57: 0 | I57: 0 | J57: 1 | K57: 0 | L57: 0 | M57: After having facilities with a list of doctors and equipments
B58: Domain purchases (.com) | C58: =SUM(G58:L58) -> 1 | D58: Domain | E58: 80 | F58: =C58*$E58 -> 80 | G58: 0 | H58: 0 | I58: 0 | J58: 0 | K58: 1 | L58: 0
B59: Market Survey | C59: =SUM(G59:L59) -> 100 | D59: Doctors | E59: 15 | F59: =C59*$E59 -> 1500 | G59: 0 | H59: 100 | I59: 0 | J59: 0 | K59: 0 | L59: 0
B60: Logo Design | C60: =SUM(G60:L60) -> 1 | D60: Logo | E60: 200 | F60: =C60*$E60 -> 200 | G60: 0 | H60: 0 | I60: 1 | J60: 0 | K60: 0 | L60: 0
B61: Trip to Hanoi | C61: =SUM(G61:L61) -> 3 | D61: Trip for two | E61: =5000*2/20 -> 500 | F61: =C61*$E61 -> 1500 | G61: 1 | H61: 1 | I61: 0 | J61: 1 | K61: 0 | L61: 0
B62: Trip to Vietnam | C62: =SUM(G62:L62) -> 4 | D62: Airticket | E62: 500 | F62: =C62*$E62 -> 2000 | G62: 2 | H62: 0 | I62: 0 | J62: 2 | K62: 0 | L62: 0
B63: Trips to Korea | C63: =SUM(G63:L63) -> 4 | D63: Airticket | E63: 500 | F63: =C63*$E63 -> 2000 | G63: 2 | H63: 0 | I63: 0 | J63: 2 | K63: 0 | L63: 0
B64: Lodging in Vietnam | C64: =SUM(G64:L64) -> 10 | D64: Day for two | E64: =70*2 -> 140 | F64: =C64*$E64 -> 1400 | G64: 5 | H64: 0 | I64: 0 | J64: 5 | K64: 0 | L64: 0
B65: Mobile Phone Calls | C65: =SUM(G65:L65) -> 24 | D65: Users | E65: 10 | F65: =C65*$E65 -> 240 | G65: 2 | H65: 2 | I65: 5 | J65: 5 | K65: 5 | L65: 5
B66: International Calls | C66: =SUM(G66:L66) -> 12 | D66: Hours | E66: 10 | F66: =C66*$E66 -> 120 | G66: 3 | H66: 3 | I66: 3 | J66: 3 | K66: 0 | L66: 0
B67: Traveling | C67: =SUM(G67:L67) -> 260 | D67: Taxi trips | E67: 3 | F67: =C67*$E67 -> 780 | G67: =4*5*4 -> 80 | H67: =2*5*3 -> 30 | I67: =2*5*2 -> 20 | J67: =4*5*4 -> 80 | K67: =2*5*3 -> 30 | L67: =2*5*2 -> 20
B68: Headhunting service | C68: =SUM(G68:L68) -> 4 | D68: Doctors/Staff | E68: 300 | F68: =C68*$E68 -> 1200 | G68: 0 | H68: ='App 9_Yr1 Headcount'!K189+'App 9_Yr1 Headcount'!K195+'App 9_Yr1 Headcount'!K171+1 -> 4 | I68: 0 | J68: 0 | K68: 0 | L68: 0
B69: PR Expenses | C69: =SUM(G69:L69) -> 1 | D69: Months | E69: 750 | F69: =C69*$E69 -> 750 | G69: 0 | H69: 0 | I69: 0 | J69: 0 | K69: 0 | L69: 1
B71: TOTAL | F71: =SUM(F42:F69) -> 4030206

Sheet List of equipment
B3: PROVINCIAL HOSPITAL REFERENCE | M3: Regulation reference: http://www.moh.gov.vn/wps/portal/boyte/thutuc/chitiet?presentationtemplate=pt_thutuc&WCM_GLOBAL_CONTEXT=3b9769004664a8dd98a99cd01b698eba
B4: EQUIPMENT SUMMARY BY DEPARTMENT
D5: Total main items | E5: Total sub-items | F5: US$ | M5: Provincial Hospital Standard: http://emc-vn.com.vn/index.php?option=com_content&view=article&id=13:emc-vn&catid=14:tin-tuc&Itemid=4&lang=vi
B6: Administrative | D6: =COUNTIF($M$1:$M$391,$B6) -> 20 | E6: =SUMIF($M$1:$M$930,B6,$Q$1:$Q$930) -> 136 | F6: =SUMIF($M$1:$M$930,B6,$S$1:$S$930) -> 136000 | M6: Department | N6: No | O6: Equipment Name | P6: Unit | Q6: Volume | R6: Unit price | S6: Total cost | T6: Category
B7: Check-up | D7: =COUNTIF($M$1:$M$391,B7) -> 41 | E7: =SUMIF($M$1:$M$930,B7,$Q$1:$Q$930) -> 469 | F7: =SUMIF($M$1:$M$930,B7,$S$1:$S$930) -> 469000 | M7: Check-up | N7: 1 | O7: Ống nghe bệnh người lớn | P7: cái | Q7: 12 | R7: 1000 | S7: =R7*Q7 -> 12000 | T7: Equipment
B8: Laboratory Equipment | M8: Check-up | N8: 2 | O8: Ống nghe trẻ em | P8: cái | Q8: 5 | R8: 1000 | S8: =R8*Q8 -> 5000 | T8: Equipment
B9: Biochemical | D9: =COUNTIF($M$1:$M$391,B9) -> 49 | E9: =SUMIF($M$1:$M$930,B9,$Q$1:$Q$930) -> 316 | F9: =SUMIF($M$1:$M$930,B9,$S$1:$S$930) -> 316000 | M9: Check-up | N9: 3 | O9: Huyết áp kế người lớn | P9: cái | Q9: 12 | R9: 1000 | S9: =R9*Q9 -> 12000 | T9: Equipment
B10: Hematological | D10: =COUNTIF($M$1:$M$391,B10) -> 51 | E10: =SUMIF($M$1:$M$930,B10,$Q$1:$Q$930) -> 435 | F10: =SUMIF($M$1:$M$930,B10,$S$1:$S$930) -> 235200 | M10: Check-up | N10: 4 | O10: Huyết áp kế trẻ em | P10: cái | Q10: 5 | R10: 1000 | S10: =R10*Q10 -> 5000 | T10: Equipment
B11: Immunological | D11: =COUNTIF($M$1:$M$391,B11) -> 0 | E11: =SUMIF($M$1:$M$930,B11,$Q$1:$Q$930) -> 0 | F11: =SUMIF($M$1:$M$930,B11,$S$1:$S$930) -> 0 | M11: Check-up | N11: 5 | O11: Nhiệt kế y học 420C | P11: cái | Q11: 24 | R11: 1000 | S11: =R11*Q11 -> 24000 | T11: Equipment
B12: Microbiological | D12: =COUNTIF($M$1:$M$391,B12) -> 61 | E12: =SUMIF($M$1:$M$930,B12,$Q$1:$Q$930) -> 277 | F12: =SUMIF($M$1:$M$930,B12,$S$1:$S$930) -> 277000 | M12: Check-up | N12: 6 | O12: Bàn khám bệnh người lớn | P12: cái | Q12: 12 | R12: 1000 | S12: =R12*Q12 -> 12000 | T12: Furniture
B13: Parasitological | D13: =COUNTIF($M$1:$M$391,B13) -> 0 | E13: =SUMIF($M$1:$M$930,B13,$Q$1:$Q$930) -> 0 | F13: =SUMIF($M$1:$M$930,B13,$S$1:$S$930) -> 0 | M13: Check-up | N13: 7 | O13: Bàn khám bệnh trẻ em | P13: cái | Q13: 5 | R13: 1000 | S13: =R13*Q13 -> 5000 | T13: Furniture
B14: Pathological | D14: =COUNTIF($M$1:$M$391,B14) -> 31 | E14: =SUMIF($M$1:$M$930,B14,$Q$1:$Q$930) -> 87 | F14: =SUMIF($M$1:$M$930,B14,$S$1:$S$930) -> 87000 | M14: Check-up | N14: 8 | O14: Giường bệnh | P14: cái | Q14: 5 | R14: 1000 | S14: =R14*Q14 -> 5000 | T14: Furniture
B15: Molecular Biology | D15: =COUNTIF($M$1:$M$391,B15) -> 0 | E15: =SUMIF($M$1:$M$930,B15,$Q$1:$Q$930) -> 0 | F15: =SUMIF($M$1:$M$930,B15,$S$1:$S$930) -> 0 | M15: Check-up | N15: 9 | O15: Giường cấp cứu | P15: cái | Q15: 2 | R15: 1000 | S15: =R15*Q15 -> 2000 | T15: Furniture
B16: Genetic | D16: =COUNTIF($M$1:$M$391,B16) -> 0 | E16: =SUMIF($M$1:$M$930,B16,$Q$1:$Q$930) -> 0 | F16: =SUMIF($M$1:$M$930,B16,$S$1:$S$930) -> 0 | M16: Check-up | N16: 10 | O16: Đèn khám bệnh | P16: cái | Q16: 12 | R16: 1000 | S16: =R16*Q16 -> 12000 | T16: Furniture
B17: Toxicological | D17: =COUNTIF($M$1:$M$391,B17) -> 0 | E17: =SUMIF($M$1:$M$930,B17,$Q$1:$Q$930) -> 0 | F17: =SUMIF($M$1:$M$930,B17,$S$1:$S$930) -> 0 | M17: Check-up | N17: 11 | O17: Đèn khám bệnh treo trán | P17: cái | Q17: 4 | R17: 1000 | S17: =R17*Q17 -> 4000 | T17: Furniture
B18: Virus Quantification | D18: =COUNTIF($M$1:$M$391,B18) -> 0 | E18: =SUMIF($M$1:$M$930,B18,$Q$1:$Q$930) -> 0 | F18: =SUMIF($M$1:$M$930,B18,$S$1:$S$930) -> 0 | M18: Check-up | N18: 12 | O18: Cân trọng lượng có thước đo chiều cao | P18: cái | Q18: 2 | R18: 1000 | S18: =R18*Q18 -> 2000 | T18: Equipment
D19: =SUM(D9:D18) -> 192 | E19: =SUM(E9:E18) -> 1115 | F19: =SUM(F9:F18) -> 915200 | M19: Check-up | N19: 13 | O19: Đèn đọc phim X-quang | P19: cái | Q19: 12 | R19: 1000 | S19: =R19*Q19 -> 12000 | T19: Equipment
B20: Diagnostic Imaging Equipment | M20: Check-up | N20: 14 | O20: Tủ lạnh | P20: cái | Q20: 2 | R20: 1000 | S20: =R20*Q20 -> 2000 | T20: Furniture
B21: X-ray | D21: =COUNTIF($M$1:$M$391,B21) -> 29 | E21: =SUMIF($M$1:$M$930,B21,$Q$1:$Q$930) -> 158 | F21: =SUMIF($M$1:$M$930,B21,$S$1:$S$930) -> 158000 | M21: Check-up | N21: 15 | O21: Tủ sấy điện, 2500C | P21: cái | Q21: 3 | R21: 1000 | S21: =R21*Q21 -> 3000 | T21: Furniture
B22: Ultrasound | D22: =COUNTIF($M$1:$M$391,B22) -> 3 | E22: =SUMIF($M$1:$M$930,B22,$Q$1:$Q$930) -> 7 | F22: =SUMIF($M$1:$M$930,B22,$S$1:$S$930) -> 7000 | M22: Check-up | N22: 16 | O22: Lò sưởi điện | P22: cái | Q22: 4 | R22: 1000 | S22: =R22*Q22 -> 4000 | T22: Furniture
B23: Endoscopy | D23: =COUNTIF($M$1:$M$391,B23) -> 25 | E23: =SUMIF($M$1:$M$930,B23,$Q$1:$Q$930) -> 289 | F23: =SUMIF($M$1:$M$930,B23,$S$1:$S$930) -> 289000 | M23: Check-up | N23: 17 | O23: Tủ đựng dụng cụ | P23: cái | Q23: 2 | R23: 1000 | S23: =R23*Q23 -> 2000 | T23: Furniture
B24: CT scanner | D24: =COUNTIF($M$1:$M$391,B24) -> 0 | E24: =SUMIF($M$1:$M$930,B24,$Q$1:$Q$930) -> 0 | F24: =SUMIF($M$1:$M$930,B24,$S$1:$S$930) -> 0 | M24: Check-up | N24: 18 | O24: Bàn đẩy dụng cụ | P24: cái | Q24: 4 | R24: 1000 | S24: =R24*Q24 -> 4000 | T24: Furniture
B25: MRI | D25: =COUNTIF($M$1:$M$391,B25) -> 1 | E25: =SUMIF($M$1:$M$930,B25,$Q$1:$Q$930) -> 1 | F25: =SUMIF($M$1:$M$930,B25,$S$1:$S$930) -> 1000 | M25: Check-up | N25: 19 | O25: Tủ đựng tài liệu | P25: cái | Q25: 6 | R25: 1000 | S25: =R25*Q25 -> 6000 | T25: Furniture
B26: PET scanner | D26: =COUNTIF($M$1:$M$391,B26) -> 0 | E26: =SUMIF($M$1:$M$930,B26,$Q$1:$Q$930) -> 0 | F26: =SUMIF($M$1:$M$930,B26,$S$1:$S$930) -> 0 | M26: Check-up | N26: 20 | O26: Bàn làm việc | P26: cái | Q26: 12 | R26: 1000 | S26: =R26*Q26 -> 12000 | T26: Furniture
D27: =SUM(D21:D26) -> 58 | E27: =SUM(E21:E26) -> 455 | F27: =SUM(F21:F26) -> 455000 | M27: Check-up | N27: 21 | O27: Ghế | P27: cái | Q27: 30 | R27: 1000 | S27: =R27*Q27 -> 30000 | T27: Furniture
B29: Spareparts | D29: =COUNTIF($M$1:$M$391,B29) -> 56 | E29: =SUMIF($M$1:$M$930,B29,$Q$1:$Q$930) -> 3232 | F29: =SUMIF($M$1:$M$930,B29,$S$1:$S$930) -> 3232000 | M29: Check-up | N29: 22 | O29: Ghế đẩu quay | P29: cái | Q29: 20 | R29: 1000 | S29: =R29*Q29 -> 20000 | T29: Furniture
M30: Check-up | N30: 23 | O30: Ghế băng cho bệnh nhân | P30: cái | Q30: 12 | R30: 1000 | S30: =R30*Q30 -> 12000 | T30: Furniture
D31: =D6+D7+D19+D27+D29 -> 367 | E31: =E6+E7+E19+E27+E29 -> 5407 | F31: =F6+F7+F19+F27+F29 -> 5207200 | M31: Check-up | N31: 24 | O31: Bảng viết | P31: cái | Q31: 3 | R31: 1000 | S31: =R31*Q31 -> 3000 | T31: Furniture
F32: =#REF! -> #REF! | M32: Check-up | N32: 25 | O32: Hệ thống loa, tăng âm hướng dẫn bệnh nhân | P32: HT | Q32: 1 | R32: 1000 | S32: =R32*Q32 -> 1000 | T32: Furniture
M33: Check-up | N33: 26 | O33: Hệ thống monitor (màn hình) hướng dẫn bệnh nhân | P33: HT | Q33: 1 | R33: 1000 | S33: =R33*Q33 -> 1000 | T33: Furniture
B34: Emergency | D34: =COUNTIF($M$1:$M$514,B34) -> 64 | E34: =SUMIF($M$1:$M$930,B34,$Q$1:$Q$930) -> 368 | F34: =SUMIF($M$1:$M$930,B34,$S$1:$S$930) -> 368000 | M34: Check-up | N34: 27 | O34: Nồi luộc dụng cụ | P34: cái | Q34: 2 | R34: 1000 | S34: =R34*Q34 -> 2000 | T34: Furniture
M35: Check-up | N35: 28 | O35: Máy điện tim | P35: cái | Q35: 1 | R35: 1000 | S35: =R35*Q35 -> 1000 | T35: Equipment
B36: Internal Medicine (General) | C36: General | D36: =COUNTIF($M$1:$M$391,B21) -> 29 | E36: =SUMIF($M$1:$M$930,B36,$Q$1:$Q$930) -> 2537 | F36: =SUMIF($M$1:$M$930,B36,$S$1:$S$930) -> 2537000 | M36: Check-up | N36: 29 | O36: Bộ dụng cụ tiểu phẫu | P36: bộ | Q36: 2 | R36: 1000 | S36: =R36*Q36 -> 2000 | T36: Equipment
M37: Check-up | N37: 30 | O37: Bộ dụng cụ khám bệnh | P37: bộ | Q37: 12 | R37: 1000 | S37: =R37*Q37 -> 12000 | T37: Equipment
B38: Surgery | C38: General | D38: =COUNTIF($M$1:$M$806,B21) -> 29 | E38: =SUMIF($M$1:$M$806,B38,$Q$1:$Q$806) -> 3205 | F38: =SUMIF($M$1:$M$806,B38,$S$1:$S$806) -> 3205000 | M38: Check-up | N38: 31 | O38: Búa thử phản xạ | P38: cái | Q38: 12 | R38: 1000 | S38: =R38*Q38 -> 12000 | T38: Equipment
M39: Check-up | N39: 32 | O39: Bơm tiêm một lần các loại | P39: cái | Q39: 200 | R39: 1000 | S39: =R39*Q39 -> 200000 | T39: Equipment
M40: Check-up | N40: 33 | O40: Máy huỷ bơm kim tiêm | P40: cái | Q40: 1 | R40: 1000 | S40: =R40*Q40 -> 1000 | T40: Equipment
M41: Check-up | N41: 34 | O41: Đèn cực tím tiệt trùng | P41: cái | Q41: 2 | R41: 1000 | S41: =R41*Q41 -> 2000 | T41: Equipment
B42: MINIMUM REQUIREMENT REFERENCE | M42: Check-up | N42: 35 | O42: Xe đẩy bệnh nhân | P42: cái | Q42: 2 | R42: 1000 | S42: =R42*Q42 -> 2000 | T42: Furniture
B43: EQUIPMENT SUMMARY BY DEPARTMENT | M43: Check-up | N43: 36 | O43: Cáng đẩy | P43: cái | Q43: 2 | R43: 1000 | S43: =R43*Q43 -> 2000 | T43: Furniture
D44: Total main items | E44: Total sub-items | F44: US$ | M44: Check-up | N44: 37 | O44: Cáng tay | P44: cái | Q44: 2 | R44: 1000 | S44: =R44*Q44 -> 2000 | T44: Furniture
B45: Internal Medicine (General) | C45: Check-up | D45: =COUNTIF($B$69:$B$253,B45) -> 35 | E45: =SUMIF($B$69:$B$253,B45,$F$69:$F$253) -> 45 | F45: =SUMIF($B$69:$B$253,B45,$H$69:$H$253) -> 45000 | M45: Check-up | N45: 38 | O45: Hộp thu gom vật sắc nhọn | P45: cái | Q45: 12 | R45: 1000 | S45: =R45*Q45 -> 12000 | T45: Furniture
B46: Surgery | C46: Check-up | D46: =COUNTIF($B$69:$B$253,B46) -> 24 | E46: =SUMIF($B$69:$B$253,B46,$F$69:$F$253) -> 38 | F46: =SUMIF($B$69:$B$253,B46,$H$69:$H$253) -> 38000 | M46: Check-up | N46: 39 | O46: Thùng rác | P46: cái | Q46: 5 | R46: 1000 | S46: =R46*Q46 -> 5000 | T46: Furniture
B47: Laboratory Equipment | M47: Check-up | N47: 40 | O47: Thùng đựng nước uống cho bệnh nhân | P47: cái | Q47: 1 | R47: 1000 | S47: =R47*Q47 -> 1000 | T47: Furniture
B48: Biochemical | D48: =COUNTIF($B$69:$B$253,B48) -> 14 | E48: =SUMIF($B$69:$B$253,B48,$F$69:$F$253) -> 15 | F48: =SUMIF($B$69:$B$253,B48,$H$69:$H$253) -> 15000 | M48: Check-up | N48: 41 | O48: Máy vi tính + máy in | P48: bộ | Q48: 1 | R48: 1000 | S48: =R48*Q48 -> 1000 | T48: Computer
B49: Hematological | D49: =COUNTIF($B$69:$B$253,B49) -> 48 | E49: =SUMIF($B$69:$B$253,B49,$F$69:$F$253) -> 2992 | F49: =SUMIF($B$69:$B$253,B49,$H$69:$H$253) -> 2992000 | M49: Hematological | N49: 1 | O49: Máy phân tích huyết học tự động (Máy đếm tế bào tự động 18 hoặc 22 thông số) | Q49: 1 | R49: 1000 | S49: =R49*Q49 -> 1000 | T49: Equipment
B50: Immunological | D50: =COUNTIF($B$69:$B$253,B50) -> 0 | E50: =SUMIF($B$69:$B$253,B50,$F$69:$F$253) -> 0 | F50: =SUMIF($B$69:$B$253,B50,$H$69:$H$253) -> 0 | M50: Hematological | N50: 2 | O50: Máy phân tích huyết học bán tự động (8 đến 12 thông số) | P50: cái | Q50: 1 | R50: 1000 | S50: =R50*Q50 -> 1000 | T50: Equipment
B51: Microbiological | D51: =COUNTIF($B$69:$B$253,B51) -> 43 | E51: =SUMIF($B$69:$B$253,B51,$F$69:$F$253) -> 2983 | F51: =SUMIF($B$69:$B$253,B51,$H$69:$H$253) -> 2983000 | M51: Hematological | N51: 3 | O51: Máy đo độ đông máu tự động | P51: cái | Q51: 1 | R51: 1000 | S51: =R51*Q51 -> 1000 | T51: Equipment
M52: Hematological | N52: 4 | O52: Hệ thống xét nghiệm Elisa | P52: HT | Q52: 1 | R52: 1000 | S52: =R52*Q52 -> 1000 | T52: Equipment
D53: =SUM(D45:D52) -> 164 | E53: =SUM(E45:E52) -> 6073 | F53: =SUM(F45:F52) -> 6073000 | M53: Hematological | N53: 5 | O53: Đèn Clar | P53: cái | Q53: 2 | R53: 1000 | S53: =R53*Q53 -> 2000 | T53: Equipment
M54: Hematological | N54: 6 | O54: Đèn cực tím tiệt trùng | P54: cái | Q54: 2 | R54: 1000 | S54: =R54*Q54 -> 2000 | T54: Equipment
M55: Hematological | N55: 7 | O55: Giá để ống nghiệm các loại | P55: cái | Q55: 10 | R55: 1000 | S55: =R55*Q55 -> 10000 | T55: Furniture
B56: Diagnostic Imaging Equipment | M56: Hematological | N56: 8 | O56: Dụng cụ thuỷ tinh phòng xét nghiệm như: ống nghiệm các loại, lam kính, đĩa lồng, đũa thuỷ tinh, các loại bình hình nón, hình cầu, hình trụ, cốc đong, phễu,.v.v... | P56: đủ dùng | Q56: 10 | R56: 1000 | S56: =R56*Q56 -> 10000 | T56: Equipment
B57: X-Ray | D57: =COUNTIF($B$69:$B$253,B57) -> 20 | E57: =SUMIF($B$69:$B$253,B57,$F$69:$F$253) -> 60 | F57: =SUMIF($B$69:$B$253,B57,$H$69:$H$253) -> 60000 | M57: Hematological | N57: 9 | O57: Cân kỹ thuật 0,1 gr | P57: cái | Q57: 2 | R57: 1000 | S57: =R57*Q57 -> 2000 | T57: Equipment
B58: Ultrasound | D58: =COUNTIF($B$69:$B$253,B58) -> 1 | E58: =SUMIF($B$69:$B$253,B58,$F$69:$F$253) -> 1 | F58: =SUMIF($B$69:$B$253,B58,$H$69:$H$253) -> 1000 | M58: Hematological | N58: 10 | O58: Cân phân tích 0,1 mg | P58: cái | Q58: 1 | R58: 1000 | S58: =R58*Q58 -> 1000 | T58: Equipment
B59: Endoscopy | D59: =COUNTIF($B$69:$B$253,B59) -> 0 | E59: =SUMIF($B$69:$B$253,B59,$F$69:$F$253) -> 0 | F59: =SUMIF($B$69:$B$253,B59,$H$69:$H$253) -> 0 | M59: Hematological | N59: 11 | O59: Cân Roberval | P59: cái | Q59: 1 | R59: 1000 | S59: =R59*Q59 -> 1000 | T59: Equipment
B60: CT scanner | D60: =COUNTIF($B$69:$B$253,B60) -> 0 | E60: =SUMIF($B$69:$B$253,B60,$F$69:$F$253) -> 0 | F60: =SUMIF($B$69:$B$253,B60,$H$69:$H$253) -> 0 | M60: Hematological | N60: 12 | O60: Hốt vô trùng | P60: cái | Q60: 2 | R60: 1000 | S60: =R60*Q60 -> 2000 | T60: Equipment
B61: MRI | D61: =COUNTIF($B$69:$B$253,B61) -> 0 | E61: =SUMIF($B$69:$B$253,B61,$F$69:$F$253) -> 0 | F61: =SUMIF($B$69:$B$253,B61,$H$69:$H$253) -> 0 | M61: Hematological | N61: 13 | O61: Máy cất nước 2 lần 5 L/h | P61: cái | Q61: 1 | R61: 1000 | S61: =R61*Q61 -> 1000 | T61: Equipment
B62: PET scanner | D62: =COUNTIF($B$69:$B$253,B62) -> 0 | E62: =SUMIF($B$69:$B$253,B62,$F$69:$F$253) -> 0 | F62: =SUMIF($B$69:$B$253,B62,$H$69:$H$253) -> 0 | M62: Hematological | N62: 14 | O62: Máy cất nước 20 L/h | P62: cái | Q62: 1 | R62: 1000 | S62: =R62*Q62 -> 1000 | T62: Equipment
D63: =SUM(D57:D62) -> 21 | E63: =SUM(E57:E62) -> 61 | F63: =SUM(F57:F62) -> 61000 | M63: Hematological | N63: 15 | O63: Máy hút chân không | P63: cái | Q63: 1 | R63: 1000 | S63: =R63*Q63 -> 1000 | T63: Equipment
E64: Total | F64: =SUM(F53,F63) -> 6134000 | M64: Hematological | N64: 16 | O64: Máy hút ẩm | P64: cái | Q64: 1 | R64: 1000 | S64: =R64*Q64 -> 1000 | T64: Equipment
F65: =H254-F63-F53 -> 0 | G65: check | M65: Hematological | N65: 17 | O65: Máy khuấy từ | P65: cái | Q65: 1 | R65: 1000 | S65: =R65*Q65 -> 1000 | T65: Equipment
M66: Hematological | N66: 18 | O66: Máy lắc | P66: cái | Q66: 1 | R66: 1000 | S66: =R66*Q66 -> 1000 | T66: Equipment
B67: Minimum Requirement for each specialties | M67: Hematological | N67: 19 | O67: Máy lọc nước và chất lỏng | P67: cái | Q67: 1 | R67: 1000 | S67: =R67*Q67 -> 1000 | T67: Equipment
B68: Department | C68: No | D68: Item | E68: Unit | F68: Quantity | G68: Unit price | H68: Total cost | M68: Hematological | N68: 20 | O68: Máy lọc Reitz kèm giấy và màng lọc | P68: bộ | Q68: 1 | R68: 1000 | S68: =R68*Q68 -> 1000 | T68: Equipment
B69: Internal Medicine (General) | C69: 1 | D69: Bàn khám bệnh | E69: Cái | F69: 1 | G69: 1000 | H69: =G69*F69 -> 1000 | M69: Hematological | N69: 21 | O69: Máy ly tâm máu 24 ống mao quản | P69: cái | Q69: 1 | R69: 1000 | S69: =R69*Q69 -> 1000 | T69: Equipment
B70: Internal Medicine (General) | C70: 2 | D70: Ống nghe bệnh 2 tai | E70: - | F70: 1 | G70: 1000 | H70: =G70*F70 -> 1000 | M70: Hematological | N70: 22 | O70: Máy ly tâm đa năng | P70: cái | Q70: 1 | R70: 1000 | S70: =R70*Q70 -> 1000 | T70: Equipment
B71: Internal Medicine (General) | C71: 3 | D71: Huyết áp kế | E71: - | F71: 1 | G71: 1000 | H71: =G71*F71 -> 1000 | M71: Hematological | N71: 23 | O71: Máy nhỏ giọt | P71: cái | Q71: 1 | R71: 1000 | S71: =R71*Q71 -> 1000 | T71: Equipment
B72: Internal Medicine (General) | C72: 4 | D72: Bảng thị lực | E72: - | F72: 1 | G72: 1000 | H72: =G72*F72 -> 1000 | M72: Hematological | N72: 24 | O72: Máy lắc có cân để lấy máu | P72: cái | Q72: 1 | R72: 1000 | S72: =R72*Q72 -> 1000 | T72: Equipment
B73: Internal Medicine (General) | C73: 5 | D73: Búa tìm phản xạ | E73: - | F73: 1 | G73: 1000 | H73: =G73*F73 -> 1000 | M73: Hematological | N73: 25 | O73: Máy pha loãng | P73: cái | Q73: 1 | R73: 1000 | S73: =R73*Q73 -> 1000 | T73: Equipment
B74: Internal Medicine (General) | C74: 6 | D74: Băng ga rô cầm máu | E74: - | F74: 1 | G74: 1000 | H74: =G74*F74 -> 1000 | M74: Hematological | N74: 26 | O74: Tủ lạnh trữ máu | P74: cái | Q74: 2 | R74: 1000 | S74: =R74*Q74 -> 2000 | T74: Equipment
B75: Internal Medicine (General) | C75: 7 | D75: Bơm tiêm dùng một lần 1 ml | E75: - | F75: 1 | G75: 1000 | H75: =G75*F75 -> 1000 | M75: Hematological | N75: 27 | O75: Tủ lạnh sâu – 300C | P75: cái | Q75: 1 | R75: 1000 | S75: =R75*Q75 -> 1000 | T75: Equipment
B76: Internal Medicine (General) | C76: 8 | D76: Bơm tiêm dùng một lần 5 ml | E76: - | F76: 2 | G76: 1000 | H76: =G76*F76 -> 2000 | M76: Hematological | N76: 28 | O76: Máy ly tâm lạnh sử dụng cả ống lẫn túi máu | P76: cái | Q76: 1 | R76: 1000 | S76: =R76*Q76 -> 1000 | T76: Equipment
B77: Internal Medicine (General) | C77: 9 | D77: Bơm tiêm dùng một lần 10 ml | E77: - | F77: 3 | G77: 1000 | H77: =G77*F77 -> 3000 | M77: Hematological | N77: 29 | O77: Kính hiển vi 2 mắt | P77: cái | Q77: 2 | R77: 1000 | S77: =R77*Q77 -> 2000 | T77: Equipment
B78: Internal Medicine (General) | C78: 10 | D78: Cân người lớn | E78: Cái | F78: 1 | G78: 1000 | H78: =G78*F78 -> 1000 | M78: Hematological | N78: 30 | O78: Kính hiển vi có máy ảnh | P78: cái | Q78: 1 | R78: 1000 | S78: =R78*Q78 -> 1000 | T78: Equipment
B79: Internal Medicine (General) | C79: 11 | D79: Dây garo để tiêm tĩnh mạch | E79: - | F79: 1 | G79: 1000 | H79: =G79*F79 -> 1000 | M79: Hematological | N79: 31 | O79: Đồng hồ đếm giây | P79: cái | Q79: 2 | R79: 1000 | S79: =R79*Q79 -> 2000 | T79: Furniture
B80: Internal Medicine (General) | C80: 12 | D80: Đè lưỡi | E80: Hộp | F80: 1 | G80: 1000 | H80: =G80*F80 -> 1000 | M80: Hematological | N80: 32 | O80: Đồng hồ đếm phút | P80: cái | Q80: 2 | R80: 1000 | S80: =R80*Q80 -> 2000 | T80: Furniture
... B103: Internal Medicine (General) | C103: 36 | D103: Cân trẻ em | E103: - | F103: 1 | G103: 1000 | H103: =G103*F103 -> 1000 | M103: Biochemical | N103: 4 | O103: Máy đo điện giải đồ dùng điện cực chọn lọc | P103: cái | Q103: 1 | R103: 1000 | S103: =R103*Q103 -> 1000 | T103: Equipment
B104: Surgery | C104: 39 | D104: Dụng cụ tối thiểu | G104: 1000 | H104: =G104*F104 -> 0 | M104: Biochemical | N104: 5 | O104: Máy phân tích miễn dịch tự động | P104: cái | Q104: 1 | R104: 1000 | S104: =R104*Q104 -> 1000 | T104: Equipment
B105: Surgery | C105: 40 | D105: Bàn mổ tiểu phẫu | E105: Cái | F105: 1 | G105: 1000 | H105: =G105*F105 -> 1000 | M105: Biochemical | N105: 6 | O105: Máy phân tích nước tiểu tự động 10 thông số | P105: cái | Q105: 1 | R105: 1000 | S105: =R105*Q105 -> 1000 | T105: Equipment
B106: Surgery | C106: 41 | D106: Bàn để dụng cụ | E106: - | F106: 1 | G106: 1000 | H106: =G106*F106 -> 1000 | M106: Biochemical | N106: 7 | O106: Máy điện di | P106: cái | Q106: 1 | R106: 1000 | S106: =R106*Q106 -> 1000 | T106: Equipment
B107: Surgery | C107: 42 | D107: Bàn làm bột bó xương (nếu đăng ký) | E107: - | F107: 1 | G107: 1000 | H107: =G107*F107 -> 1000 | M107: Biochemical | N107: 8 | O107: Máy đo độ pH | P107: cái | Q107: 2 | R107: 1000 | S107: =R107*Q107 -> 2000 | T107: Equipment
B108: Surgery | C108: 43 | D108: Bộ dụng cụ tiểu phẫu | E108: Bộ | F108: 1 | G108: 1000 | H108: =G108*F108 -> 1000 | M108: Biochemical | N108: 9 | O108: Tỷ trọng kế | P108: cái | Q108: 1 | R108: 1000 | S108: =R108*Q108 -> 1000 | T108: Equipment
B109: Surgery | C109: 44 | D109: Các dụng cụ nẹp chấn thương | E109: - | F109: 2 | G109: 1000 | H109: =G109*F109 -> 2000 | M109: Biochemical | N109: 10 | O109: Máy cất nước 2 lần 5L/h | P109: cái | Q109: 1 | R109: 1000 | S109: =R109*Q109 -> 1000 | T109: Equipment
B110: Surgery | C110: 45 | D110: Đèn mổ một bóng | E110: Cái | F110: 1 | G110: 1000 | H110: =G110*F110 -> 1000 | M110: Biochemical | N110: 11 | O110: Máy cất nước 2 lần 20L/h | P110: cái | Q110: 1 | R110: 1000 | S110: =R110*Q110 -> 1000 | T110: Equipment
B111: Surgery | C111: 46 | D111: ống nghe | E111: - | F111: 1 | G111: 1000 | H111: =G111*F111 -> 1000 | M111: Biochemical | N111: 12 | O111: Máy hút chân không | P111: cái | Q111: 1 | R111: 1000 | S111: =R111*Q111 -> 1000 | T111: Equipment
B112: Surgery | C112: 47 | D112: Huyết áp | E112: Bộ | F112: 2 | G112: 1000 | H112: =G112*F112 -> 2000 | M112: Biochemical | N112: 13 | O112: Máy khuấy từ | P112: cái | Q112: 1 | R112: 1000 | S112: =R112*Q112 -> 1000 | T112: Equipment
B113: Surgery | C113: 48 | D113: Nhiệt kế | E113: Cái | F113: 2 | G113: 1000 | H113: =G113*F113 -> 2000 | M113: Biochemical | N113: 14 | O113: Máy lắc | P113: cái | Q113: 1 | R113: 1000 | S113: =R113*Q113 -> 1000 | T113: Equipment
B114: Surgery | C114: 49 | D114: Găng tay | E114: Đôi | F114: 3 | G114: 1000 | H114: =G114*F114 -> 3000 | M114: Biochemical | N114: 15 | O114: Máy pha loãng | P114: cái | Q114: 1 | R114: 1000 | S114: =R114*Q114 -> 1000 | T114: Equipment
B115: Surgery | C115: 50 | D115: Bơm tiêm dùng một lần 1 ml | E115: Đôi | F115: 3 | G115: 1000 | H115: =G115*F115 -> 3000 | M115: Biochemical | N115: 16 | O115: Máy ly tâm 24 ống mao dẫn | P115: cái | Q115: 1 | R115: 1000 | S115: =R115*Q115 -> 1000 | T115: Equipment
B116: Surgery | C116: 51 | D116: Bơm tiêm dùng một lần 5 ml | E116: Đôi | F116: 3 | G116: 1000 | H116: =G116*F116 -> 3000 | M116: Biochemical | N116: 17 | O116: Máy ly tâm đa năng | P116: cái | Q116: 3 | R116: 1000 | S116: =R116*Q116 -> 3000 | T116: Equipment
B117: Surgery | C117: 52 | D117: Bơm tiêm dùng một lần 10 ml | E117: Đôi | F117: 3 | G117: 1000 | H117: =G117*F117 -> 3000 | M117: Biochemical | N117: 18 | O117: Giá để ống nghiệm các loại | P117: cái | Q117: 50 | R117: 1000 | S117: =R117*Q117 -> 50000 | T117: Furniture
B118: Surgery | C118: 53 | D118: Bơm kim tiêm các loại | E118: Bộ | F118: 1 | G118: 1000 | H118: =G118*F118 -> 1000 | M118: Biochemical | N118: 19 | O118: Dụng cụ thuỷ tinh phòng xét nghiệm như: ống nghiệm các loại, lam kính, đĩa lồng, đũa thuỷ tinh, các loại bình hình nón, hình cầu, hình trụ, cốc đong, phễu,.v.v... | P118: đủ dùng | R118: 1000 | S118: =R118*Q118 -> 0 | T118: Equipment
B119: Surgery | C119: 54 | D119: Kéo cắt băng | E119: Cái | F119: 1 | G119: 1000 | H119: =G119*F119 -> 1000 | M119: Biochemical | N119: 20 | O119: Cân kỹ thuật 0,1 gr | P119: cái | Q119: 1 | R119: 1000 | S119: =R119*Q119 -> 1000 | T119: Equipment
B120: Surgery | C120: 55 | D120: Kéo cắt bột (nếu đăng ký) | E120: - | F120: 1 | G120: 1000 | H120: =G120*F120 -> 1000 | M120: Biochemical | N120: 21 | O120: Cân phân tích 0,1 mg | P120: cái | Q120: 1 | R120: 1000 | S120: =R120*Q120 -> 1000 | T120: Equipment
B121: Surgery | C121: 56 | D121: Kẹp mạch máu | E121: - | G121: 1000 | H121: =G121*F121 -> 0 | M121: Biochemical | N121: 22 | O121: Cân Roberval | P121: cái | Q121: 1 | R121: 1000 | S121: =R121*Q121 -> 1000 | T121: Equipment
B122: Surgery | C122: 57 | D122: Kẹp phẫu tích | E122: - | G122: 1000 | H122: =G122*F122 -> 0 | M122: Biochemical | N122: 23 | O122: Thẩm thấu kế | P122: cái | Q122: 1 | R122: 1000 | S122: =R122*Q122 -> 1000 | T122: Equipment
B123: Surgery | C123: 58 | D123: Hộp dụng cụ có nắp | E123: - | F123: 3 | G123: 1000 | H123: =G123*F123 -> 3000 | M123: Biochemical | N123: 24 | O123: Kính hiển vi 2 mắt | P123: cái | Q123: 4 | R123: 1000 | S123: =R123*Q123 -> 4000 | T123: Equipment
B124: Surgery | C124: 59 | D124: Hộp hấp bông gạc hình trụ đường kính 160mm | E124: - | F124: 4 | G124: 1000 | H124: =G124*F124 -> 4000 | M124: Biochemical | N124: 25 | O124: Kính lúp | P124: cái | Q124: 2 | R124: 1000 | S124: =R124*Q124 -> 2000 | T124: Equipment
B125: Surgery | C125: 60 | D125: Bộ hấp, luộc dụng cụ | E125: - | F125: 3 | G125: 1000 | H125: =G125*F125 -> 3000 | M125: Biochemical | N125: 26 | O125: Nồi cách dầu | P125: cái | Q125: 1 | R125: 1000 | S125: =R125*Q125 -> 1000 | T125: Equipment
...

Sheet Medic Equipment
B2: MEDIC
C3: List of Testing Equipment | H3: List of Testing Equipments | M3: Máy nội soi dạ dày | N3: 06 máy
C4: Brand | D4: Name | E4: Type of tests | F4: Capacity | I4: Name | J4: Type | K4: Vol.
B5: 1 | C5: Siemens | D5: ADVIA Workcell System | E5: Biochemical | F5: 3300 biochemical tests/h | H5: 1 | I5: Toshiba TCT300EZ | J5: CT Scan | K5: 1 | M5: Maý nội soi đại tràng | N5: 02 máy
E6: Immunology | F6: 480 immunology tests/h | H6: 2 | I6: Toshiba Xtension V2.01 Models | J6: CT Scan | K6: 1
B7: 2 | D7: ADVIA Centaur | E7: Immunology | F7: 240 tests/h | H7: 3 | I7: Toshiba Aquilion MSCT 16 | J7: CT Scan | K7: 1 | M7: Máy nội soi trực tràng | N7: 02 máy
B8: 3 | D8: ADVIA 2120 | E8: Hermatology | F8: 120 tests/h | H8: 4 | I8: Toshiba Aquilion MSCT 64 | J8: CT Scan | K8: 1
B9: 4 | D9: ADVIA 120 | E9: Hermatology | F9: 120 tests/h | H9: 5 | I9: Lumisys | J9: X-ray | K9: 1 | M9: Ercp | N9: 04 máy
B10: 5 | D10: ADVIA 1650 | E10: Biochemical | F10: 1650 tests/h | H10: 6 | I10: Bennett USA (125 Kv, 150 mA, high frequency) | J10: X-ray | K10: 1
B11: 6 | D11: System 340 Analyzer | E11: DNA, RNA | F11: 168 samples/tests | H11: 7 | I11: Daeyoung Korea (100Kv, 100 mA) | J11: X-ray | K11: 1 | M11: Máy vi tính | N11: 03 máy
B12: 7 | D12: Trugene | E12: DNA, RNA | F12: - | H12: 8 | I12: Toshiba Japan (100Kv, 100 mA) | J12: X-ray | K12: 1 | N12: + máy in hình màu
B13: 8 | D13: System 340 Analyzer | E13: DNA, RNA | F13: 168 sample/tests | H13: 9 | I13: Hitachi Japan (124 Kv, 100 mA) | J13: X-ray | K13: 1
B14: 9 | C14: Abbott | D14: ARCHITECT Ci8200 (3 Systems) | E14: Biochemical | F14: 2400 biochemical tests/h | H14: 10 | I14: Hitachi Japan (125 Kv, 300 mAs) | J14: X-ray | K14: 1
E15: Immunology | F15: 440 immunology tests/h | H15: 11 | I15: Acoma Japan (100 Kv, 30 mAs, high frequency) | J15: X-ray | K15: 1
B16: 10 | D16: TECAN | E16: Immunology | F16: 384 samples/tests | H16: 12 | I16: Lorad | J16: X-ray | K16: 1
B17: 11 | D17: CELL-DYN 3700 | E17: Hermatology | F17: 90 tests/h | H17: 13 | I17: Acmex (tooth) | J17: X-ray | K17: 1
B18: 12 | D18: ARCHITECT i2000 | E18: Immunology | F18: 200 tests/h | H18: 14 | I18: OEC - 9600 - USA (II: 12 Inch Mono Plan) | J18: X-ray | K18: 1
B19: 13 | D19: AXSYM | E19: Immunology | F19: 120 tests/h | H19: 15 | I19: Toshiba SSH 140 HG. | J19: Ultrasound | K19: 1
B20: 14 | C20: Roche | D20: MODULAR (3 Module E170) | E20: Immunology | F20: 510 tests/h | H20: 16 | I20: Toshiba Eccocee | J20: Ultrasound | K20: 2
B21: 15 | D21: COBAS 6000 | E21: Biochemical | F21: 6000 biochemical tests/h | H21: 17 | I21: Hitachi EUB - 555 | J21: Ultrasound | K21: 1
E22: Immunology | F22: 170 immunology tests/h | H22: 18 | I22: Sonosite portable | J22: Ultrasound | K22: 2
B23: 16 | D23: Cobas MagNA Pure LC | E23: DNA, RNA | F23: 32 samples/test (1-2h) | H23: 19 | I23: Combison C3D | J23: Ultrasound | K23: 1
B24: 17 | C24: Biorad | D24: EVOLIS | E24: Immunology | F24: 384 samples/tests | H24: 20 | I24: Knontron 440 CE CD English | J24: Ultrasound | K24: 1
B25: 18 | D25: Scan Gel | E25: Hermatology | F25: 140 tests/day | H25: 21 | I25: Medison : Sonorex / Sonoace 6000 | J25: Ultrasound | K25: 1
B26: 19 | C26: Horiba | D26: HORIBA ABX | H26: 22 | I26: Sonoace 3200 | J26: Ultrasound | K26: 1
B27: 20 | C27: Stago | D27: ERINLINE AR | E27: Hermatology | F27: 48 tests | H27: 23 | I27: Aloka: SSD 500, SSD1100, SSD1000 | J27: Ultrasound | K27: 3
B28: 21 | D28: ST_ART | E28: Hermatology | F28: 320 tests/h | H28: 24 | I28: Toshiba: Capasee | J28: Ultrasound | K28: 1
B29: 22 | C29: Instrument | D29: ACL 7000 | E29: Hermatology | F29: 30 tests/h | H29: 25 | I29: Kontron sigma 1AC | J29: Ultrasound | K29: 3
C30: Laboratory | H30: 26 | I30: Siemens Avanto - T-Class | J30: MRI | K30: 1
B31: 23 | C31: Sysmex | D31: CA.500 | E31: Hermatology | F31: 30 tests/h | H31: 27 | I31: Toshiba Access LPT6.0 (open) | J31: MRI | K31: 1
H32: 28 | I32: 1,5T GE LX | J32: MRI | K32: 1
H33: 29 | I33: 1,5T CVI GE | J33: MRI | K33: 1
H34: 30 | I34: PET-CT | J34: PET-CT | K34: 1
B36: II | C36: Chẩn đoán hình ảnh
B37: 17 | C37: Máy MRI (cộng hưởng từ) | D37: Nhật | E37: 2 | F37: 625200 | G37: 1250400
B38: 18 | C38: MCCT 16 (CT Scanner đa chiều) | D38: Đức | E38: 2 | F38: 752150 | G38: 1504300
B39: 19 | C39: CT Scanner ≥ 6 lớp cắt | D39: Nhật | E39: 2 | F39: 350000 | G39: 700000
B40: 20 | C40: Máy X quang 500mA | D40: Hàn Quốc | E40: 3 | F40: 20500 | G40: 61500
B41: 21 | C41: Máy X quang sách tay | D41: Hàn Quốc | E41: 3 | F41: 3120 | G41: 9360
B42: 22 | C42: Máy X-quang răng kỹ thuật số | D42: Nhật | E42: 3 | F42: 38750 | G42: 116250
B43: 23 | C43: Máy chụp vú | D43: Nhật | E43: 3 | F43: 83000 | G43: 249000
B44: 24 | C44: Máy siêu âm màu | D44: Nhật | E44: 5 | F44: 75000 | G44: 375000
B45: 25 | C45: Máy siêu âm đa chiều | D45: nhật | E45: 3 | F45: 82000 | G45: 246000
B46: 26 | C46: Máy siêu âm trắng đen | D46: Nhật | E46: 3 | F46: 22000 | G46: 66000
B47: 27 | C47: Máy siêu âm trắng đen xách tay | D47: Nhật | E47: 2 | F47: 15000 | G47: 30000
B48: 28 | C48: Máy đo loãng xương bằng X quang | D48: Nhật | E48: 2 | F48: 35000 | G48: 70000
... B61: 41 | C61: Máy rửa phim khô | D61: Nhật | E61: 3 | F61: 1250 | G61: 3750
B66: Phong kham chuyen khoa Noi
B67: STT | C67: Tên dụng cụ | D67: Đơn vị | E67: Số lượng
B68: 1. | C68: Bàn khám bệnh | D68: Cái | E68: 1
B69: 2. | C69: Ống nghe bệnh 2 tai | D69: - | E69: 1
B70: 3. | C70: Huyết áp kế | D70: - | E70: 1
B71: 4. | C71: Bảng thị lực | D71: - | E71: 1
B72: 5. | C72: Búa tìm phản xạ | D72: - | E72: 1
B73: 6. | C73: Băng ga rô cầm máu | D73: - | E73: 1
B74: 7. | C74: Bơm tiêm dùng một lần 1 ml | D74: - | E74: 1
B75: 8. | C75: Bơm tiêm dùng một lần 5 ml | D75: - | E75: 2
B76: 9. | C76: Bơm tiêm dùng một lần 10 ml | D76: - | E76: 3
B77: 10. | C77: Cân người lớn | D77: Cái | E77: 1
B78: 11. | C78: Dây garo để tiêm tĩnh mạch | D78: - | E78: 1
B79: 12. | C79: Đè lưỡi | D79: Hộp | E79: 1
... B91: 24. | C91: Túi chườm nóng lạnh | D91: - | E91: 2
B92: Nếu có điều kiện có thể trang bị các dụng cụ sau:
B93: 25. | C93: Cặp gấp khúc khám tai, mũi | D93: Cái | E93: 2
B94: 26. | C94: Đèn khám tai mũi họng | D94: Bộ | E94: 1
B95: 27. | C95: Gương soi thanh quản, bộ 3 cái | D95: Cái | E95: 1
B96: 28. | C96: Loa soi mũi các cỡ | D96: - | E96: 1
B97: 29. | C97: Loa soi tai các cỡ | D97: Bộ | E97: 1
B98: 30. | C98: Kính soi đáy mắt | D98: Cái | E98: 1
B99: 31. | C99: Điện tim | D99: Máy | E99: 1
B100: 32. | C100: Siêu âm đen trắng..... | D100: - | E100: 1
B101: 33. | C101: Băng huyết áp kế - trẻ em | D101: - | E101: 1
B102: 34. | C102: Bơm tiêm insulin 1mk 40/80 DV | D102: - | E102: 1
B103: 35. | C103: Cân trẻ em | D103: - | E103: 1
B104: Phong kham chuyen khoa Ngoai
B105: STT | C105: Tên dụng cụ | D105: Đơn vị | E105: Số lượng
B106: 1. | C106: Dụng cụ tối thiểu
B107: 2. | C107: Bàn mổ tiểu phẫu | D107: Cái | E107: 1
B108: 3. | C108: Bàn để dụng cụ | D108: - | E108: 1
B109: 4. | C109: Bàn làm bột bó xương (nếu đăng ký) | D109: - | E109: 1
B110: 5. | C110: Bộ dụng cụ tiểu phẫu | D110: Bộ | E110: 1
B111: 6. | C111: Các dụng cụ nẹp chấn thương | D111: - | E111: 2
B112: 7. | C112: Đèn mổ một bóng | D112: Cái | E112: 1
B113: 8. | C113: ống nghe | D113: - | E113: 1
B114: 9. | C114: Huyết áp | D114: Bộ | E114: 2
B115: 10. | C115: Nhiệt kế | D115: Cái | E115: 2
B116: 11. | C116: Găng tay | D116: Đôi | E116: 3
B117: 12. | C117: Bơm tiêm dùng một lần 1 ml | D117: Đôi | E117: 3
B118: 13. | C118: Bơm tiêm dùng một lần 5 ml | D118: Đôi | E118: 3
... B122: 17. | C122: Kéo cắt bột (nếu đăng ký) | D122: - | E122: 1
B123: 18. | C123: Kẹp mạch máu | D123: -
B124: 19. | C124: Kẹp phẫu tích | D124: -
B125: 20. | C125: Hộp dụng cụ có nắp | D125: - | E125: 3
B126: 21. | C126: Hộp hấp bông gạc hình trụ đường kính 160mm | D126: - | E126: 4
B127: 22. | C127: Bộ hấp, luộc dụng cụ | D127: - | E127: 3
B128: 23. | C128: Bộ dụng cụ cấp cứu | D128: Bộ | E128: 1
B129: Nếu có điều kiện có thể trang bị các dụng cụ sau:
B130: 24. | C130: Điện tim
B131: 25.
B132: 26.
...

Sheet App 8_5Yr Headcount
B3: APPENDIX 8: 5-YEAR HEADCOUNT
B4: DIAGNOSTIC SERVICE PROJECT
B6: SUMMARY | F6: HEADCOUNT | L6: GROSS PAYROLL
B7: Business Unit | F7: Year 1 | G7: Year 2 | H7: Year 3 | I7: Year 4 | J7: Year 5 | L7: Year 1 | M7: Year 2 | N7: Year 3 | O7: Year 4 | P7: Year 5
F8: 41821 | G8: 42186 | H8: 42552 | I8: 42917 | J8: 43282 | L8: 41821 | M8: 42186 | N8: 42552 | O8: 42917 | P8: 43282
B9: START-UP PHASE | F9: =F34 -> 3 | G9: =G34 -> 0 | H9: =H34 -> 0 | I9: =I34 -> 0 | J9: =J34 -> 0 | L9: =L34 -> 29500 | M9: =M34 -> 0 | N9: =N34 -> 0 | O9: =O34 -> 0 | P9: =P34 -> 0
B10: ='App 9_Yr1 Headcount'!C9 -> Management | F10: =F40 -> 2 | G10: =G40 -> 2 | H10: =H40 -> 2 | I10: =I40 -> 2 | J10: =J40 -> 2 | L10: =L40 -> 156000 | M10: =M40 -> 160680 | N10: =N40 -> 165500.4 | O10: =O40 -> 170465.41 | P10: =P40 -> 175579.37
B11: ='App 9_Yr1 Headcount'!C10 -> Finance & Accounting | F11: =F45 -> 1 | G11: =G45 -> 2 | H11: =H45 -> 3 | I11: =I45 -> 3 | J11: =J45 -> 3 | L11: =L45 -> 21562.5 | M11: =M45 -> 23175 | N11: =N45 -> 27848.625 | O11: =O45 -> 28684.084 | P11: =P45 -> 29544.606
B12: ='App 9_Yr1 Headcount'!C11 -> Human Resource Management | F12: =F50 -> 2 | G12: =G50 -> 2 | H12: =H50 -> 3 | I12: =I50 -> 3 | J12: =J50 -> 3 | L12: =L50 -> 18750 | M12: =M50 -> 23175 | N12: =N50 -> 27848.625 | O12: =O50 -> 28684.084 | P12: =P50 -> 29544.606
B13: ='App 9_Yr1 Headcount'!C12 -> Consultation | F13: =F57 -> 9 | G13: =G57 -> 9 | H13: =H57 -> 9 | I13: =I57 -> 9 | J13: =J57 -> 9 | L13: =L57 -> 145000 | M13: =M57 -> 149350 | N13: =N57 -> 153830.5 | O13: =O57 -> 158445.42 | P13: =P57 -> 163198.78
B14: ='App 9_Yr1 Headcount'!C13 -> Laboratory Service | F14: =F68 -> 10 | G14: =G68 -> 10 | H14: =H68 -> 20 | I14: =I68 -> 25 | J14: =J68 -> 30 | L14: =L68 -> 132500 | M14: =M68 -> 145487.5 | N14: =N68 -> 261246.62 | O14: =O68 -> 316890.83 | P14: =P68 -> 375638.57
B15: ='App 9_Yr1 Headcount'!C14 -> Imaging Diagnosis Service | F15: =F101 -> 24 | G15: =G101 -> 26 | H15: =H101 -> 54 | I15: =I101 -> 54 | J15: =J101 -> 54 | L15: =L101 -> 270937.5 | M15: =M101 -> 319300 | N15: =N101 -> 665714.75 | O15: =O101 -> 685686.19 | P15: =P101 -> 706256.78
B16: ='App 9_Yr1 Headcount'!C15 -> Marketing | F16: =F107 -> 10 | G16: =G107 -> 10 | H16: =H107 -> 14 | I16: =I107 -> 14 | J16: =J107 -> 14 | L16: =L107 -> 31500 | M16: =M107 -> 40170 | N16: =N107 -> 52514.55 | O16: =O107 -> 54089.986 | P16: =P107 -> 55712.686
B17: ='App 9_Yr1 Headcount'!C16 -> Delivery | F17: =F113 -> 5 | G17: =G113 -> 6 | H17: =H113 -> 10 | I17: =I113 -> 10 | J17: =J113 -> 10 | L17: =L113 -> 25875 | M17: =M113 -> 31672.5 | N17: =N113 -> 41375.1 | O17: =O113 -> 42616.353 | P17: =P113 -> 43894.844
B18: ='App 9_Yr1 Headcount'!C17 -> IT | F18: =F119 -> 2 | G18: =G119 -> 2 | H18: =H119 -> 2 | I18: =I119 -> 2 | J18: =J119 -> 2 | L18: =L119 -> 20937.5 | M18: =M119 -> 23175 | N18: =N119 -> 23870.25 | O18: =O119 -> 24586.357 | P18: =P119 -> 25323.948
B19: ='App 9_Yr1 Headcount'!C18 -> Others | F19: =F128 -> 10 | G19: =G128 -> 11 | H19: =H128 -> 15 | I19: =I128 -> 18 | J19: =J128 -> 18 | L19: =L128 -> 7041.6667 | M19: =M128 -> 9527.5 | N19: =N128 -> 13526.475 | O19: =O128 -> 15571.36 | P19: =P128 -> 16038.501
B20: Subtotal | F20: =SUM(F9:F19) -> 78 | G20: =SUM(G9:G19) -> 80 | H20: =SUM(H9:H19) -> 132 | I20: =SUM(I9:I19) -> 140 | J20: =SUM(J9:J19) -> 145 | L20: =SUM(L9:L19) -> 859604.17 | M20: =SUM(M9:M19) -> 925712.5 | N20: =SUM(N9:N19) -> 1433275.9 | O20: =SUM(O9:O19) -> 1525720.1 | P20: =SUM(P9:P19) -> 1620732.7
B21: Bonus | L21: =L20*('App 9_Yr1 Headcount'!$F$54) -> 68768.333 | M21: =M20*('App 9_Yr1 Headcount'!$F$54) -> 74057 | N21: =N20*('App 9_Yr1 Headcount'!$F$54) -> 114662.07 | O21: =O20*('App 9_Yr1 Headcount'!$F$54) -> 122057.61 | P21: =P20*('App 9_Yr1 Headcount'!$F$54) -> 129658.61
B22: TOTAL PAYROLL | L22: =SUM(L20:L21) -> 928372.5 | M22: =SUM(M20:M21) -> 999769.5 | N22: =SUM(N20:N21) -> 1547938 | O22: =SUM(O20:O21) -> 1647777.7 | P22: =SUM(P20:P21) -> 1750391.3
B23: Average Staff Cost Per Annum | L23: =L22/F20 -> 11902.212 | M23: =M22/G20 -> 12497.119 | N23: =N22/H20 -> 11726.803 | O23: =O22/I20 -> 11769.841 | P23: =P22/J20 -> 12071.664
B26: HEADCOUNT FORECAST
L27: 0 | M27: 1 | N27: 2 | O27: 3 | P27: 4
E28: Annual | F28: Year 1 | G28: Year 2 | H28: Year 3 | I28: Year 4 | J28: Year 5 | L28: Year 1 | M28: Year 2 | N28: Year 3 | O28: Year 4 | P28: Year 5
B29: Positions | C29: FT/PT | E29: Gross | F29: 41821 | G29: 42186 | H29: 42552 | I29: 42917 | J29: 43282 | L29: 41821 | M29: 42186 | N29: 42552 | O29: 42917 | P29: 43282
B30: =B9 -> START-UP PHASE
B31: ='App 9_Yr1 Headcount'!C60 -> Project Manager | C31: ='App 9_Yr1 Headcount'!D60 -> FT | D31: =CONCATENATE(B31,C31) -> Project ManagerFT | E31: ='App 9_Yr1 Headcount'!H163 -> 24000 | F31: =VLOOKUP(B31,'App 9_Yr1 Headcount'!$C$163:$F$166,4,FALSE) -> 1 | L31: ='App 9_Yr1 Headcount'!$H60 -> 24000
B32: ='App 9_Yr1 Headcount'!C61 -> Staff 02 | C32: ='App 9_Yr1 Headcount'!D61 -> PT | D32: =CONCATENATE(B32,C32) -> Staff 02PT | E32: ='App 9_Yr1 Headcount'!H164 -> 4000 | F32: =VLOOKUP(B32,'App 9_Yr1 Headcount'!$C$163:$F$166,4,FALSE) -> 1 | L32: ='App 9_Yr1 Headcount'!$H61 -> 4000
B33: ='App 9_Yr1 Headcount'!C62 -> Staff 01 | C33: ='App 9_Yr1 Headcount'!D62 -> PT | D33: =CONCATENATE(B33,C33) -> Staff 01PT | E33: ='App 9_Yr1 Headcount'!H165 -> 1500 | F33: =VLOOKUP(B33,'App 9_Yr1 Headcount'!$C$163:$F$166,4,FALSE) -> 1 | L33: ='App 9_Yr1 Headcount'!$H62 -> 1500
B34: Total Start-up | F34: =SUM(F31:F33) -> 3 | G34: =SUM(G31:G33) -> 0 | H34: =SUM(H31:H33) -> 0 | I34: =SUM(I31:I33) -> 0 | J34: =SUM(J31:J33) -> 0 | L34: =SUM(L31:L33) -> 29500 | M34: =SUM(M31:M33) -> 0 | N34: =SUM(N31:N33) -> 0 | O34: =SUM(O31:O33) -> 0 | P34: =SUM(P31:P33) -> 0
B36: Management | D36: =CONCATENATE(B36,C36) -> Management
B37: ='App 9_Yr1 Headcount'!C35 -> President | C37: ='App 9_Yr1 Headcount'!D35 -> FT | D37: ='App 9_Yr1 Headcount'!E35 -> PresidentFT | E37: =VLOOKUP(D37,'App 9_Yr1 Headcount'!$E$35:$G$50,3,FALSE) -> 91000 | F37: =VLOOKUP(B37,'App 9_Yr1 Headcount'!$C$171:$F$258,4,FALSE) -> 1 | G37: =F37 -> 1 | H37: =G37 -> 1 | I37: =H37 -> 1 | J37: =I37 -> 1 | L37: =VLOOKUP(B37,'App 9_Yr1 Headcount'!$C$163:$H$264,6,FALSE) -> 91000 | M37: =G37*$E37*((1+'App 9_Yr1 Headcount'!$F$55)^'App 8_5Yr Headcount'!M$27) -> 93730 | N37: =H37*$E37*((1+'App 9_Yr1 Headcount'!$F$55)^'App 8_5Yr Headcount'!N$27) -> 96541.9 | O37: =I37*$E37*((1+'App 9_Yr1 Headcount'!$F$55)^'App 8_5Yr Headcount'!O$27) -> 99438.157 | P37: =J37*$E37*((1+'App 9_Yr1 Headcount'!$F$55)^'App 8_5Yr Headcount'!P$27) -> 102421.3
B38: ='App 9_Yr1 Headcount'!C36 -> Vice President | C38: ='App 9_Yr1 Headcount'!D36 -> FT | D38: ='App 9_Yr1 Headcount'!E36 -> Vice PresidentFT | E38: =VLOOKUP(D38,'App 9_Yr1 Headcount'!$E$35:$G$50,3,FALSE) -> 65000 | F38: =VLOOKUP(B38,'App 9_Yr1 Headcount'!$C$171:$F$258,4,FALSE) -> 1 | G38: =F38 -> 1 | H38: =G38 -> 1 | I38: =H38 -> 1 | J38: =I38 -> 1 | L38: =VLOOKUP(B38,'App 9_Yr1 Headcount'!$C$163:$H$264,6,FALSE) -> 65000 | M38: =G38*$E38*((1+'App 9_Yr1 Headcount'!$F$55)^'App 8_5Yr Headcount'!M$27) -> 66950 | N38: =H38*$E38*((1+'App 9_Yr1 Headcount'!$F$55)^'App 8_5Yr Headcount'!N$27) -> 68958.5 | O38: =I38*$E38*((1+'App 9_Yr1 Headcount'!$F$55)^'App 8_5Yr Headcount'!O$27) -> 71027.255 | P38: =J38*$E38*((1+'App 9_Yr1 Headcount'!$F$55)^'App 8_5Yr Headcount'!P$27) -> 73158.073
B40: Total Management | F40: =SUM(F37:F39) -> 2 | G40: =SUM(G37:G39) -> 2 | H40: =SUM(H37:H39) -> 2 | I40: =SUM(I37:I39) -> 2 | J40: =SUM(J37:J39) -> 2 | L40: =SUM(L37:L39) -> 156000 | M40: =SUM(M37:M39) -> 160680 | N40: =SUM(N37:N39) -> 165500.4 | O40: =SUM(O37:O39) -> 170465.41 | P40: =SUM(P37:P39) -> 175579.37
B42: Finance & Accounting
B43: ='App 9_Yr1 Headcount'!C178 -> Financial Controller | C43: ='App 9_Yr1 Headcount'!D178 -> FT | D43: =CONCATENATE(B43,C43) -> Financial ControllerFT | E43: =VLOOKUP(D43,'App 9_Yr1 Headcount'!$E$35:$G$50,3,FALSE) -> 18750 | F43: =VLOOKUP(B43,'App 9_Yr1 Headcount'!$C$171:$F$258,4,FALSE) -> 1 | G43: =F43 -> 1 | H43: =G43 -> 1 | I43: =H43 -> 1 | J43: =I43 -> 1 | L43: ='App 9_Yr1 Headcount'!$H75 -> 18750 | M43: =G43*$E43*((1+'App 9_Yr1 Headcount'!$F$55)^'App 8_5Yr Headcount'!M$27) -> 19312.5 | N43: =H43*$E43*((1+'App 9_Yr1 Headcount'!$F$55)^'App 8_5Yr Headcount'!N$27) -> 19891.875 | O43: =I43*$E43*((1+'App 9_Yr1 Headcount'!$F$55)^'App 8_5Yr Headcount'!O$27) -> 20488.631 | P43: =J43*$E43*((1+'App 9_Yr1 Headcount'!$F$55)^'App 8_5Yr Headcount'!P$27) -> 21103.29
B44: ='App 9_Yr1 Headcount'!C179 -> Associate | C44: ='App 9_Yr1 Headcount'!D179 -> FT | D44: =CONCATENATE(B44,C44) -> AssociateFT | E44: =VLOOKUP(D44,'App 9_Yr1 Headcount'!$E$35:$G$50,3,FALSE) -> 3750 | F44: =VLOOKUP(B44,'App 9_Yr1 Headcount'!$C$182:$F$183,4,FALSE) -> 0 | G44: 1 | H44: 2 | I44: 2 | J44: 2 | L44: ='App 9_Yr1 Headcount'!$H76 -> 2812.5 | M44: =G44*$E44*((1+'App 9_Yr1 Headcount'!$F$55)^'App 8_5Yr Headcount'!M$27) -> 3862.5 | N44: =H44*$E44*((1+'App 9_Yr1 Headcount'!$F$55)^'App 8_5Yr Headcount'!N$27) -> 7956.75 | O44: =I44*$E44*((1+'App 9_Yr1 Headcount'!$F$55)^'App 8_5Yr Headcount'!O$27) -> 8195.4525 | P44: =J44*$E44*((1+'App 9_Yr1 Headcount'!$F$55)^'App 8_5Yr Headcount'!P$27) -> 8441.3161
B45: Total Finance & Accounting | F45: =SUM(F43:F44) -> 1 | G45: =SUM(G43:G44) -> 2 | H45: =SUM(H43:H44) -> 3 | I45: =SUM(I43:I44) -> 3 | J45: =SUM(J43:J44) -> 3 | L45: =SUM(L43:L44) -> 21562.5 | M45: =SUM(M43:M44) -> 23175 | N45: =SUM(N43:N44) -> 27848.625 | O45: =SUM(O43:O44) -> 28684.084 | P45: =SUM(P43:P44) -> 29544.606
B47: Human Resources Management
B48: ='App 9_Yr1 Headcount'!C182 -> Human Resource Manager | C48: ='App 9_Yr1 Headcount'!D182 -> FT | D48: =CONCATENATE(B48,C48) -> Human Resource ManagerFT | E48: =VLOOKUP(D48,'App 9_Yr1 Headcount'!$E$35:$G$50,3,FALSE) -> 18750 | F48: =VLOOKUP(B48,'App 9_Yr1 Headcount'!$C$171:$F$258,4,FALSE) -> 1 | G48: =F48 -> 1 | H48: =G48 -> 1 | I48: =H48 -> 1 | J48: =I48 -> 1 | L48: ='App 9_Yr1 Headcount'!$H79 -> 18750 | M48: =G48*$E48*((1+'App 9_Yr1 Headcount'!$F$55)^'App 8_5Yr Headcount'!M$27) -> 19312.5 | N48: =H48*$E48*((1+'App 9_Yr1 Headcount'!$F$55)^'App 8_5Yr Headcount'!N$27) -> 19891.875 | O48: =I48*$E48*((1+'App 9_Yr1 Headcount'!$F$55)^'App 8_5Yr Headcount'!O$27) -> 20488.631 | P48: =J48*$E48*((1+'App 9_Yr1 Headcount'!$F$55)^'App 8_5Yr Headcount'!P$27) -> 21103.29
B49: ='App 9_Yr1 Headcount'!C183 -> Associate | C49: ='App 9_Yr1 Headcount'!D183 -> FT | D49: =CONCATENATE(B49,C49) -> AssociateFT | E49: =VLOOKUP(D49,'App 9_Yr1 Headcount'!$E$35:$G$50,3,FALSE) -> 3750 | F49: =VLOOKUP(B49,'App 9_Yr1 Headcount'!$C$171:$F$258,4,FALSE) -> 1 | G49: 1 | H49: 2 | I49: 2 | J49: 2 | L49: ='App 9_Yr1 Headcount'!$H80 -> 0 | M49: =G49*$E49*((1+'App 9_Yr1 Headcount'!$F$55)^'App 8_5Yr Headcount'!M$27) -> 3862.5 | N49: =H49*$E49*((1+'App 9_Yr1 Headcount'!$F$55)^'App 8_5Yr Headcount'!N$27) -> 7956.75 | O49: =I49*$E49*((1+'App 9_Yr1 Headcount'!$F$55)^'App 8_5Yr Headcount'!O$27) -> 8195.4525 | P49: =J49*$E49*((1+'App 9_Yr1 Headcount'!$F$55)^'App 8_5Yr Headcount'!P$27) -> 8441.3161
B50: Total HR | F50: =SUM(F48:F49) -> 2 | G50: =SUM(G48:G49) -> 2 | H50: =SUM(H48:H49) -> 3 | I50: =SUM(I48:I49) -> 3 | J50: =SUM(J48:J49) -> 3 | L50: =SUM(L48:L49) -> 18750 | M50: =SUM(M48:M49) -> 23175 | N50: =SUM(N48:N49) -> 27848.625 | O50: =SUM(O48:O49) -> 28684.084 | P50: =SUM(P48:P49) -> 29544.606
B52: Consultation
B53: ='App 9_Yr1 Headcount'!C189 -> Department Head | C53: ='App 9_Yr1 Headcount'!D189 -> FT | D53: =CONCATENATE(B53,C53) -> Department HeadFT | E53: =VLOOKUP(D53,'App 9_Yr1 Headcount'!$E$35:$G$50,3,FALSE) -> 37500 | F53: =VLOOKUP(B53,'App 9_Yr1 Headcount'!$C$171:$F$258,4,FALSE) -> 1 | G53: =F53 -> 1 | H53: =G53 -> 1 | I53: =H53 -> 1 | J53: =I53 -> 1 | L53: ='App 9_Yr1 Headcount'!$H86 -> 37500 | M53: =G53*$E53*((1+'App 9_Yr1 Headcount'!$F$55)^'App 8_5Yr Headcount'!M$27) -> 38625 | N53: =H53*$E53*((1+'App 9_Yr1 Headcount'!$F$55)^'App 8_5Yr Headcount'!N$27) -> 39783.75 | O53: =I53*$E53*((1+'App 9_Yr1 Headcount'!$F$55)^'App 8_5Yr Headcount'!O$27) -> 40977.262 | P53: =J53*$E53*((1+'App 9_Yr1 Headcount'!$F$55)^'App 8_5Yr Headcount'!P$27) -> 42206.58
B54: ='App 9_Yr1 Headcount'!C190 -> Doctors | C54: ='App 9_Yr1 Headcount'!D190 -> FT | D54: =CONCATENATE(B54,C54) -> DoctorsFT | E54: =VLOOKUP(D54,'App 9_Yr1 Headcount'!$E$35:$G$50,3,FALSE) -> 31250 | F54: =VLOOKUP(B54,'App 9_Yr1 Headcount'!$C$171:$F$258,4,FALSE) -> 2 | G54: =F54 -> 2 | H54: =G54 -> 2 | I54: =H54 -> 2 | J54: =I54 -> 2 | L54: ='App 9_Yr1 Headcount'!$H87 -> 62500 | M54: =G54*$E54*((1+'App 9_Yr1 Headcount'!$F$55)^'App 8_5Yr Headcount'!M$27) -> 64375 | N54: =H54*$E54*((1+'App 9_Yr1 Headcount'!$F$55)^'App 8_5Yr Headcount'!N$27) -> 66306.25 | O54: =I54*$E54*((1+'App 9_Yr1 Headcount'!$F$55)^'App 8_5Yr Headcount'!O$27) -> 68295.438 | P54: =J54*$E54*((1+'App 9_Yr1 Headcount'!$F$55)^'App 8_5Yr Headcount'!P$27) -> 70344.301
B55: ='App 9_Yr1 Headcount'!C191 -> Doctors | C55: ='App 9_Yr1 Headcount'!D191 -> PT | D55: =CONCATENATE(B55,C55) -> DoctorsPT | E55: =VLOOKUP(D55,'App 9_Yr1 Headcount'!$E$35:$G$50,3,FALSE) -> 15000 | F55: =VLOOKUP(B55,'App 9_Yr1 Headcount'!$C$171:$F$258,4,FALSE) -> 2 | G55: =F55 -> 2 | H55: =G55 -> 2 | I55: =H55 -> 2 | J55: =I55 -> 2 | L55: ='App 9_Yr1 Headcount'!$H88 -> 30000 | M55: =G55*$E55*((1+'App 9_Yr1 Headcount'!$F$55)^'App 8_5Yr Headcount'!M$27) -> 30900 | N55: =H55*$E55*((1+'App 9_Yr1 Headcount'!$F$55)^'App 8_5Yr Headcount'!N$27) -> 31827 | O55: =I55*$E55*((1+'App 9_Yr1 Headcount'!$F$55)^'App 8_5Yr Headcount'!O$27) -> 32781.81 | P55: =J55*$E55*((1+'App 9_Yr1 Headcount'!$F$55)^'App 8_5Yr Headcount'!P$27) -> 33765.264
B56: ='App 9_Yr1 Headcount'!C192 -> Nurses | C56: ='App 9_Yr1 Headcount'!D192 -> FT | D56: =CONCATENATE(B56,C56) -> NursesFT | E56: =VLOOKUP(D56,'App 9_Yr1 Headcount'!$E$35:$G$50,3,FALSE) -> 3750 | F56: =VLOOKUP(B56,'App 9_Yr1 Headcount'!$C$171:$F$258,4,FALSE) -> 4 | G56: =F56 -> 4 | H56: =G56 -> 4 | I56: =H56 -> 4 | J56: =I56 -> 4 | L56: ='App 9_Yr1 Headcount'!$H89 -> 15000 | M56: =G56*$E56*((1+'App 9_Yr1 Headcount'!$F$55)^'App 8_5Yr Headcount'!M$27) -> 15450 | N56: =H56*$E56*((1+'App 9_Yr1 Headcount'!$F$55)^'App 8_5Yr Headcount'!N$27) -> 15913.5 | O56: =I56*$E56*((1+'App 9_Yr1 Headcount'!$F$55)^'App 8_5Yr Headcount'!O$27) -> 16390.905 | P56: =J56*$E56*((1+'App 9_Yr1 Headcount'!$F$55)^'App 8_5Yr Headcount'!P$27) -> 16882.632
B57: Total Consultation | F57: =SUM(F53:F56) -> 9 | G57: =SUM(G53:G56) -> 9 | H57: =SUM(H53:H56) -> 9 | I57: =SUM(I53:I56) -> 9 | J57: =SUM(J53:J56) -> 9 | L57: =SUM(L53:L56) -> 145000 | M57: =SUM(M53:M56) -> 149350 | N57: =SUM(N53:N56) -> 153830.5 | O57: =SUM(O53:O56) -> 158445.42 | P57: =SUM(P53:P56) -> 163198.78
B59: Laboratory Services
B60: ='App 9_Yr1 Headcount'!C195 -> Department Head | C60: ='App 9_Yr1 Headcount'!D195 -> FT | D60: =CONCATENATE(B60,C60) -> Department HeadFT | E60: =VLOOKUP(D60,'App 9_Yr1 Headcount'!$E$35:$G$50,3,FALSE) -> 37500 | F60: =VLOOKUP(D60,'App 9_Yr1 Headcount'!$E$195:$F$202,2,FALSE) -> 1 | G60: =F60 -> 1 | H60: =G60 -> 1 | I60: =H60 -> 1 | J60: =I60 -> 1 | L60: ='App 9_Yr1 Headcount'!$H92 -> 37500 | M60: =G60*$E60*((1+'App 9_Yr1 Headcount'!$F$55)^'App 8_5Yr Headcount'!M$27) -> 38625 | N60: =H60*$E60*((1+'App 9_Yr1 Headcount'!$F$55)^'App 8_5Yr Headcount'!N$27) -> 39783.75 | O60: =I60*$E60*((1+'App 9_Yr1 Headcount'!$F$55)^'App 8_5Yr Headcount'!O$27) -> 40977.262 | P60: =J60*$E60*((1+'App 9_Yr1 Headcount'!$F$55)^'App 8_5Yr Headcount'!P$27) -> 42206.58
B61: ='App 9_Yr1 Headcount'!C196 -> Doctors | C61: ='App 9_Yr1 Headcount'!D196 -> FT | D61: =CONCATENATE(B61,C61) -> DoctorsFT | E61: =VLOOKUP(D61,'App 9_Yr1 Headcount'!$E$35:$G$50,3,FALSE) -> 31250 | F61: =VLOOKUP(D61,'App 9_Yr1 Headcount'!$E$195:$F$202,2,FALSE) -> 1 | G61: 1 | H61: 2 | I61: 2 | J61: 2 | L61: ='App 9_Yr1 Headcount'!$H93 -> 31250 | M61: =G61*$E61*((1+'App 9_Yr1 Headcount'!$F$55)^'App 8_5Yr Headcount'!M$27) -> 32187.5 | N61: =H61*$E61*((1+'App 9_Yr1 Headcount'!$F$55)^'App 8_5Yr Headcount'!N$27) -> 66306.25 | O61: =I61*$E61*((1+'App 9_Yr1 Headcount'!$F$55)^'App 8_5Yr Headcount'!O$27) -> 68295.438 | P61: =J61*$E61*((1+'App 9_Yr1 Headcount'!$F$55)^'App 8_5Yr Headcount'!P$27) -> 70344.301
B62: ='App 9_Yr1 Headcount'!C197 -> Doctors | C62: ='App 9_Yr1 Headcount'!D197 -> PT | D62: =CONCATENATE(B62,C62) -> DoctorsPT | E62: =VLOOKUP(D62,'App 9_Yr1 Headcount'!$E$35:$G$50,3,FALSE) -> 15000 | F62: =VLOOKUP(D62,'App 9_Yr1 Headcount'!$E$195:$F$202,2,FALSE) -> 0 | G62: =F62 -> 0 | H62: =G62 -> 0 | I62: =H62 -> 0 | J62: =I62 -> 0 | L62: ='App 9_Yr1 Headcount'!$H94 -> 0 | M62: =G62*$E62*((1+'App 9_Yr1 Headcount'!$F$55)^'App 8_5Yr Headcount'!M$27) -> 0 | N62: =H62*$E62*((1+'App 9_Yr1 Headcount'!$F$55)^'App 8_5Yr Headcount'!N$27) -> 0 | O62: =I62*$E62*((1+'App 9_Yr1 Headcount'!$F$55)^'App 8_5Yr Headcount'!O$27) -> 0 | P62: =J62*$E62*((1+'App 9_Yr1 Headcount'!$F$55)^'App 8_5Yr Headcount'!P$27) -> 0
B63: ='App 9_Yr1 Headcount'!C198 -> Pharmacists | C63: ='App 9_Yr1 Headcount'!D198 -> FT | D63: =CONCATENATE(B63,C63) -> PharmacistsFT | E63: =VLOOKUP(D63,'App 9_Yr1 Headcount'!$E$35:$G$50,3,FALSE) -> 18750 | F63: =VLOOKUP(D63,'App 9_Yr1 Headcount'!$E$195:$F$202,2,FALSE) -> 1 | G63: 1 | H63: 2 | I63: 2 | J63: 2 | L63: ='App 9_Yr1 Headcount'!$H95 -> 18750 | M63: =G63*$E63*((1+'App 9_Yr1 Headcount'!$F$55)^'App 8_5Yr Headcount'!M$27) -> 19312.5 | N63: =H63*$E63*((1+'App 9_Yr1 Headcount'!$F$55)^'App 8_5Yr Headcount'!N$27) -> 39783.75 | O63: =I63*$E63*((1+'App 9_Yr1 Headcount'!$F$55)^'App 8_5Yr Headcount'!O$27) -> 40977.262 | P63: =J63*$E63*((1+'App 9_Yr1 Headcount'!$F$55)^'App 8_5Yr Headcount'!P$27) -> 42206.58
B64: ='App 9_Yr1 Headcount'!C199 -> Nurses | C64: ='App 9_Yr1 Headcount'!D199 -> FT | D64: =CONCATENATE(B64,C64) -> NursesFT | E64: =VLOOKUP(D64,'App 9_Yr1 Headcount'!$E$35:$G$50,3,FALSE) -> 3750 | F64: =VLOOKUP(D64,'App 9_Yr1 Headcount'!$E$195:$F$202,2,FALSE) -> 0 | G64: =F64 -> 0 | H64: =G64 -> 0 | I64: =H64 -> 0 | J64: =I64 -> 0 | L64: ='App 9_Yr1 Headcount'!$H96 -> 0 | M64: =G64*$E64*((1+'App 9_Yr1 Headcount'!$F$55)^'App 8_5Yr Headcount'!M$27) -> 0 | N64: =H64*$E64*((1+'App 9_Yr1 Headcount'!$F$55)^'App 8_5Yr Headcount'!N$27) -> 0 | O64: =I64*$E64*((1+'App 9_Yr1 Headcount'!$F$55)^'App 8_5Yr Headcount'!O$27) -> 0 | P64: =J64*$E64*((1+'App 9_Yr1 Headcount'!$F$55)^'App 8_5Yr Headcount'!P$27) -> 0
B65: ='App 9_Yr1 Headcount'!C200 -> Engineers | C65: ='App 9_Yr1 Headcount'!D200 -> FT | D65: =CONCATENATE(B65,C65) -> EngineersFT | E65: =VLOOKUP(D65,'App 9_Yr1 Headcount'!$E$35:$G$50,3,FALSE) -> 8750 | F65: =VLOOKUP(D65,'App 9_Yr1 Headcount'!$E$195:$F$202,2,FALSE) -> 1 | G65: =F65 -> 1 | H65: 2 | I65: =H65 -> 2 | J65: =I65 -> 2 | L65: ='App 9_Yr1 Headcount'!$H97 -> 8750 | M65: =G65*$E65*((1+'App 9_Yr1 Headcount'!$F$55)^'App 8_5Yr Headcount'!M$27) -> 9012.5 | N65: =H65*$E65*((1+'App 9_Yr1 Headcount'!$F$55)^'App 8_5Yr Headcount'!N$27) -> 18565.75 | O65: =I65*$E65*((1+'App 9_Yr1 Headcount'!$F$55)^'App 8_5Yr Headcount'!O$27) -> 19122.722 | P65: =J65*$E65*((1+'App 9_Yr1 Headcount'!$F$55)^'App 8_5Yr Headcount'!P$27) -> 19696.404
B66: ='App 9_Yr1 Headcount'!C201 -> Technicians | C66: ='App 9_Yr1 Headcount'!D201 -> FT | D66: =CONCATENATE(B66,C66) -> TechniciansFT | E66: =VLOOKUP(D66,'App 9_Yr1 Headcount'!$E$35:$G$50,3,FALSE) -> 8750 | F66: =VLOOKUP(D66,'App 9_Yr1 Headcount'!$E$195:$F$202,2,FALSE) -> 5 | G66: 5 | H66: 10 | I66: 15 | J66: 20 | L66: ='App 9_Yr1 Headcount'!$H98 -> 35000 | M66: =G66*$E66*((1+'App 9_Yr1 Headcount'!$F$55)^'App 8_5Yr Headcount'!M$27) -> 45062.5 | N66: =H66*$E66*((1+'App 9_Yr1 Headcount'!$F$55)^'App 8_5Yr Headcount'!N$27) -> 92828.75 | O66: =I66*$E66*((1+'App 9_Yr1 Headcount'!$F$55)^'App 8_5Yr Headcount'!O$27) -> 143420.42 | P66: =J66*$E66*((1+'App 9_Yr1 Headcount'!$F$55)^'App 8_5Yr Headcount'!P$27) -> 196964.04
B67: ='App 9_Yr1 Headcount'!C202 -> Others | C67: ='App 9_Yr1 Headcount'!D202 -> FT | D67: =CONCATENATE(B67,C67) -> OthersFT | E67: =VLOOKUP(D67,'App 9_Yr1 Headcount'!$E$35:$G$50,3,FALSE) -> 1250 | F67: =VLOOKUP(D67,'App 9_Yr1 Headcount'!$E$195:$F$202,2,FALSE) -> 1 | G67: 1 | H67: 3 | I67: 3 | J67: 3 | L67: ='App 9_Yr1 Headcount'!$H99 -> 1250 | M67: =G67*$E67*((1+'App 9_Yr1 Headcount'!$F$55)^'App 8_5Yr Headcount'!M$27) -> 1287.5 | N67: =H67*$E67*((1+'App 9_Yr1 Headcount'!$F$55)^'App 8_5Yr Headcount'!N$27) -> 3978.375 | O67: =I67*$E67*((1+'App 9_Yr1 Headcount'!$F$55)^'App 8_5Yr Headcount'!O$27) -> 4097.7262 | P67: =J67*$E67*((1+'App 9_Yr1 Headcount'!$F$55)^'App 8_5Yr Headcount'!P$27) -> 4220.658
B68: Total Laboratory Services | F68: =SUM(F60:F67) -> 10 | G68: =SUM(G60:G67) -> 10 | H68: =SUM(H60:H67) -> 20 | I68: =SUM(I60:I67) -> 25 | J68: =SUM(J60:J67) -> 30 | L68: =SUM(L60:L67) -> 132500 | M68: =SUM(M60:M67) -> 145487.5 | N68: =SUM(N60:N67) -> 261246.62 | O68: =SUM(O60:O67) -> 316890.83 | P68: =SUM(P60:P67) -> 375638.57
B70: Imaging Diagnosis
B71: ='App 9_Yr1 Headcount'!C205 -> X-Ray | D71: ='App 9_Yr1 Headcount'!E205 -> 0
B72: ='App 9_Yr1 Headcount'!C206 -> Doctors | C72: ='App 9_Yr1 Headcount'!D206 -> FT | D72: ='App 9_Yr1 Headcount'!E206 -> DoctorsFT | E72: =VLOOKUP(D72,'App 9_Yr1 Headcount'!$E$35:$G$50,3,FALSE) -> 31250 | F72: =VLOOKUP(D72,'App 9_Yr1 Headcount'!$E$204:$F$210,2,FALSE) -> 1 | G72: 1 | H72: 2 | I72: 2 | J72: 2 | L72: ='App 9_Yr1 Headcount'!$H103 -> 31250 | M72: =G72*$E72*((1+'App 9_Yr1 Headcount'!$F$55)^'App 8_5Yr Headcount'!M$27) -> 32187.5 | N72: =H72*$E72*((1+'App 9_Yr1 Headcount'!$F$55)^'App 8_5Yr Headcount'!N$27) -> 66306.25 | O72: =I72*$E72*((1+'App 9_Yr1 Headcount'!$F$55)^'App 8_5Yr Headcount'!O$27) -> 68295.438 | P72: =J72*$E72*((1+'App 9_Yr1 Headcount'!$F$55)^'App 8_5Yr Headcount'!P$27) -> 70344.301
B73: ='App 9_Yr1 Headcount'!C207 -> Doctors | C73: ='App 9_Yr1 Headcount'!D207 -> PT | D73: ='App 9_Yr1 Headcount'!E207 -> DoctorsPT | E73: =VLOOKUP(D73,'App 9_Yr1 Headcount'!$E$35:$G$50,3,FALSE) -> 15000 | F73: =VLOOKUP(D73,'App 9_Yr1 Headcount'!$E$204:$F$210,2,FALSE) -> 0 | G73: =F73 -> 0 | H73: 2 | I73: =H73 -> 2 | J73: =I73 -> 2 | L73: ='App 9_Yr1 Headcount'!$H104 -> 0 | M73: =G73*$E73*((1+'App 9_Yr1 Headcount'!$F$55)^'App 8_5Yr Headcount'!M$27) -> 0 | N73: =H73*$E73*((1+'App 9_Yr1 Headcount'!$F$55)^'App 8_5Yr Headcount'!N$27) -> 31827 | O73: =I73*$E73*((1+'App 9_Yr1 Headcount'!$F$55)^'App 8_5Yr Headcount'!O$27) -> 32781.81 | P73: =J73*$E73*((1+'App 9_Yr1 Headcount'!$F$55)^'App 8_5Yr Headcount'!P$27) -> 33765.264
B74: ='App 9_Yr1 Headcount'!C208 -> Nurses | C74: ='App 9_Yr1 Headcount'!D208 -> FT | D74: ='App 9_Yr1 Headcount'!E208 -> NursesFT | E74: =VLOOKUP(D74,'App 9_Yr1 Headcount'!$E$35:$G$50,3,FALSE) -> 3750 | F74: =VLOOKUP(D74,'App 9_Yr1 Headcount'!$E$204:$F$210,2,FALSE) -> 1 | G74: =F74 -> 1 | H74: =G74 -> 1 | I74: =H74 -> 1 | J74: =I74 -> 1 | L74: ='App 9_Yr1 Headcount'!$H105 -> 3750 | M74: =G74*$E74*((1+'App 9_Yr1 Headcount'!$F$55)^'App 8_5Yr Headcount'!M$27) -> 3862.5 | N74: =H74*$E74*((1+'App 9_Yr1 Headcount'!$F$55)^'App 8_5Yr Headcount'!N$27) -> 3978.375 | O74: =I74*$E74*((1+'App 9_Yr1 Headcount'!$F$55)^'App 8_5Yr Headcount'!O$27) -> 4097.7262 | P74: =J74*$E74*((1+'App 9_Yr1 Headcount'!$F$55)^'App 8_5Yr Headcount'!P$27) -> 4220.658
B75: ='App 9_Yr1 Headcount'!C209 -> Technicians | C75: ='App 9_Yr1 Headcount'!D209 -> FT | D75: ='App 9_Yr1 Headcount'!E209 -> TechniciansFT | E75: =VLOOKUP(D75,'App 9_Yr1 Headcount'!$E$35:$G$50,3,FALSE) -> 8750 | F75: =VLOOKUP(D75,'App 9_Yr1 Headcount'!$E$204:$F$210,2,FALSE) -> 2 | G75: =F75 -> 2 | H75: 6 | I75: 6 | J75: 6 | L75: ='App 9_Yr1 Headcount'!$H106 -> 17500 | M75: =G75*$E75*((1+'App 9_Yr1 Headcount'!$F$55)^'App 8_5Yr Headcount'!M$27) -> 18025 | N75: =H75*$E75*((1+'App 9_Yr1 Headcount'!$F$55)^'App 8_5Yr Headcount'!N$27) -> 55697.25 | O75: =I75*$E75*((1+'App 9_Yr1 Headcount'!$F$55)^'App 8_5Yr Headcount'!O$27) -> 57368.168 | P75: =J75*$E75*((1+'App 9_Yr1 Headcount'!$F$55)^'App 8_5Yr Headcount'!P$27) -> 59089.213
B76: ='App 9_Yr1 Headcount'!C210 -> Others | C76: ='App 9_Yr1 Headcount'!D210 -> FT | D76: ='App 9_Yr1 Headcount'!E210 -> OthersFT | E76: =VLOOKUP(D76,'App 9_Yr1 Headcount'!$E$35:$G$50,3,FALSE) -> 1250 | F76: =VLOOKUP(D76,'App 9_Yr1 Headcount'!$E$204:$F$210,2,FALSE) -> 0 | G76: =F76 -> 0 | H76: 3 | I76: =H76 -> 3 | J76: =I76 -> 3 | L76: ='App 9_Yr1 Headcount'!$H107 -> 0 | M76: =G76*$E76*((1+'App 9_Yr1 Headcount'!$F$55)^'App 8_5Yr Headcount'!M$27) -> 0 | N76: =H76*$E76*((1+'App 9_Yr1 Headcount'!$F$55)^'App 8_5Yr Headcount'!N$27) -> 3978.375 | O76: =I76*$E76*((1+'App 9_Yr1 Headcount'!$F$55)^'App 8_5Yr Headcount'!O$27) -> 4097.7262 | P76: =J76*$E76*((1+'App 9_Yr1 Headcount'!$F$55)^'App 8_5Yr Headcount'!P$27) -> 4220.658
B77: ='App 9_Yr1 Headcount'!C211 -> Ultrasound | D77: ='App 9_Yr1 Headcount'!E211 -> 0
B78: ='App 9_Yr1 Headcount'!C212 -> Doctors | C78: ='App 9_Yr1 Headcount'!D212 -> FT | D78: ='App 9_Yr1 Headcount'!E212 -> DoctorsFT | E78: =VLOOKUP(D78,'App 9_Yr1 Headcount'!$E$35:$G$50,3,FALSE) -> 31250 | F78: =VLOOKUP(D78,'App 9_Yr1 Headcount'!$E$212:$F$216,2,FALSE) -> 1 | G78: 2 | H78: 2 | I78: 2 | J78: 2 | L78: ='App 9_Yr1 Headcount'!$H109 -> 31250 | M78: =G78*$E78*((1+'App 9_Yr1 Headcount'!$F$55)^'App 8_5Yr Headcount'!M$27) -> 64375 | N78: =H78*$E78*((1+'App 9_Yr1 Headcount'!$F$55)^'App 8_5Yr Headcount'!N$27) -> 66306.25 | O78: =I78*$E78*((1+'App 9_Yr1 Headcount'!$F$55)^'App 8_5Yr Headcount'!O$27) -> 68295.438 | P78: =J78*$E78*((1+'App 9_Yr1 Headcount'!$F$55)^'App 8_5Yr Headcount'!P$27) -> 70344.301
B79: ='App 9_Yr1 Headcount'!C213 -> Doctors | C79: ='App 9_Yr1 Headcount'!D213 -> PT | D79: ='App 9_Yr1 Headcount'!E213 -> DoctorsPT | E79: =VLOOKUP(D79,'App 9_Yr1 Headcount'!$E$35:$G$50,3,FALSE) -> 15000 | F79: =VLOOKUP(D79,'App 9_Yr1 Headcount'!$E$212:$F$216,2,FALSE) -> 1 | G79: =F79 -> 1 | H79: 3 | I79: 3 | J79: 3 | L79: ='App 9_Yr1 Headcount'!$H110 -> 15000 | M79: =G79*$E79*((1+'App 9_Yr1 Headcount'!$F$55)^'App 8_5Yr Headcount'!M$27) -> 15450 | N79: =H79*$E79*((1+'App 9_Yr1 Headcount'!$F$55)^'App 8_5Yr Headcount'!N$27) -> 47740.5 | O79: =I79*$E79*((1+'App 9_Yr1 Headcount'!$F$55)^'App 8_5Yr Headcount'!O$27) -> 49172.715 | P79: =J79*$E79*((1+'App 9_Yr1 Headcount'!$F$55)^'App 8_5Yr Headcount'!P$27) -> 50647.896
B80: ='App 9_Yr1 Headcount'!C214 -> Nurses | C80: ='App 9_Yr1 Headcount'!D214 -> FT | D80: ='App 9_Yr1 Headcount'!E214 -> NursesFT | E80: =VLOOKUP(D80,'App 9_Yr1 Headcount'!$E$35:$G$50,3,FALSE) -> 3750 | F80: =VLOOKUP(D80,'App 9_Yr1 Headcount'!$E$212:$F$216,2,FALSE) -> 3 | G80: 3 | H80: 8 | I80: =H80 -> 8 | J80: =I80 -> 8 | L80: ='App 9_Yr1 Headcount'!$H111 -> 9687.5 | M80: =G80*$E80*((1+'App 9_Yr1 Headcount'!$F$55)^'App 8_5Yr Headcount'!M$27) -> 11587.5 | N80: =H80*$E80*((1+'App 9_Yr1 Headcount'!$F$55)^'App 8_5Yr Headcount'!N$27) -> 31827 | O80: =I80*$E80*((1+'App 9_Yr1 Headcount'!$F$55)^'App 8_5Yr Headcount'!O$27) -> 32781.81 | P80: =J80*$E80*((1+'App 9_Yr1 Headcount'!$F$55)^'App 8_5Yr Headcount'!P$27) -> 33765.264
